Workbook
Name \p: #REF!
Name _?from_RON_amount_1.00: 'FX Rate'!$D$20:$F$30
Name _alw1: #REF!
Name _BUD96: [1]ST!#REF!
Name _BUD96: [1]ST!#REF!
Name _BUD96: [1]ST!#REF!
Name _BUD96: [1]ST!#REF!
Name _BUD96: [1]ST!#REF!
Name _BUD97: [1]ST!#REF!
Name _BUD97: [1]ST!#REF!
Name _BUD97: [1]ST!#REF!
Name _BUD97: [1]ST!#REF!
Name _BUD97: [1]ST!#REF!
Name _BUD98: [1]ST!#REF!
Name _BUD98: [1]ST!#REF!
Name _BUD98: [1]ST!#REF!
Name _BUD98: [1]ST!#REF!
Name _BUD98: [1]ST!#REF!
Name _BUD9901: [1]ST!#REF!
Name _BUD9901: [1]ST!#REF!
Name _BUD9901: [1]ST!#REF!
Name _BUD9901: [1]ST!#REF!
Name _BUD9901: [1]ST!#REF!
Name _SVC1: '[2]3 credite'!$B$104
Name _vbk1: #REF!
Name a: #REF!
Name access_router_decline: '[3]IPT inputs'!#REF!
Name access_router_decline: '[3]IPT inputs'!#REF!
Name access_router_decline: '[3]IPT inputs'!#REF!
Name access_router_decline: '[3]IPT inputs'!#REF!
Name access_router_decline: '[3]IPT inputs'!#REF!
Name access_router_decline2: '[3]IPV inputs'!#REF!
Name access_router_decline2: '[3]IPV inputs'!#REF!
Name access_router_decline2: '[3]IPV inputs'!#REF!
Name access_router_decline2: '[3]IPV inputs'!#REF!
Name access_router_decline2: '[3]IPV inputs'!#REF!
Name ACTUAL_08_MTH: #REF!
Name ACTUAL_08_YTD: #REF!
Name ACTUAL_09_MTH: #REF!
Name ACTUAL_09_YTD: #REF!
Name alw: #REF!
Name alwiii: #REF!
Name alwrut: 'Dinamics Ruthenus'!$B$7
Name Amounts9707: [4]TB!$AG$4:$AG$2000
Name Amounts9708: [4]TB!$AL$4:$AL$2000
Name Amounts9709: [4]TB!$AQ$4:$AQ$2000
Name Amounts9710: [4]TB!$AV$4:$AV$2000
Name Amounts9711: [4]TB!$BA$4:$BA$2000
Name Amounts9712: [4]TB!$BF$4:$BF$2000
Name Apr_Bal: [1]ST!#REF!
Name Apr_Bal: [1]ST!#REF!
Name Apr_Bal: [1]ST!#REF!
Name Apr_Bal: [1]ST!#REF!
Name Apr_Bal: [1]ST!#REF!
Name AR_2: [5]Total_3rd_party!$A$1:$H$65536
Name ASD: #REF!
Name Aug_Bal: [1]ST!#REF!
Name Aug_Bal: [1]ST!#REF!
Name Aug_Bal: [1]ST!#REF!
Name Aug_Bal: [1]ST!#REF!

Sheet FX Rate
D4: X-RATE Automatic update on web
I5: Ruthenus
D6: FX Rate | E6: Data | F6: Range
D7: USD / RON | E7: =TODAY() -> 44148 | F7: =F21 -> 4.118144
D9: FX Rate | E9: Data | F9: Range
D10: EURO / RON | E10: =TODAY() -> 44148 | F10: =F22 -> 4.870071
D12: FX Rate | E12: Data | F12: Range
D13: EUR / USD | E13: =TODAY() -> 44148 | F13: =F10/F7 -> 1.1825888
D15: FX Rate EUR/RON | E15: =SUM('FX Rate'!$F$10) -> 4.870071
D16: FX Rate USD/RON | E16: =SUM('FX Rate'!$F$7) -> 4.118144
D17: FX Rate EUR/USD | E17: ='FX Rate'!F$13 -> 1.1825888
D20: Romanian New Leu | E20: 1.00 RON | F20: inv. 1.00 RON
D21: US Dollar | E21: 0.242828 | F21: 4.118144
D22: Euro | E22: 0.205336 | F22: 4.870071
D23: British Pound | E23: 0.184593 | F23: 5.417317
D24: Indian Rupee | E24: 18.121083 | F24: 0.055184
D25: Australian Dollar | E25: 0.335233 | F25: 2.982997
D26: Canadian Dollar | E26: 0.319312 | F26: 3.131735
D27: Singapore Dollar | E27: 0.327347 | F27: 3.054865
D28: Swiss Franc | E28: 0.221826 | F28: 4.508032
D29: Malaysian Ringgit | E29: 1.001206 | F29: 0.998795
D30: Japanese Yen | E30: 25.43151 | F30: 0.039321

Sheet Farm Overhaul
M1: TOTAL RON | N1: TOTAL EURO | O1: TOTAL USD
B2: Farm Platform | M2: =SUM(G24,G47,G66,G79,G88) -> 1918804 | N2: =SUM(I24,I47,I66,I79,I88) -> 393999.18 | O2: =SUM(K24,K47,K66,K79,K88) -> 465939.02
M3: =M2*1.19 -> 2283376.8 | N3: =N2*1.19 -> 468859.03 | O3: =O2*1.19 -> 554467.44 | P3: With TVA
B5: Nr.crt | C5: Component description | D5: U/M | E5: Quantity | F5: Unit price RON | G5: TOTAL RON | H5: Unit Price EURO | I5: TOTAL EURO | J5: Unit Price USD | K5: TOTAL USD
B6: 1 | C6: Acquisition land 4.780 m2 | D6: mp. | E6: 4780 | F6: 15 | G6: =SUM(E6*F6) -> 71700 | H6: =F6/'FX Rate'!F10 -> 3.0800372 | I6: =H6*E6 -> 14722.578 | J6: =F6/'FX Rate'!F7 -> 3.6424176 | K6: =E6*J6 -> 17410.756
B7: 2 | C7: Land Deforestation | D7: mp. | E7: 4780 | F7: 2 | G7: =SUM(E7*F7) -> 9560 | H7: =F7/'FX Rate'!F10 -> 0.41067163 | I7: =H7*E7 -> 1963.0104 | J7: =F7/'FX Rate'!F7 -> 0.48565567 | K7: =E7*J7 -> 2321.4341
B8: 3 | C8: Plowed Land | D8: mp. | E8: 4780 | F8: 1.5 | G8: =SUM(E8*F8) -> 7170 | H8: =F8/'FX Rate'!F10 -> 0.30800372 | I8: =H8*E8 -> 1472.2578 | J8: =F8/'FX Rate'!F7 -> 0.36424176 | K8: =E8*J8 -> 1741.0756
B9: 4 | C9: Fence panel 250 cm x 200 cm (260 m) | D9: pcs | E9: 260 | F9: 43 | G9: =SUM(E9*F9) -> 11180 | H9: =F9/'FX Rate'!F10 -> 8.8294401 | I9: =H9*E9 -> 2295.6544 | J9: =F9/'FX Rate'!F7 -> 10.441597 | K9: =E9*J9 -> 2714.8152
B10: 5 | C10: Fence poles 300 cm | D10: pcs | E10: 110 | F10: 30 | G10: =SUM(E10*F10) -> 3300 | H10: =F10/'FX Rate'!F10 -> 6.1600745 | I10: =H10*E10 -> 677.60819 | J10: =F10/'FX Rate'!F7 -> 7.2848351 | K10: =E10*J10 -> 801.33186
B11: 6 | C11: Fence installation | D11: panel | E11: 110 | F11: 15 | G11: =SUM(E11*F11) -> 1650 | H11: =F11/'FX Rate'!F10 -> 3.0800372 | I11: =H11*E11 -> 338.8041 | J11: =F11/'FX Rate'!F7 -> 3.6424176 | K11: =E11*J11 -> 400.66593
B12: 7 | C12: Access Auto Pedestrian Gate | D12: pcs | E12: 1 | F12: 12000 | G12: =SUM(E12*F12) -> 12000 | H12: =F12/'FX Rate'!F10 -> 2464.0298 | I12: =H12*E12 -> 2464.0298 | J12: =F12/'FX Rate'!F7 -> 2913.934 | K12: =E12*J12 -> 2913.934
B13: 8 | C13: OD Lighting 125W PC AGS HG Mercur | D13: pcs | E13: 24 | F13: 181 | G13: =SUM(E13*F13) -> 4344 | H13: =F13/'FX Rate'!F10 -> 37.165783 | I13: =H13*E13 -> 891.97878 | J13: =F13/'FX Rate'!F7 -> 43.951838 | K13: =E13*J13 -> 1054.8441
B14: 9 | C14: Lighting poles 600 cm | D14: pcs | E14: 24 | F14: 70 | G14: =SUM(E14*F14) -> 1680 | H14: =F14/'FX Rate'!F10 -> 14.373507 | I14: =H14*E14 -> 344.96417 | J14: =F14/'FX Rate'!F7 -> 16.997949 | K14: =E14*J14 -> 407.95077
B15: 10 | C15: Surveillance Cameras day night | D15: pcs | E15: 8 | F15: 2500 | G15: =SUM(E15*F15) -> 20000 | H15: =F15/'FX Rate'!F10 -> 513.33954 | I15: =H15*E15 -> 4106.7163 | J15: =F15/'FX Rate'!F7 -> 607.06959 | K15: =E15*J15 -> 4856.5567
B16: 11 | C16: Surveillance poles 600 cm | D16: pcs | E16: 8 | F16: 70 | G16: =SUM(E16*F16) -> 560 | H16: =F16/'FX Rate'!F10 -> 14.373507 | I16: =H16*E16 -> 114.98806 | J16: =F16/'FX Rate'!F7 -> 16.997949 | K16: =E16*J16 -> 135.98359
B17: 12 | C17: Surveilance DVR 32 Input | D17: pcs | E17: 1 | F17: 1600 | G17: =SUM(E17*F17) -> 1600 | H17: =F17/'FX Rate'!F10 -> 328.5373 | I17: =H17*E17 -> 328.5373 | J17: =F17/'FX Rate'!F7 -> 388.52454 | K17: =E17*J17 -> 388.52454
B18: 13 | C18: Administrativ office container auto | D18: pcs | E18: 4 | F18: 27000 | G18: =SUM(E18*F18) -> 108000 | H18: =F18/'FX Rate'!F10 -> 5544.067 | I18: =H18*E18 -> 22176.268 | J18: =F18/'FX Rate'!F7 -> 6556.3516 | K18: =E18*J18 -> 26225.406
B19: 14 | C19: Power Generator 16 KVA | D19: unit | E19: 1 | F19: 28188 | G19: =SUM(E19*F19) -> 28188 | H19: =F19/'FX Rate'!F10 -> 5788.006 | I19: =H19*E19 -> 5788.006 | J19: =F19/'FX Rate'!F7 -> 6844.8311 | K19: =E19*J19 -> 6844.8311
B20: 15 | C20: Diesel Tank | D20: unit | E20: 1 | F20: 5000 | G20: =SUM(E20*F20) -> 5000 | H20: =F20/'FX Rate'!F10 -> 1026.6791 | I20: =H20*E20 -> 1026.6791 | J20: =F20/'FX Rate'!F7 -> 1214.1392 | K20: =E20*J20 -> 1214.1392
B21: 16 | C21: Acces Way | D21: m2 | E21: 280 | F21: 100 | G21: =SUM(E21*F21) -> 28000 | H21: =F21/'FX Rate'!F10 -> 20.533582 | I21: =H21*E21 -> 5749.4028 | J21: =F21/'FX Rate'!F7 -> 24.282784 | K21: =E21*J21 -> 6799.1794
B22: 17 | C22: Dig wels 110 ml | D22: ml | E22: 110 | F22: 500 | G22: =SUM(E22*F22) -> 55000 | H22: =F22/'FX Rate'!F10 -> 102.66791 | I22: =H22*E22 -> 11293.47 | J22: =F22/'FX Rate'!F7 -> 121.41392 | K22: =E22*J22 -> 13355.531
B23: 18 | C23: Water Wells Equipped 110 ml | D23: unit | E23: 1 | F23: 50000 | G23: =SUM(E23*F23) -> 50000 | H23: =F23/'FX Rate'!F10 -> 10266.791 | I23: =H23*E23 -> 10266.791 | J23: =F23/'FX Rate'!F7 -> 12141.392 | K23: =E23*J23 -> 12141.392
C24: SUBTOTAL | F24: RON | G24: =SUM(G6:G23) -> 418932 | H24: EUR | I24: =SUM(I6:I23) -> 86021.744 | J24: USD | K24: =SUM(K6:K23) -> 101728.35
C25: SUBTOTAL with VAT | D25: 0.19 | F25: RON | G25: =G24*1.19 -> 498529.08 | H25: EUR | I25: =I24*1.19 -> 102365.88 | J25: USD | K25: =K24*1.19 -> 121056.74
B27: Reproduction & Aquaponics Unit
B29: Nr.crt | C29: Component description | D29: U/M | E29: Quantity | F29: Unit price RON | G29: TOTAL RON | H29: Unit Price EURO | I29: TOTAL EURO | J29: Unit Price USD | K29: TOTAL USD
B30: 1 | C30: Hall sandwich 10 cm isulation | D30: m2 | E30: 500 | F30: 80 | G30: =SUM(E30*F30) -> 40000 | H30: =F30/'FX Rate'!F10 -> 16.426865 | I30: =H30*E30 -> 8213.4326 | J30: =F30/'FX Rate'!F7 -> 19.426227 | K30: =E30*J30 -> 9713.1135
B31: 2 | C31: Cement floor | D31: m2 | E31: 680 | F31: 17 | G31: =SUM(E31*F31) -> 11560 | H31: =F31/'FX Rate'!F10 -> 3.4907089 | I31: =H31*E31 -> 2373.682 | J31: =F31/'FX Rate'!F7 -> 4.1280732 | K31: =E31*J31 -> 2807.0898
B32: 3 | C32: Incubatoare Weis | D32: pcs | E32: 16 | F32: 800 | G32: =SUM(E32*F32) -> 12800 | H32: =F32/'FX Rate'!F10 -> 164.26865 | I32: =H32*E32 -> 2628.2984 | J32: =F32/'FX Rate'!F7 -> 194.26227 | K32: =E32*J32 -> 3108.1963
B33: 4 | C33: Basins for fish breeding | D33: pcs | E33: 16 | F33: 2800 | G33: =SUM(E33*F33) -> 44800 | H33: =F33/'FX Rate'!F10 -> 574.94028 | I33: =H33*E33 -> 9199.0445 | J33: =F33/'FX Rate'!F7 -> 679.91794 | K33: =E33*J33 -> 10878.687
B34: 5 | C34: Recirculate Pomp | D34: pcs | E34: 16 | F34: 1200 | G34: =SUM(E34*F34) -> 19200 | H34: =F34/'FX Rate'!F10 -> 246.40298 | I34: =H34*E34 -> 3942.4477 | J34: =F34/'FX Rate'!F7 -> 291.3934 | K34: =E34*J34 -> 4662.2945
B35: 6 | C35: Filter Mechanical | D35: pcs | E35: 16 | F35: 7000 | G35: =SUM(E35*F35) -> 112000 | H35: =F35/'FX Rate'!F10 -> 1437.3507 | I35: =H35*E35 -> 22997.611 | J35: =F35/'FX Rate'!F7 -> 1699.7949 | K35: =E35*J35 -> 27196.718
B36: 7 | C36: Basin for Pregrowing + Growing | D36: pcs | E36: 21 | F36: 5000 | G36: =SUM(E36*F36) -> 105000 | H36: =F36/'FX Rate'!F10 -> 1026.6791 | I36: =H36*E36 -> 21560.261 | J36: =F36/'FX Rate'!F7 -> 1214.1392 | K36: =E36*J36 -> 25496.923
B37: 8 | C37: Mechanical & Biofilter Zeolites | D37: pcs | E37: 21 | F37: 15115 | G37: =SUM(E37*F37) -> 317415 | H37: =F37/'FX Rate'!F10 -> 3103.6509 | I37: =H37*E37 -> 65176.668 | J37: =F37/'FX Rate'!F7 -> 3670.3428 | K37: =E37*J37 -> 77077.198
B38: 9 | C38: Air conditioner storehouse of food 12000BTU/h, | D38: unit | E38: 6 | F38: 2210 | G38: =SUM(E38*F38) -> 13260 | H38: =F38/'FX Rate'!F10 -> 453.79215 | I38: =H38*E38 -> 2722.7529 | J38: =F38/'FX Rate'!F7 -> 536.64952 | K38: =E38*J38 -> 3219.8971
B39: 10 | C39: UV system | D39: pcs | E39: 21 | F39: 2700 | G39: =SUM(E39*F39) -> 56700 | H39: =F39/'FX Rate'!F10 -> 554.4067 | I39: =H39*E39 -> 11642.541 | J39: =F39/'FX Rate'!F7 -> 655.63516 | K39: =E39*J39 -> 13768.338
B40: 11 | C40: Fish feeding Robot | D40: kit | E40: 1 | F40: 70463 | G40: =SUM(E40*F40) -> 70463 | H40: =F40/'FX Rate'!F10 -> 14468.578 | I40: =H40*E40 -> 14468.578 | J40: =F40/'FX Rate'!F7 -> 17110.378 | K40: =E40*J40 -> 17110.378
B41: 12 | C41: Oxigen Generator Grow Beds | D41: buc | E41: 1 | F41: 25000 | G41: =SUM(E41*F41) -> 25000 | H41: =F41/'FX Rate'!F10 -> 5133.3954 | I41: =H41*E41 -> 5133.3954 | J41: =F41/'FX Rate'!F7 -> 6070.6959 | K41: =E41*J41 -> 6070.6959
B42: 13 | C42: Oxygenating Tank Water | D42: buc | E42: 1 | F42: 22450 | G42: =SUM(E42*F42) -> 22450 | H42: =F42/'FX Rate'!F10 -> 4609.7891 | I42: =H42*E42 -> 4609.7891 | J42: =F42/'FX Rate'!F7 -> 5451.4849 | K42: =E42*J42 -> 5451.4849
B43: 14 | C43: Automation Module Senzor DO, pH, Temp. | D43: buc | E43: 21 | F43: 1249 | G43: =SUM(E43*F43) -> 26229 | H43: =F43/'FX Rate'!F10 -> 256.46443 | I43: =H43*E43 -> 5385.7531 | J43: =F43/'FX Rate'!F7 -> 303.29197 | K43: =E43*J43 -> 6369.1313
B44: 15 | C44: Electric and Automation Panel | D44: buc | E44: 2 | F44: 16000 | G44: =SUM(E44*F44) -> 32000 | H44: =F44/'FX Rate'!F10 -> 3285.373 | I44: =H44*E44 -> 6570.7461 | J44: =F44/'FX Rate'!F7 -> 3885.2454 | K44: =E44*J44 -> 7770.4908
B45: 16 | C45: GreenHouse 500 m2 | D45: buc | E45: 2 | F45: 120000 | G45: =SUM(E45*F45) -> 240000 | H45: =F45/'FX Rate'!F10 -> 24640.298 | I45: =H45*E45 -> 49280.596 | J45: =F45/'FX Rate'!F7 -> 29139.34 | K45: =E45*J45 -> 58278.681
B46: 17 | C46: Growth Beds for vegetable 400 mp | D46: buc | E46: 2 | F46: 110000 | G46: =SUM(E46*F46) -> 220000 | H46: =F46/'FX Rate'!F10 -> 22586.94 | I46: =H46*E46 -> 45173.879 | J46: =F46/'FX Rate'!F7 -> 26711.062 | K46: =E46*J46 -> 53422.124
C47: SUBTOTAL | F47: RON | G47: =SUM(G30:G46) -> 1368877 | H47: EUR | I47: =SUM(I30:I46) -> 281079.48 | J47: USD | K47: =SUM(K30:K46) -> 332401.44
C48: SUBTOTAL with VAT | D48: 0.19 | F48: RON | G48: =G47*1.19 -> 1628963.6 | H48: EUR | I48: =I47*1.19 -> 334484.58 | J48: USD | K48: =K47*1.19 -> 395557.71
B50: Lab equipment
B52: Nr.crt | C52: Component description | D52: U/M | E52: Quantity | F52: Unit price RON | G52: TOTAL RON | H52: Unit Price EURO | I52: TOTAL EURO | J52: Unit Price USD | K52: TOTAL USD
B53: 1 | C53: Desk | D53: pcs | E53: 2 | F53: 800 | G53: =SUM(E53*F53) -> 1600 | H53: =F53/'FX Rate'!E15 -> 164.26865 | I53: =H53*E53 -> 328.5373 | J53: =H53*'FX Rate'!E17 -> 194.26227 | K53: =E53*J53 -> 388.52454
B54: 2 | C54: Chair | D54: pcs | E54: 2 | F54: 650 | G54: =SUM(E54*F54) -> 1300 | H54: =F54/'FX Rate'!E15 -> 133.46828 | I54: =H54*E54 -> 266.93656 | J54: =H54*'FX Rate'!E17 -> 157.83809 | K54: =E54*J54 -> 315.67619
B55: 3 | C55: Cupboard | D55: pcs | E55: 2 | F55: 800 | G55: =SUM(E55*F55) -> 1600 | H55: =F55/'FX Rate'!E15 -> 164.26865 | I55: =H55*E55 -> 328.5373 | J55: =H55*'FX Rate'!E17 -> 194.26227 | K55: =E55*J55 -> 388.52454
B56: 4 | C56: Spectrometer DR 3900 Hach Lange | D56: kit | E56: 1 | F56: 13265 | G56: =SUM(E56*F56) -> 13265 | H56: =F56/'FX Rate'!E15 -> 2723.7796 | I56: =H56*E56 -> 2723.7796 | J56: =H56*'FX Rate'!E17 -> 3221.1113 | K56: =E56*J56 -> 3221.1113
B57: 5 | C57: Incubator microbiology EVX131 | D57: unit | E57: 1 | F57: 986 | G57: =SUM(E57*F57) -> 986 | H57: =F57/'FX Rate'!E15 -> 202.46111 | I57: =H57*E57 -> 202.46111 | J57: =H57*'FX Rate'!E17 -> 239.42825 | K57: =E57*J57 -> 239.42825
B58: 6 | C58: Multimeter HQ40d, pH, DIS.OXYGEN PROBE | D58: unit | E58: 6 | F58: 5490 | G58: =SUM(E58*F58) -> 32940 | H58: =F58/'FX Rate'!E15 -> 1127.2936 | I58: =H58*E58 -> 6763.7618 | J58: =H58*'FX Rate'!E17 -> 1333.1248 | K58: =E58*J58 -> 7998.749
B59: 7 | C59: BOD Direct Respirometric BOD Apparatus | D59: unit | E59: 1 | F59: 5848 | G59: =SUM(E59*F59) -> 5848 | H59: =F59/'FX Rate'!E15 -> 1200.8038 | I59: =H59*E59 -> 1200.8038 | J59: =H59*'FX Rate'!E17 -> 1420.0572 | K59: =E59*J59 -> 1420.0572
B60: 8 | C60: BOD Direct Standard door incubator | D60: unit | E60: 1 | F60: 4040 | G60: =SUM(E60*F60) -> 4040 | H60: =F60/'FX Rate'!E15 -> 829.55669 | I60: =H60*E60 -> 829.55669 | J60: =H60*'FX Rate'!E17 -> 981.02446 | K60: =E60*J60 -> 981.02446
B61: 9 | C61: Thermostat LT200 COD Apparatus | D61: unit | E61: 1 | F61: 5848 | G61: =SUM(E61*F61) -> 5848 | H61: =F61/'FX Rate'!E15 -> 1200.8038 | I61: =H61*E61 -> 1200.8038 | J61: =H61*'FX Rate'!E17 -> 1420.0572 | K61: =E61*J61 -> 1420.0572
B62: 10 | C62: Refrigerator 200 l | D62: unit | E62: 2 | F62: 3600 | G62: =SUM(E62*F62) -> 7200 | H62: =F62/'FX Rate'!E15 -> 739.20894 | I62: =H62*E62 -> 1478.4179 | J62: =H62*'FX Rate'!E17 -> 874.18021 | K62: =E62*J62 -> 1748.3604
B63: 11 | C63: PC workstation | D63: unit | E63: 1 | F63: 5000 | G63: =SUM(E63*F63) -> 5000 | H63: =F63/'FX Rate'!E15 -> 1026.6791 | I63: =H63*E63 -> 1026.6791 | J63: =H63*'FX Rate'!E17 -> 1214.1392 | K63: =E63*J63 -> 1214.1392
B64: 12 | C64: Printer | D64: unit | E64: 1 | F64: 1500 | G64: =SUM(E64*F64) -> 1500 | H64: =F64/'FX Rate'!E15 -> 308.00372 | I64: =H64*E64 -> 308.00372 | J64: =H64*'FX Rate'!E17 -> 364.24176 | K64: =E64*J64 -> 364.24176
B65: 13 | C65: Microscope | D65: unit | E65: 2 | F65: 10000 | G65: =SUM(E65*F65) -> 20000 | H65: =F65/'FX Rate'!E15 -> 2053.3582 | I65: =H65*E65 -> 4106.7163 | J65: =H65*'FX Rate'!E17 -> 2428.2784 | K65: =E65*J65 -> 4856.5567
C66: SUBTOTAL | F66: RON | G66: =SUM(G53:G65) -> 101127 | H66: EUR | I66: =SUM(I53:I65) -> 20764.995 | J66: USD | K66: =SUM(K53:K65) -> 24556.451
C67: SUBTOTAL with VAT | D67: 0.19 | G67: =G66*1.24 -> 125397.48 | I67: =I66*1.24 -> 25748.594 | K67: =K66*1.24 -> 30449.999
B69: Control Room
B72: Nr.crt | C72: Component description | D72: U/M | E72: Quantity | F72: Unit price RON | G72: TOTAL RON | H72: Unit Price EURO | I72: TOTAL EURO | J72: Unit Price USD | K72: TOTAL USD
B73: 1 | C73: Desk | D73: pcs | E73: 2 | F73: 1000 | G73: =SUM(E73*F73) -> 2000 | H73: =F73/'FX Rate'!F10 -> 205.33582 | I73: =H73*E73 -> 410.67163 | J73: =F73/'FX Rate'!F7 -> 242.82784 | K73: =E73*J73 -> 485.65567
B74: 2 | C74: Chair | D74: pcs | E74: 2 | F74: 1000 | G74: =SUM(E74*F74) -> 2000 | H74: =F74/'FX Rate'!F10 -> 205.33582 | I74: =H74*E74 -> 410.67163 | J74: =F74/'FX Rate'!F7 -> 242.82784 | K74: =E74*J74 -> 485.65567
B75: 3 | C75: Cupboard | D75: pcs | E75: 2 | F75: 500 | G75: =SUM(E75*F75) -> 1000 | H75: =F75/'FX Rate'!F10 -> 102.66791 | I75: =H75*E75 -> 205.33582 | J75: =F75/'FX Rate'!F7 -> 121.41392 | K75: =E75*J75 -> 242.82784
B76: 4 | C76: Monitors 32" | D76: pcs | E76: 4 | F76: 1500 | G76: =SUM(E76*F76) -> 6000 | H76: =F76/'FX Rate'!F10 -> 308.00372 | I76: =H76*E76 -> 1232.0149 | J76: =F76/'FX Rate'!F7 -> 364.24176 | K76: =E76*J76 -> 1456.967
B77: 5 | C77: PMR Walkie Talkie | D77: pcs | E77: 6 | F77: 100 | G77: =SUM(E77*F77) -> 600 | H77: =F77/'FX Rate'!F10 -> 20.533582 | I77: =H77*E77 -> 123.20149 | J77: =F77/'FX Rate'!F7 -> 24.282784 | K77: =E77*J77 -> 145.6967
B78: 8 | C78: Main processor server | D78: pcs | E78: 2 | F78: 3474 | G78: =SUM(E78*F78) -> 6948 | H78: =F78/'FX Rate'!F10 -> 713.33662 | I78: =H78*E78 -> 1426.6732 | J78: =F78/'FX Rate'!F7 -> 843.58391 | K78: =E78*J78 -> 1687.1678
C79: SUBTOTAL | F79: RON | G79: =SUM(G73:G78) -> 18548 | H79: EUR | I79: =SUM(I73:I78) -> 3808.5687 | J79: USD | K79: =SUM(K73:K78) -> 4503.9707
C80: SUBTOTAL with VAT | D80: 0.24 | G80: =G79*1.19 -> 22072.12 | I80: =I79*1.19 -> 4532.1968 | K80: =K79*1.19 -> 5359.7252
B82: IT Infrastructure
B85: Nr.crt | C85: Component description | D85: U/M | E85: Quantity | F85: Unit price RON | G85: TOTAL RON | H85: Unit Price EURO | I85: TOTAL EURO | J85: Unit Price USD | K85: TOTAL USD
B86: 1 | C86: Server | D86: pcs | E86: 2 | F86: 3500 | G86: =SUM(E86*F86) -> 7000 | H86: =F86/'FX Rate'!F10 -> 718.67535 | I86: =H86*E86 -> 1437.3507 | J86: =F86/'FX Rate'!F7 -> 849.89743 | K86: =E86*J86 -> 1699.7949
B87: 2 | C87: Wireless network | D87: pcs | E87: 8 | F87: 540 | G87: =SUM(E87*F87) -> 4320 | H87: =F87/'FX Rate'!F10 -> 110.88134 | I87: =H87*E87 -> 887.05072 | J87: =F87/'FX Rate'!F7 -> 131.12703 | K87: =E87*J87 -> 1049.0163
C88: SUBTOTAL | F88: RON | G88: =SUM(G86:G87) -> 11320 | H88: EUR | I88: =SUM(I86:I87) -> 2324.4014 | J88: USD | K88: =SUM(K86:K87) -> 2748.8111
C89: SUBTOTAL with VAT | D89: 0.19 | G89: =G88*1.19 -> 13470.8 | I89: =I88*1.19 -> 2766.0377 | K89: =K88*1.19 -> 3271.0852

Sheet Power util.
B3: Power Consumption | I3: FY1 | J3: 2017 | M3: FY2 | N3: 2018 | Q3: FY3 | R3: 2019 | U3: FY4 | V3: 2020 | Y3: FY5 | Z3: 2021 | AC3: FY6 | AD3: 2022 | AG3: FY7 | AH3: 2023 | AK3: FY8 | AL3: 2024 | AO3: FY9 | AP3: 2025 | AS3: FY10 | AT3: 2026 | AW3: FY11 | AX3: 2027 | BA3: FY12 | BB3: 2028 | BE3: FY13 | BF3: 2029 | BI3: FY14 | BJ3: 2030 | BM3: FY15 | BN3: 2031
B4: Nr.crt | C4: Domain component | D4: Component description | E4: Power/unit Kw | F4: Nr. of unit | G4: % Function | H4: Consum / Q | I4: Q1 | J4: Q2 | K4: Q3 | L4: Q4 | M4: Q1 | N4: Q2 | O4: Q3 | P4: Q4 | Q4: Q1 | R4: Q2 | S4: Q3 | T4: Q4 | U4: Q1 | V4: Q2 | W4: Q3 | X4: Q4 | Y4: Q1 | Z4: Q2 | AA4: Q3 | AB4: Q4 | AC4: Q1 | AD4: Q2 | AE4: Q3 | AF4: Q4 | AG4: Q1 | AH4: Q2 | AI4: Q3 | AJ4: Q4 | AK4: Q1 | AL4: Q2 | AM4: Q3 | AN4: Q4 | AO4: Q1 | AP4: Q2 | AQ4: Q3 | AR4: Q4 | AS4: Q1 | AT4: Q2 | AU4: Q3 | AV4: Q4 | AW4: Q1 | AX4: Q2 | AY4: Q3 | AZ4: Q4 | BA4: Q1 | BB4: Q2 | BC4: Q3 | BD4: Q4 | BE4: Q1 | BF4: Q2 | BG4: Q3 | BH4: Q4 | BI4: Q1 | BJ4: Q2 | BK4: Q3 | BL4: Q4 | BM4: Q1 | BN4: Q2 | BO4: Q3 | BP4: Q4
B5: 1 | C5: ='Farm Overhaul'!B2 -> Farm Platform | D5: ='Farm Overhaul'!C13 -> OD Lighting 125W PC AGS HG Mercur | E5: 0.125 | F5: ='Farm Overhaul'!E13 -> 24 | G5: 0.1 | H5: =E5*F5/100*G5*24*90 -> 6.48 | I5: 1 | L5: 0.3 | M5: 1 | P5: 0.3 | Q5: 1 | T5: 0.3 | U5: 1 | X5: 0.3 | Y5: 1 | AB5: 0.3 | AC5: 1 | AF5: 0.3 | AG5: 1 | AJ5: 0.3 | AK5: 1 | AN5: 0.3 | AO5: 1 | AR5: 0.3 | AS5: 1 | AV5: 0.3 | AW5: 1 | AZ5: 0.3 | BA5: 1 | BD5: 0.3 | BE5: 1 | BH5: 0.3 | BI5: 1 | BL5: 0.3 | BM5: 1 | BP5: 0.3
B6: 2 | D6: ='Farm Overhaul'!C15 -> Surveillance Cameras day night | E6: 0.005 | F6: ='Farm Overhaul'!E15 -> 8 | G6: 100 | H6: =E6*F6/100*G6*24*90 -> 86.4 | I6: 1 | L6: 0.3 | M6: 1 | P6: 0.3 | Q6: 1 | T6: 0.3 | U6: 1 | X6: 0.3 | Y6: 1 | AB6: 0.3 | AC6: 1 | AF6: 0.3 | AG6: 1 | AJ6: 0.3 | AK6: 1 | AN6: 0.3 | AO6: 1 | AR6: 0.3 | AS6: 1 | AV6: 0.3 | AW6: 1 | AZ6: 0.3 | BA6: 1 | BD6: 0.3 | BE6: 1 | BH6: 0.3 | BI6: 1 | BL6: 0.3 | BM6: 1 | BP6: 0.3
B7: 3 | D7: ='Farm Overhaul'!C17 -> Surveilance DVR 32 Input | E7: 1.1 | F7: ='Farm Overhaul'!E17 -> 1 | G7: 5 | H7: =E7*F7/100*G7*24*90 -> 118.8 | I7: 1 | L7: 0.3 | M7: 1 | P7: 0.3 | Q7: 1 | T7: 0.3 | U7: 1 | X7: 0.3 | Y7: 1 | AB7: 0.3 | AC7: 1 | AF7: 0.3 | AG7: 1 | AJ7: 0.3 | AK7: 1 | AN7: 0.3 | AO7: 1 | AR7: 0.3 | AS7: 1 | AV7: 0.3 | AW7: 1 | AZ7: 0.3 | BA7: 1 | BD7: 0.3 | BE7: 1 | BH7: 0.3 | BI7: 1 | BL7: 0.3 | BM7: 1 | BP7: 0.3
B8: 4 | C8: Reproduction Farm Unit | D8: ='Farm Overhaul'!C34 -> Recirculate Pomp | E8: 0.3 | F8: 14 | G8: 100 | H8: =E8*F8/100*G8*24*90 -> 9072 | I8: 1 | L8: 0.3 | M8: 1 | P8: 0.3 | Q8: 1 | T8: 0.3 | U8: 1 | X8: 0.3 | Y8: 1 | AB8: 0.3 | AC8: 1 | AF8: 0.3 | AG8: 1 | AJ8: 0.3 | AK8: 1 | AN8: 0.3 | AO8: 1 | AR8: 0.3 | AS8: 1 | AV8: 0.3 | AW8: 1 | AZ8: 0.3 | BA8: 1 | BD8: 0.3 | BE8: 1 | BH8: 0.3 | BI8: 1 | BL8: 0.3 | BM8: 1 | BP8: 0.3
B9: 5 | D9: ='Farm Overhaul'!C35 -> Filter Mechanical | E9: 0.5 | F9: 14 | G9: 4 | H9: =E9*F9/100*G9*24*90 -> 604.8 | I9: 1 | L9: 0.3 | M9: 1 | P9: 0.3 | Q9: 1 | T9: 0.3 | U9: 1 | X9: 0.3 | Y9: 1 | AB9: 0.3 | AC9: 1 | AF9: 0.3 | AG9: 1 | AJ9: 0.3 | AK9: 1 | AN9: 0.3 | AO9: 1 | AR9: 0.3 | AS9: 1 | AV9: 0.3 | AW9: 1 | AZ9: 0.3 | BA9: 1 | BD9: 0.3 | BE9: 1 | BH9: 0.3 | BI9: 1 | BL9: 0.3 | BM9: 1 | BP9: 0.3
B10: 6 | D10: ='Farm Overhaul'!C37 -> Mechanical & Biofilter Zeolites | E10: 1.3 | F10: 21 | G10: 100 | H10: =E10*F10/100*G10*24*90 -> 58968 | I10: 1 | L10: 0.3 | M10: 1 | P10: 0.3 | Q10: 1 | T10: 0.3 | U10: 1 | X10: 0.3 | Y10: 1 | AB10: 0.3 | AC10: 1 | AF10: 0.3 | AG10: 1 | AJ10: 0.3 | AK10: 1 | AN10: 0.3 | AO10: 1 | AR10: 0.3 | AS10: 1 | AV10: 0.3 | AW10: 1 | AZ10: 0.3 | BA10: 1 | BD10: 0.3 | BE10: 1 | BH10: 0.3 | BI10: 1 | BL10: 0.3 | BM10: 1 | BP10: 0.3
B11: 7 | D11: ='Farm Overhaul'!C38 -> Air conditioner storehouse of food 12000BTU/h, | E11: 2.0 | F11: 6 | G11: 10 | H11: =E11*F11/100*G11*24*90 -> 2592 | I11: 1 | L11: 0.3 | M11: 1 | P11: 0.3 | Q11: 1 | T11: 0.3 | U11: 1 | X11: 0.3 | Y11: 1 | AB11: 0.3 | AC11: 1 | AF11: 0.3 | AG11: 1 | AJ11: 0.3 | AK11: 1 | AN11: 0.3 | AO11: 1 | AR11: 0.3 | AS11: 1 | AV11: 0.3 | AW11: 1 | AZ11: 0.3 | BA11: 1 | BD11: 0.3 | BE11: 1 | BH11: 0.3 | BI11: 1 | BL11: 0.3 | BM11: 1 | BP11: 0.3
B12: 8 | D12: ='Farm Overhaul'!C39 -> UV system | E12: 0.500 | F12: 14 | G12: 100 | H12: =E12*F12/100*G12*24*90 -> 15120 | I12: 1 | L12: 0.3 | M12: 1 | P12: 0.3 | Q12: 1 | T12: 0.3 | U12: 1 | X12: 0.3 | Y12: 1 | AB12: 0.3 | AC12: 1 | AF12: 0.3 | AG12: 1 | AJ12: 0.3 | AK12: 1 | AN12: 0.3 | AO12: 1 | AR12: 0.3 | AS12: 1 | AV12: 0.3 | AW12: 1 | AZ12: 0.3 | BA12: 1 | BD12: 0.3 | BE12: 1 | BH12: 0.3 | BI12: 1 | BL12: 0.3 | BM12: 1 | BP12: 0.3
B13: 9 | D13: ='Farm Overhaul'!C40 -> Fish feeding Robot | E13: 1.5 | F13: ='Farm Overhaul'!E40 -> 1 | G13: 0.1 | H13: =E13*F13/100*G13*24*90 -> 3.24 | I13: 1 | L13: 0.3 | M13: 1 | P13: 0.3 | Q13: 1 | T13: 0.3 | U13: 1 | X13: 0.3 | Y13: 1 | AB13: 0.3 | AC13: 1 | AF13: 0.3 | AG13: 1 | AJ13: 0.3 | AK13: 1 | AN13: 0.3 | AO13: 1 | AR13: 0.3 | AS13: 1 | AV13: 0.3 | AW13: 1 | AZ13: 0.3 | BA13: 1 | BD13: 0.3 | BE13: 1 | BH13: 0.3 | BI13: 1 | BL13: 0.3 | BM13: 1 | BP13: 0.3
B14: 10 | D14: ='Farm Overhaul'!C41 -> Oxigen Generator Grow Beds | E14: 3 | F14: ='Farm Overhaul'!E41 -> 1 | G14: 0.01 | H14: =E14*F14/100*G14*24*90 -> 0.648 | I14: 1 | L14: 0.3 | M14: 1 | P14: 0.3 | Q14: 1 | T14: 0.3 | U14: 1 | X14: 0.3 | Y14: 1 | AB14: 0.3 | AC14: 1 | AF14: 0.3 | AG14: 1 | AJ14: 0.3 | AK14: 1 | AN14: 0.3 | AO14: 1 | AR14: 0.3 | AS14: 1 | AV14: 0.3 | AW14: 1 | AZ14: 0.3 | BA14: 1 | BD14: 0.3 | BE14: 1 | BH14: 0.3 | BI14: 1 | BL14: 0.3 | BM14: 1 | BP14: 0.3
B15: 11 | D15: ='Farm Overhaul'!C42 -> Oxygenating Tank Water | E15: 6 | F15: 4 | G15: 0.01 | H15: =E15*F15/100*G15*24*90 -> 5.184 | I15: 1 | L15: 0.3 | M15: 1 | P15: 0.3 | Q15: 1 | T15: 0.3 | U15: 1 | X15: 0.3 | Y15: 1 | AB15: 0.3 | AC15: 1 | AF15: 0.3 | AG15: 1 | AJ15: 0.3 | AK15: 1 | AN15: 0.3 | AO15: 1 | AR15: 0.3 | AS15: 1 | AV15: 0.3 | AW15: 1 | AZ15: 0.3 | BA15: 1 | BD15: 0.3 | BE15: 1 | BH15: 0.3 | BI15: 1 | BL15: 0.3 | BM15: 1 | BP15: 0.3
B16: 12 | D16: ='Farm Overhaul'!C43 -> Automation Module Senzor DO, pH, Temp. | E16: 0.01 | F16: 21 | G16: 100 | H16: =E16*F16/100*G16*24*90 -> 453.6 | I16: 1 | L16: 0.3 | M16: 1 | P16: 0.3 | Q16: 1 | T16: 0.3 | U16: 1 | X16: 0.3 | Y16: 1 | AB16: 0.3 | AC16: 1 | AF16: 0.3 | AG16: 1 | AJ16: 0.3 | AK16: 1 | AN16: 0.3 | AO16: 1 | AR16: 0.3 | AS16: 1 | AV16: 0.3 | AW16: 1 | AZ16: 0.3 | BA16: 1 | BD16: 0.3 | BE16: 1 | BH16: 0.3 | BI16: 1 | BL16: 0.3 | BM16: 1 | BP16: 0.3
B17: 13 | C17: ='Farm Overhaul'!B50 -> Lab equipment | D17: ='Farm Overhaul'!C56 -> Spectrometer DR 3900 Hach Lange | E17: 0.005 | F17: ='Farm Overhaul'!E56 -> 1 | G17: 0.01 | H17: =E17*F17/100*G17*24*90 -> 0.00108 | I17: 1 | L17: 0.3 | M17: 1 | P17: 0.3 | Q17: 1 | T17: 0.3 | U17: 1 | X17: 0.3 | Y17: 1 | AB17: 0.3 | AC17: 1 | AF17: 0.3 | AG17: 1 | AJ17: 0.3 | AK17: 1 | AN17: 0.3 | AO17: 1 | AR17: 0.3 | AS17: 1 | AV17: 0.3 | AW17: 1 | AZ17: 0.3 | BA17: 1 | BD17: 0.3 | BE17: 1 | BH17: 0.3 | BI17: 1 | BL17: 0.3 | BM17: 1 | BP17: 0.3
B18: 14 | D18: ='Farm Overhaul'!C57 -> Incubator microbiology EVX131 | E18: 1 | F18: ='Farm Overhaul'!E57 -> 1 | G18: 0.01 | H18: =E18*F18/100*G18*24*90 -> 0.216 | I18: 1 | L18: 0.3 | M18: 1 | P18: 0.3 | Q18: 1 | T18: 0.3 | U18: 1 | X18: 0.3 | Y18: 1 | AB18: 0.3 | AC18: 1 | AF18: 0.3 | AG18: 1 | AJ18: 0.3 | AK18: 1 | AN18: 0.3 | AO18: 1 | AR18: 0.3 | AS18: 1 | AV18: 0.3 | AW18: 1 | AZ18: 0.3 | BA18: 1 | BD18: 0.3 | BE18: 1 | BH18: 0.3 | BI18: 1 | BL18: 0.3 | BM18: 1 | BP18: 0.3
B19: 15 | D19: ='Farm Overhaul'!C59 -> BOD Direct Respirometric BOD Apparatus | E19: 0.2 | F19: ='Farm Overhaul'!E59 -> 1 | G19: 0.01 | H19: =E19*F19/100*G19*24*90 -> 0.0432 | I19: 1 | L19: 0.3 | M19: 1 | P19: 0.3 | Q19: 1 | T19: 0.3 | U19: 1 | X19: 0.3 | Y19: 1 | AB19: 0.3 | AC19: 1 | AF19: 0.3 | AG19: 1 | AJ19: 0.3 | AK19: 1 | AN19: 0.3 | AO19: 1 | AR19: 0.3 | AS19: 1 | AV19: 0.3 | AW19: 1 | AZ19: 0.3 | BA19: 1 | BD19: 0.3 | BE19: 1 | BH19: 0.3 | BI19: 1 | BL19: 0.3 | BM19: 1 | BP19: 0.3
B20: 16 | D20: ='Farm Overhaul'!C61 -> Thermostat LT200 COD Apparatus | E20: 0.45 | F20: ='Farm Overhaul'!E61 -> 1 | G20: 0.01 | H20: =E20*F20/100*G20*24*90 -> 0.0972 | I20: 1 | L20: 0.3 | M20: 1 | P20: 0.3 | Q20: 1 | T20: 0.3 | U20: 1 | X20: 0.3 | Y20: 1 | AB20: 0.3 | AC20: 1 | AF20: 0.3 | AG20: 1 | AJ20: 0.3 | AK20: 1 | AN20: 0.3 | AO20: 1 | AR20: 0.3 | AS20: 1 | AV20: 0.3 | AW20: 1 | AZ20: 0.3 | BA20: 1 | BD20: 0.3 | BE20: 1 | BH20: 0.3 | BI20: 1 | BL20: 0.3 | BM20: 1 | BP20: 0.3
B21: 17 | D21: ='Farm Overhaul'!C62 -> Refrigerator 200 l | E21: 0.4 | F21: ='Farm Overhaul'!E62 -> 2 | G21: 100 | H21: =E21*F21/100*G21*24*90 -> 1728 | I21: 1 | L21: 0.3 | M21: 1 | P21: 0.3 | Q21: 1 | T21: 0.3 | U21: 1 | X21: 0.3 | Y21: 1 | AB21: 0.3 | AC21: 1 | AF21: 0.3 | AG21: 1 | AJ21: 0.3 | AK21: 1 | AN21: 0.3 | AO21: 1 | AR21: 0.3 | AS21: 1 | AV21: 0.3 | AW21: 1 | AZ21: 0.3 | BA21: 1 | BD21: 0.3 | BE21: 1 | BH21: 0.3 | BI21: 1 | BL21: 0.3 | BM21: 1 | BP21: 0.3
B22: 19 | D22: ='Farm Overhaul'!C41 -> Oxigen Generator Grow Beds | E22: 10 | F22: ='Farm Overhaul'!E41 -> 1 | G22: 5 | H22: =E22*F22/100*G22*24*90 -> 1080 | I22: 1 | L22: 0.3 | M22: 1 | P22: 0.3 | Q22: 1 | T22: 0.3 | U22: 1 | X22: 0.3 | Y22: 1 | AB22: 0.3 | AC22: 1 | AF22: 0.3 | AG22: 1 | AJ22: 0.3 | AK22: 1 | AN22: 0.3 | AO22: 1 | AR22: 0.3 | AS22: 1 | AV22: 0.3 | AW22: 1 | AZ22: 0.3 | BA22: 1 | BD22: 0.3 | BE22: 1 | BH22: 0.3 | BI22: 1 | BL22: 0.3 | BM22: 1 | BP22: 0.3
B23: 20 | D23: ='Farm Overhaul'!C43 -> Automation Module Senzor DO, pH, Temp. | E23: 0.005 | F23: ='Farm Overhaul'!E43 -> 21 | G23: 100 | H23: =E23*F23/100*G23*24*90 -> 226.8 | I23: 1 | L23: 0.3 | M23: 1 | P23: 0.3 | Q23: 1 | T23: 0.3 | U23: 1 | X23: 0.3 | Y23: 1 | AB23: 0.3 | AC23: 1 | AF23: 0.3 | AG23: 1 | AJ23: 0.3 | AK23: 1 | AN23: 0.3 | AO23: 1 | AR23: 0.3 | AS23: 1 | AV23: 0.3 | AW23: 1 | AZ23: 0.3 | BA23: 1 | BD23: 0.3 | BE23: 1 | BH23: 0.3 | BI23: 1 | BL23: 0.3 | BM23: 1 | BP23: 0.3
B24: 21 | D24: ='Farm Overhaul'!C44 -> Electric and Automation Panel | E24: 0.001 | F24: ='Farm Overhaul'!E44 -> 2 | G24: 100 | H24: =E24*F24/100*G24*24*90 -> 4.32 | I24: 1 | L24: 0.3 | M24: 1 | P24: 0.3 | Q24: 1 | T24: 0.3 | U24: 1 | X24: 0.3 | Y24: 1 | AB24: 0.3 | AC24: 1 | AF24: 0.3 | AG24: 1 | AJ24: 0.3 | AK24: 1 | AN24: 0.3 | AO24: 1 | AR24: 0.3 | AS24: 1 | AV24: 0.3 | AW24: 1 | AZ24: 0.3 | BA24: 1 | BD24: 0.3 | BE24: 1 | BH24: 0.3 | BI24: 1 | BL24: 0.3 | BM24: 1 | BP24: 0.3
B25: 22 | C25: ='Farm Overhaul'!B69 -> Control Room | D25: ='Farm Overhaul'!C76 -> Monitors 32" | E25: 0.1 | F25: ='Farm Overhaul'!E76 -> 4 | G25: 100 | H25: =E25*F25/100*G25*24*90 -> 864 | I25: 1 | L25: 0.3 | M25: 1 | P25: 0.3 | Q25: 1 | T25: 0.3 | U25: 1 | X25: 0.3 | Y25: 1 | AB25: 0.3 | AC25: 1 | AF25: 0.3 | AG25: 1 | AJ25: 0.3 | AK25: 1 | AN25: 0.3 | AO25: 1 | AR25: 0.3 | AS25: 1 | AV25: 0.3 | AW25: 1 | AZ25: 0.3 | BA25: 1 | BD25: 0.3 | BE25: 1 | BH25: 0.3 | BI25: 1 | BL25: 0.3 | BM25: 1 | BP25: 0.3
B26: 23 | D26: ='Farm Overhaul'!C77 -> PMR Walkie Talkie | E26: 0.01 | F26: ='Farm Overhaul'!E77 -> 6 | G26: 100 | H26: =E26*F26/100*G26*24*90 -> 129.6 | I26: 1 | L26: 0.3 | M26: 1 | P26: 0.3 | Q26: 1 | T26: 0.3 | U26: 1 | X26: 0.3 | Y26: 1 | AB26: 0.3 | AC26: 1 | AF26: 0.3 | AG26: 1 | AJ26: 0.3 | AK26: 1 | AN26: 0.3 | AO26: 1 | AR26: 0.3 | AS26: 1 | AV26: 0.3 | AW26: 1 | AZ26: 0.3 | BA26: 1 | BD26: 0.3 | BE26: 1 | BH26: 0.3 | BI26: 1 | BL26: 0.3 | BM26: 1 | BP26: 0.3
B27: 24 | D27: ='Farm Overhaul'!C78 -> Main processor server | E27: 0.1 | F27: ='Farm Overhaul'!E78 -> 2 | G27: 100 | H27: =E27*F27/100*G27*24*90 -> 432 | I27: 1 | L27: 0.3 | M27: 1 | P27: 0.3 | Q27: 1 | T27: 0.3 | U27: 1 | X27: 0.3 | Y27: 1 | AB27: 0.3 | AC27: 1 | AF27: 0.3 | AG27: 1 | AJ27: 0.3 | AK27: 1 | AN27: 0.3 | AO27: 1 | AR27: 0.3 | AS27: 1 | AV27: 0.3 | AW27: 1 | AZ27: 0.3 | BA27: 1 | BD27: 0.3 | BE27: 1 | BH27: 0.3 | BI27: 1 | BL27: 0.3 | BM27: 1 | BP27: 0.3
B28: 25 | C28: ='Farm Overhaul'!B82 -> IT Infrastructure | D28: ='Farm Overhaul'!C86 -> Server | E28: 0.1 | F28: ='Farm Overhaul'!E86 -> 2 | G28: 100 | H28: =E28*F28/100*G28*24*90 -> 432 | I28: 1 | L28: 0.3 | M28: 1 | P28: 0.3 | Q28: 1 | T28: 0.3 | U28: 1 | X28: 0.3 | Y28: 1 | AB28: 0.3 | AC28: 1 | AF28: 0.3 | AG28: 1 | AJ28: 0.3 | AK28: 1 | AN28: 0.3 | AO28: 1 | AR28: 0.3 | AS28: 1 | AV28: 0.3 | AW28: 1 | AZ28: 0.3 | BA28: 1 | BD28: 0.3 | BE28: 1 | BH28: 0.3 | BI28: 1 | BL28: 0.3 | BM28: 1 | BP28: 0.3
B29: 26 | D29: ='Farm Overhaul'!C87 -> Wireless network | E29: 0.05 | F29: ='Farm Overhaul'!E87 -> 8 | G29: 100 | H29: =E29*F29/100*G29*24*90 -> 864 | I29: 1 | L29: 0.3 | M29: 1 | P29: 0.3 | Q29: 1 | T29: 0.3 | U29: 1 | X29: 0.3 | Y29: 1 | AB29: 0.3 | AC29: 1 | AF29: 0.3 | AG29: 1 | AJ29: 0.3 | AK29: 1 | AN29: 0.3 | AO29: 1 | AR29: 0.3 | AS29: 1 | AV29: 0.3 | AW29: 1 | AZ29: 0.3 | BA29: 1 | BD29: 0.3 | BE29: 1 | BH29: 0.3 | BI29: 1 | BL29: 0.3 | BM29: 1 | BP29: 0.3
F30: Total Kw per 15 years | H30: =SUM(I30:BP30) -> 1809448.5 | I30: =SUMPRODUCT($H5:$H29,I5:I29) -> 92792.229 | J30: =SUMPRODUCT($H5:$H29,J5:J29) -> 0 | K30: =SUMPRODUCT($H5:$H29,K5:K29) -> 0 | L30: =SUMPRODUCT($H5:$H29,L5:L29) -> 27837.669 | M30: =SUMPRODUCT($H5:$H29,M5:M29) -> 92792.229 | N30: =SUMPRODUCT($H5:$H29,N5:N29) -> 0 | O30: =SUMPRODUCT($H5:$H29,O5:O29) -> 0 | P30: =SUMPRODUCT($H5:$H29,P5:P29) -> 27837.669 | ... BP30: =SUMPRODUCT($H5:$H29,BP5:BP29) -> 27837.669
D32: Cost electric energy in Romania / kw | E32: 0.35 | F32: =E32/'FX Rate'!F10 -> 0.071867535 | G32: / kw | H32: =SUM(I32,J32:BP32) -> 130040.6 | I32: =I30*F32 -> 6668.7488 | J32: =J30*F32 -> 0 | K32: =K30*F32 -> 0 | L32: =L30*F32 -> 2000.6247 | M32: =M30*F32 -> 6668.7488 | N32: =N30*F32 -> 0 | O32: =O30*F32 -> 0 | P32: =P30*F32 -> 2000.6247 | Q32: =Q30*F32 -> 6668.7488 | R32: =R30*F32 -> 0 | S32: =S30*F32 -> 0 | T32: =T30*F32 -> 2000.6247 | U32: =U30*F32 -> 6668.7488 | V32: =V30*F32 -> 0 | W32: =W30*F32 -> 0 | X32: =X30*F32 -> 2000.6247 | Y32: =Y30*F32 -> 6668.7488 | Z32: =Z30*F32 -> 0 | AA32: =AA30*F32 -> 0 | AB32: =AB30*F32 -> 2000.6247 | AC32: =AC30*F32 -> 6668.7488 | AD32: =AD30*F32 -> 0 | AE32: =AE30*F32 -> 0 | AF32: =AF30*F32 -> 2000.6247 | AG32: =AG30*F32 -> 6668.7488 | AH32: =AH30*F32 -> 0 | AI32: =AI30*F32 -> 0 | AJ32: =AJ30*F32 -> 2000.6247 | AK32: =AK30*F32 -> 6668.7488 | AL32: =AL30*F32 -> 0 | AM32: =AM30*F32 -> 0 | AN32: =AN30*F32 -> 2000.6247 | AO32: =AO30*F32 -> 6668.7488 | AP32: =AP30*F32 -> 0 | AQ32: =AQ30*F32 -> 0 | AR32: =AR30*F32 -> 2000.6247 | AS32: =AS30*F32 -> 6668.7488 | AT32: =AT30*F32 -> 0 | AU32: =AU30*F32 -> 0 | AV32: =AV30*F32 -> 2000.6247 | AW32: =AW30*F32 -> 6668.7488 | AX32: =AX30*F32 -> 0 | AY32: =AY30*F32 -> 0 | AZ32: =AZ30*F32 -> 2000.6247 | BA32: =BA30*F32 -> 6668.7488 | BB32: =BB30*F32 -> 0 | BC32: =BC30*F32 -> 0 | BD32: =BD30*F32 -> 2000.6247 | BE32: =BE30*F32 -> 6668.7488 | BF32: =BF30*F32 -> 0 | BG32: =BG30*F32 -> 0 | BH32: =BH30*F32 -> 2000.6247 | BI32: =BI30*F32 -> 6668.7488 | BJ32: =BJ30*F32 -> 0 | BK32: =BK30*F32 -> 0 | BL32: =BL30*F32 -> 2000.6247 | BM32: =BM30*F32 -> 6668.7488 | BN32: =BN30*F32 -> 0 | BO32: =BO30*F32 -> 0 | BP32: =BP30*F32 -> 2000.6247
G34: Annualy | H34: =H32/15 -> 8669.3735
G36: Mountly | H36: =H34/12 -> 722.44779
G38: Daily | H38: =H36/30 -> 24.081593
G40: Hourly | H40: =H38/24 -> 1.0033997

Sheet Water Volume
C4: Species | D4: Pcs. | F4: FY1 | G4: FY2 | H4: FY3 | I4: FY4 | J4: FY5 | K4: FY6 | L4: FY7 | M4: FY8 | N4: FY9 | O4: FY10 | P4: FY11 | Q4: FY12 | R4: FY13 | S4: FY14 | T4: FY15
C5: Ruthenus | D5: 300000 | F5: ='UNIFIED Product'!E16 -> 4788.4156 | G5: ='UNIFIED Product'!F16 -> 4788.4156 | H5: ='UNIFIED Product'!G16 -> 4788.4156 | I5: ='UNIFIED Product'!H16 -> 4788.4156 | J5: ='UNIFIED Product'!I16 -> 4788.4156 | K5: ='UNIFIED Product'!J16 -> 4788.4156 | L5: ='UNIFIED Product'!K16 -> 4788.4156 | M5: ='UNIFIED Product'!L16 -> 4788.4156 | ... T5: ='UNIFIED Product'!S16 -> 4788.4156
C6: Baeri | D6: 300000 | F6: ='UNIFIED Product'!E23 -> 1512.0264 | G6: ='UNIFIED Product'!F23 -> 1512.0264 | H6: ='UNIFIED Product'!G23 -> 1512.0264 | I6: ='UNIFIED Product'!H23 -> 1512.0264 | J6: ='UNIFIED Product'!I23 -> 1512.0264 | K6: ='UNIFIED Product'!J23 -> 1512.0264 | L6: ='UNIFIED Product'!K23 -> 1512.0264 | M6: ='UNIFIED Product'!L23 -> 1512.0264 | ... T6: ='UNIFIED Product'!S23 -> 1512.0264
C7: Stellatus | D7: 300000 | F7: ='UNIFIED Product'!E30 -> 682.90394 | G7: ='UNIFIED Product'!F30 -> 682.90394 | H7: ='UNIFIED Product'!G30 -> 682.90394 | I7: ='UNIFIED Product'!H30 -> 682.90394 | J7: ='UNIFIED Product'!I30 -> 682.90394 | K7: ='UNIFIED Product'!J30 -> 682.90394 | L7: ='UNIFIED Product'!K30 -> 682.90394 | M7: ='UNIFIED Product'!L30 -> 682.90394 | ... T7: ='UNIFIED Product'!S30 -> 682.90394
C8: Guelden | D8: 300000 | F8: ='UNIFIED Product'!E37 -> 772.63016 | G8: ='UNIFIED Product'!F37 -> 772.63016 | H8: ='UNIFIED Product'!G37 -> 772.63016 | I8: ='UNIFIED Product'!H37 -> 772.63016 | J8: ='UNIFIED Product'!I37 -> 772.63016 | K8: ='UNIFIED Product'!J37 -> 772.63016 | L8: ='UNIFIED Product'!K37 -> 772.63016 | M8: ='UNIFIED Product'!L37 -> 772.63016 | ... T8: ='UNIFIED Product'!S37 -> 772.63016
C9: Huso | D9: 300000 | F9: ='UNIFIED Product'!E44 -> 1668.3252 | G9: ='UNIFIED Product'!F44 -> 1668.3252 | H9: ='UNIFIED Product'!G44 -> 1668.3252 | I9: ='UNIFIED Product'!H44 -> 1668.3252 | J9: ='UNIFIED Product'!I44 -> 1668.3252 | K9: ='UNIFIED Product'!J44 -> 1668.3252 | L9: ='UNIFIED Product'!K44 -> 1668.3252 | M9: ='UNIFIED Product'!L44 -> 1668.3252 | ... T9: ='UNIFIED Product'!S44 -> 1668.3252
C11: Densitate kg/m2 | D11: 28 | E11: kg | F11: =SUM(F5:F9) -> 9424.3013 | G11: =SUM(G5:G9) -> 9424.3013 | H11: =SUM(H5:H9) -> 9424.3013 | I11: =SUM(I5:I9) -> 9424.3013 | J11: =SUM(J5:J9) -> 9424.3013 | K11: =SUM(K5:K9) -> 9424.3013 | L11: =SUM(L5:L9) -> 9424.3013 | M11: =SUM(M5:M9) -> 9424.3013 | ... T11: =SUM(T5:T9) -> 9424.3013
F14: FY1 | G14: FY2 | H14: FY3 | I14: FY4 | J14: FY5 | K14: FY6 | L14: FY7 | M14: FY8 | N14: FY9 | O14: FY10 | P14: FY11 | Q14: FY12 | R14: FY13 | S14: FY14 | T14: FY15
D15: Ruthenus | F15: =F5/D11 -> 171.01484 | G15: =G5/D11 -> 171.01484 | H15: =H5/D11 -> 171.01484 | I15: =I5/D11 -> 171.01484 | J15: =J5/D11 -> 171.01484 | K15: =K5/D11 -> 171.01484 | L15: =L5/D11 -> 171.01484 | M15: =M5/D11 -> 171.01484 | N15: =N5/D11 -> 171.01484 | O15: =O5/D11 -> 171.01484 | P15: =P5/D11 -> 171.01484 | Q15: =Q5/D11 -> 171.01484 | R15: =R5/D11 -> 171.01484 | S15: =S5/D11 -> 171.01484 | T15: =T5/D11 -> 171.01484
D16: Baeri | F16: =F6/D11 -> 54.000944 | G16: =G6/D11 -> 54.000944 | H16: =H6/D11 -> 54.000944 | I16: =I6/D11 -> 54.000944 | J16: =J6/D11 -> 54.000944 | K16: =K6/D11 -> 54.000944 | L16: =L6/D11 -> 54.000944 | M16: =M6/D11 -> 54.000944 | N16: =N6/D11 -> 54.000944 | O16: =O6/D11 -> 54.000944 | P16: =P6/D11 -> 54.000944 | Q16: =Q6/D11 -> 54.000944 | R16: =R6/D11 -> 54.000944 | S16: =S6/D11 -> 54.000944 | T16: =T6/D11 -> 54.000944
D17: Stellatus | F17: =F7/D11 -> 24.389426 | G17: =G7/D11 -> 24.389426 | H17: =H7/D11 -> 24.389426 | I17: =I7/D11 -> 24.389426 | J17: =J7/D11 -> 24.389426 | K17: =K7/D11 -> 24.389426 | L17: =L7/D11 -> 24.389426 | M17: =M7/D11 -> 24.389426 | N17: =N7/D11 -> 24.389426 | O17: =O7/D11 -> 24.389426 | P17: =P7/D11 -> 24.389426 | Q17: =Q7/D11 -> 24.389426 | R17: =R7/D11 -> 24.389426 | S17: =S7/D11 -> 24.389426 | T17: =T7/D11 -> 24.389426
D18: Guelden | F18: =F8/D11 -> 27.593934 | G18: =G8/D11 -> 27.593934 | H18: =H8/D11 -> 27.593934 | I18: =I8/D11 -> 27.593934 | J18: =J8/D11 -> 27.593934 | K18: =K8/D11 -> 27.593934 | L18: =L8/D11 -> 27.593934 | M18: =M8/D11 -> 27.593934 | N18: =N8/D11 -> 27.593934 | O18: =O8/D11 -> 27.593934 | P18: =P8/D11 -> 27.593934 | Q18: =Q8/D11 -> 27.593934 | R18: =R8/D11 -> 27.593934 | S18: =S8/D11 -> 27.593934 | T18: =T8/D11 -> 27.593934
D19: Huso | F19: =F9/D11 -> 59.583041 | G19: =G9/D11 -> 59.583041 | H19: =H9/D11 -> 59.583041 | I19: =I9/D11 -> 59.583041 | J19: =J9/D11 -> 59.583041 | K19: =K9/D11 -> 59.583041 | L19: =L9/D11 -> 59.583041 | M19: =M9/D11 -> 59.583041 | N19: =N9/D11 -> 59.583041 | O19: =O9/D11 -> 59.583041 | P19: =P9/D11 -> 59.583041 | Q19: =Q9/D11 -> 59.583041 | R19: =R9/D11 -> 59.583041 | S19: =S9/D11 -> 59.583041 | T19: =T9/D11 -> 59.583041
F21: =SUM(F15:F20) -> 336.58219 | G21: =SUM(G15:G20) -> 336.58219 | H21: =SUM(H15:H20) -> 336.58219 | I21: =SUM(I15:I20) -> 336.58219 | J21: =SUM(J15:J20) -> 336.58219 | K21: =SUM(K15:K20) -> 336.58219 | L21: =SUM(L15:L20) -> 336.58219 | M21: =SUM(M15:M20) -> 336.58219 | ... T21: =SUM(T15:T20) -> 336.58219

Sheet Summary
B2: Summary
D4: FY 1 | E4: FY 2 | F4: FY 3 | G4: FY 4 | H4: FY 5 | I4: FY 6 | J4: FY 7 | K4: FY 8 | L4: FY 9 | M4: FY 10 | N4: FY 11 | O4: FY 12 | P4: FY 13 | Q4: FY 14 | R4: FY 15
B5: Revenues | D5: =+'Income Statement'!BQ8 -> 1282307 | E5: =+'Income Statement'!BR8 -> 1307312.9 | F5: =+'Income Statement'!BS8 -> 1332825.8 | G5: =+'Income Statement'!BT8 -> 1358834.5 | H5: =+'Income Statement'!BU8 -> 1385378.2 | I5: =+'Income Statement'!BV8 -> 1412446.1 | J5: =+'Income Statement'!BW8 -> 1440047.9 | K5: =+'Income Statement'!BX8 -> 1468213 | ... R5: =+'Income Statement'!CE8 -> 1681759.6
B6: Direct Expenses | D6: =+'Income Statement'!BQ12 -> 133595.67 | E6: =+'Income Statement'!BR12 -> 133595.67 | F6: =+'Income Statement'!BS12 -> 133595.67 | G6: =+'Income Statement'!BT12 -> 133595.67 | H6: =+'Income Statement'!BU12 -> 133595.67 | I6: =+'Income Statement'!BV12 -> 133595.67 | J6: =+'Income Statement'!BW12 -> 133595.67 | K6: =+'Income Statement'!BX12 -> 133595.67 | ... R6: =+'Income Statement'!CE12 -> 133595.67
B7: Gross Profit | D7: =+D5-D6 -> 1148711.3 | E7: =+E5-E6 -> 1173717.2 | F7: =+F5-F6 -> 1199230.1 | G7: =+G5-G6 -> 1225238.8 | H7: =+H5-H6 -> 1251782.5 | I7: =+I5-I6 -> 1278850.5 | J7: =+J5-J6 -> 1306452.2 | K7: =+K5-K6 -> 1334617.3 | ... R7: =+R5-R6 -> 1548164
B8: Gross Profit (%) | D8: 0 | E8: 0 | F8: =+F7/F5 -> 0.89976509 | G8: =+G7/G5 -> 0.90168363 | H8: =+H7/H5 -> 0.90356736 | I8: =+I7/I5 -> 0.90541538 | J8: =+J7/J5 -> 0.90722831 | K8: =+K7/K5 -> 0.90900798 | L8: =+L7/L5 -> 0.91075365 | M8: =+M7/M5 -> 0.91246707 | ... R8: =+R7/R5 -> 0.92056197
B9: Other Expenses | D9: =+'Income Statement'!BQ22 -> 747960 | E9: =+'Income Statement'!BR22 -> 770296 | F9: =+'Income Statement'!BS22 -> 795815.6 | G9: =+'Income Statement'!BT22 -> 823447.16 | H9: =+'Income Statement'!BU22 -> 853841.88 | I9: =+'Income Statement'!BV22 -> 387676.06 | J9: =+'Income Statement'!BW22 -> 424453.67 | K9: =+'Income Statement'!BX22 -> 464909.04 | ... R9: =+'Income Statement'!CE22 -> 633880.08
B10: EBITDA | D10: =+D7-D9 -> 400751.3 | E10: =+E7-E9 -> 403421.24 | F10: =+F7-F9 -> 403414.5 | G10: =+G7-G9 -> 401791.65 | H10: =+H7-H9 -> 397940.63 | I10: =+I7-I9 -> 891174.4 | J10: =+J7-J9 -> 881998.52 | K10: =+K7-K9 -> 869708.31 | ... R10: =+R7-R9 -> 914283.87
B11: Depreciation | D11: =+'Income Statement'!BQ24 -> 26400 | E11: =+'Income Statement'!BR24 -> 27200 | F11: =+'Income Statement'!BS24 -> 27600 | G11: =+'Income Statement'!BT24 -> 27600 | H11: =+'Income Statement'!BU24 -> 27600 | I11: =+'Income Statement'!BV24 -> 27600 | J11: =+'Income Statement'!BW24 -> 27600 | K11: =+'Income Statement'!BX24 -> 27600 | ... R11: =+'Income Statement'!CE24 -> 27600
B12: Amortization | D12: =+'Income Statement'!BQ25 -> 0 | E12: =+'Income Statement'!BR25 -> 0 | F12: =+'Income Statement'!BS25 -> 0 | G12: =+'Income Statement'!BT25 -> 0 | H12: =+'Income Statement'!BU25 -> 0 | I12: =+'Income Statement'!BV25 -> 0 | J12: =+'Income Statement'!BW25 -> 0 | K12: =+'Income Statement'!BX25 -> 0 | ... R12: =+'Income Statement'!CE25 -> 0
B13: Preliminary Exp Written off | D13: =+'Income Statement'!BQ26 -> 0 | E13: =+'Income Statement'!BR26 -> 0 | F13: =+'Income Statement'!BS26 -> 0 | G13: =+'Income Statement'!BT26 -> 0 | H13: =+'Income Statement'!BU26 -> 0 | I13: =+'Income Statement'!BV26 -> 0 | J13: =+'Income Statement'!BW26 -> 0 | K13: =+'Income Statement'!BX26 -> 0 | ... R13: =+'Income Statement'!CE26 -> 0
B14: Interest Expense | D14: =+'Income Statement'!BQ28 -> 0 | E14: =+'Income Statement'!BR28 -> 0 | F14: =+'Income Statement'!BS28 -> 0 | G14: =+'Income Statement'!BT28 -> 0 | H14: =+'Income Statement'!BU28 -> 0 | I14: =+'Income Statement'!BV28 -> 0 | J14: =+'Income Statement'!BW28 -> 0 | K14: =+'Income Statement'!BX28 -> 0 | ... R14: =+'Income Statement'!CE28 -> 0
B15: Income Tax Expense | D15: =+'Income Statement'!BQ33 -> 63200 | E15: =+'Income Statement'!BR33 -> 63200 | F15: =+'Income Statement'!BS33 -> 60100 | G15: =+'Income Statement'!BT33 -> 59900 | H15: =+'Income Statement'!BU33 -> 59300 | I15: =+'Income Statement'!BV33 -> 138200 | J15: =+'Income Statement'!BW33 -> 136700 | K15: =+'Income Statement'!BX33 -> 134700 | ... R15: =+'Income Statement'!CE33 -> 141900 | S15: Cumulative 15 Years
B16: Net Income | D16: =+D10-SUM(D11:D15) -> 311151.3 | E16: =+E10-SUM(E11:E15) -> 313021.24 | F16: =+F10-SUM(F11:F15) -> 315714.5 | G16: =+G10-SUM(G11:G15) -> 314291.65 | H16: =+H10-SUM(H11:H15) -> 311040.63 | I16: =+I10-SUM(I11:I15) -> 725374.4 | J16: =+J10-SUM(J11:J15) -> 717698.52 | K16: =+K10-SUM(K11:K15) -> 707408.31 | ... R16: =+R10-SUM(R11:R15) -> 744783.87 | S16: =SUM(D16:R16) -> 8678246.7
B18: Grow | D18: 0 | E18: 0 | F18: =+F16/F5 -> 0.23687604 | G18: =+G16/G5 -> 0.23129502 | H18: =+H16/H5 -> 0.22451676 | I18: =+I16/I5 -> 0.51355898 | J18: =+J16/J5 -> 0.49838518 | K18: =+K16/K5 -> 0.48181585 | L18: =+L16/L5 -> 0.46369916 | M18: =+M16/M5 -> 0.44395355 | ... R18: =+R16/R5 -> 0.44285988
S19: =SUBTOTAL(9,S18:S18) -> 0

Sheet OPEX Drivers
B2: OPEX DRIVERS | H2: FY1 | L2: FY2 | P2: FY3 | T2: FY4 | X2: FY5 | AB2: FY6 | AF2: FY7 | AJ2: FY8 | AN2: FY9 | AR2: FY10 | AV2: FY11 | AZ2: FY12 | BD2: FY13 | BH2: FY14 | BL2: FY15
A3: No | B3: Item description | D3: Unit | E3: Items | F3: € € | G3: Total Cost € | H3: Q1 | I3: Q2 | J3: Q3 | K3: Q4 | L3: Q1 | M3: Q2 | N3: Q3 | O3: Q4 | P3: Q1 | Q3: Q2 | R3: Q3 | S3: Q4 | T3: Q1 | U3: Q2 | V3: Q3 | W3: Q4 | X3: Q1 | Y3: Q2 | Z3: Q3 | AA3: Q4 | AB3: Q1 | AC3: Q2 | AD3: Q3 | AE3: Q4 | AF3: Q1 | AG3: Q2 | AH3: Q3 | AI3: Q4 | AJ3: Q1 | AK3: Q2 | AL3: Q3 | AM3: Q4 | AN3: Q1 | AO3: Q2 | AP3: Q3 | AQ3: Q4 | AR3: Q1 | AS3: Q2 | AT3: Q3 | AU3: Q4 | AV3: Q1 | AW3: Q2 | AX3: Q3 | AY3: Q4 | AZ3: Q1 | BA3: Q2 | BB3: Q3 | BC3: Q4 | BD3: Q1 | BE3: Q2 | BF3: Q3 | BG3: Q4 | BH3: Q1 | BI3: Q2 | BJ3: Q3 | BK3: Q4 | BL3: Q1 | BM3: Q2 | BN3: Q3 | BO3: Q4
AG4: ='Surgeon Eggs'!I9 -> 1500000
B5: Fecundate eggs | C5: Yearly | D5: € | E5: =G5/15 -> 72000 | F5: 0.08 | G5: =SUM(I5:AU5)*F5 -> 1080000 | H5: ='Surgeon Eggs'!C9 -> 1500000 | I5: 0 | J5: 0 | K5: 0 | L5: ='Surgeon Eggs'!D9 -> 1500000 | M5: 0 | N5: 0 | O5: 0 | P5: ='Surgeon Eggs'!E9 -> 1500000 | Q5: 0 | R5: 0 | S5: 0 | T5: ='Surgeon Eggs'!F9 -> 1500000 | U5: 0 | V5: 0 | W5: 0 | X5: ='Surgeon Eggs'!G9 -> 1500000 | Y5: 0 | Z5: 0 | AA5: 0 | AB5: ='Surgeon Eggs'!H9 -> 1500000 | AC5: 0 | AD5: 0 | AE5: 0 | AF5: ='Surgeon Eggs'!I9 -> 1500000 | AG5: 0 | AH5: 0 | AI5: 0 | AJ5: ='Surgeon Eggs'!J9 -> 1500000 | AK5: 0 | AL5: 0 | AM5: 0 | AN5: ='Surgeon Eggs'!K9 -> 1500000 | AO5: 0 | AP5: 0 | AQ5: 0 | AR5: ='Surgeon Eggs'!L9 -> 1500000 | AS5: 0 | AT5: 0 | AU5: 0 | AV5: ='Surgeon Eggs'!M9 -> 1500000 | AW5: 0 | AX5: 0 | AY5: 0 | AZ5: ='Surgeon Eggs'!N9 -> 1500000 | BA5: 0 | BB5: 0 | BC5: 0 | BD5: ='Surgeon Eggs'!O9 -> 1500000 | BE5: 0 | BF5: 0 | BG5: 0 | BH5: ='Surgeon Eggs'!P9 -> 1500000 | BI5: 0 | BJ5: 0 | BK5: 0 | BL5: ='Surgeon Eggs'!Q9 -> 1500000 | BM5: 0 | BN5: 0 | BO5: 0
B6: Fish food | C6: Yearly | D6: € | E6: =G6/15 -> 25186.439 | F6: 1 | G6: =SUM(H6:BO6) -> 377796.59 | H6: ='Feed Dinamics'!C9 -> 25186.439 | I6: 0 | J6: 0 | K6: 0 | L6: ='Feed Dinamics'!D9 -> 25186.439 | M6: 0 | N6: 0 | O6: 0 | P6: ='Feed Dinamics'!E9 -> 25186.439 | Q6: 0 | R6: 0 | S6: 0 | T6: ='Feed Dinamics'!F9 -> 25186.439 | U6: 0 | V6: 0 | W6: 0 | X6: ='Feed Dinamics'!G9 -> 25186.439 | Y6: 0 | Z6: 0 | AA6: 0 | AB6: ='Feed Dinamics'!H9 -> 25186.439 | AC6: 0 | AD6: 0 | AE6: 0 | AF6: ='Feed Dinamics'!I9 -> 25186.439 | AG6: 0 | AH6: 0 | AI6: 0 | AJ6: ='Feed Dinamics'!J9 -> 25186.439 | AK6: 0 | AL6: 0 | AM6: 0 | AN6: ='Feed Dinamics'!K9 -> 25186.439 | AO6: 0 | AP6: 0 | AQ6: 0 | AR6: ='Feed Dinamics'!L9 -> 25186.439 | AS6: 0 | AT6: 0 | AU6: 0 | AV6: ='Feed Dinamics'!M9 -> 25186.439 | AW6: 0 | AX6: 0 | AY6: 0 | AZ6: ='Feed Dinamics'!N9 -> 25186.439 | BA6: 0 | BB6: 0 | BC6: 0 | BD6: ='Feed Dinamics'!O9 -> 25186.439 | BE6: 0 | BF6: 0 | BG6: 0 | BH6: ='Feed Dinamics'!P9 -> 25186.439 | BI6: 0 | BJ6: 0 | BK6: 0 | BL6: ='Feed Dinamics'!Q9 -> 25186.439 | BM6: 0 | BN6: 0 | BO6: 0
B7: Seds Vegetable | C7: Yearly | D7: € | E7: =G7/F7 -> 720000 | F7: 0.025 | G7: =SUM(H7:BO7) -> 18000 | H7: 300 | I7: 300 | J7: 300 | K7: 300 | L7: 300 | M7: 300 | N7: 300 | O7: 300 | P7: 300 | Q7: 300 | R7: 300 | S7: 300 | T7: 300 | U7: 300 | V7: 300 | W7: 300 | X7: 300 | Y7: 300 | Z7: 300 | AA7: 300 | AB7: 300 | AC7: 300 | AD7: 300 | AE7: 300 | AF7: 300 | AG7: 300 | AH7: 300 | AI7: 300 | AJ7: 300 | AK7: 300 | AL7: 300 | AM7: 300 | AN7: 300 | AO7: 300 | AP7: 300 | AQ7: 300 | AR7: 300 | AS7: 300 | AT7: 300 | AU7: 300 | AV7: 300 | AW7: 300 | AX7: 300 | AY7: 300 | AZ7: 300 | BA7: 300 | BB7: 300 | BC7: 300 | BD7: 300 | BE7: 300 | BF7: 300 | BG7: 300 | BH7: 300 | BI7: 300 | BJ7: 300 | BK7: 300 | BL7: 300 | BM7: 300 | BN7: 300 | BO7: 300
B8: RENT, UTILITY and OTHER | C8: monthly
B9: Utility Power | D9: KWh | E9: =SUM(H9:AU9) -> 1206299 | F9: 0.106 | G9: =E9*F9 -> 127867.69 | H9: ='Power util.'!I30 -> 92792.229 | I9: ='Power util.'!J30 -> 0 | J9: ='Power util.'!K30 -> 0 | K9: ='Power util.'!L30 -> 27837.669 | L9: ='Power util.'!M30 -> 92792.229 | M9: ='Power util.'!N30 -> 0 | N9: ='Power util.'!O30 -> 0 | O9: ='Power util.'!P30 -> 27837.669 | ... BO9: ='Power util.'!BP30 -> 27837.669
B10: Accounting and payroll services | D10: Q | E10: =SUM(H10:BO10) -> 60 | F10: 300 | G10: =E10*F10 -> 18000 | H10: 1 | I10: 1 | J10: 1 | K10: 1 | L10: 1 | M10: 1 | N10: 1 | O10: 1 | P10: 1 | Q10: 1 | R10: 1 | S10: 1 | T10: 1 | U10: 1 | V10: 1 | W10: 1 | X10: 1 | Y10: 1 | Z10: 1 | AA10: 1 | AB10: 1 | AC10: 1 | AD10: 1 | AE10: 1 | AF10: 1 | AG10: 1 | AH10: 1 | AI10: 1 | AJ10: 1 | AK10: 1 | AL10: 1 | AM10: 1 | AN10: 1 | AO10: 1 | AP10: 1 | AQ10: 1 | AR10: 1 | AS10: 1 | AT10: 1 | AU10: 1 | AV10: 1 | AW10: 1 | AX10: 1 | AY10: 1 | AZ10: 1 | BA10: 1 | BB10: 1 | BC10: 1 | BD10: 1 | BE10: 1 | BF10: 1 | BG10: 1 | BH10: 1 | BI10: 1 | BJ10: 1 | BK10: 1 | BL10: 1 | BM10: 1 | BN10: 1 | BO10: 1
B11: Board Meetings AGA | E11: =SUM(H11:BO11) -> 16 | F11: 500 | G11: =E11*F11 -> 8000 | H11: 1 | I11: 0 | J11: 0 | K11: 1 | L11: 0 | M11: 0 | N11: 0 | O11: 1 | P11: 0 | Q11: 0 | R11: 0 | S11: 1 | T11: 0 | U11: 0 | V11: 0 | W11: 1 | X11: 0 | Y11: 0 | Z11: 0 | AA11: 1 | AB11: 0 | AC11: 0 | AD11: 0 | AE11: 1 | AF11: 0 | AG11: 0 | AH11: 0 | AI11: 1 | AJ11: 0 | AK11: 0 | AL11: 0 | AM11: 1 | AN11: 0 | AO11: 0 | AP11: 0 | AQ11: 1 | AR11: 0 | AS11: 0 | AT11: 0 | AU11: 1 | AV11: 0 | AW11: 0 | AX11: 0 | AY11: 1 | AZ11: 0 | BA11: 0 | BB11: 0 | BC11: 1 | BD11: 0 | BE11: 0 | BF11: 0 | BG11: 1 | BH11: 0 | BI11: 0 | BJ11: 0 | BK11: 1 | BL11: 0 | BM11: 0 | BN11: 0 | BO11: 1
B12: Phytosanitary testing | D12: Q | E12: =SUM(H12:AU12) -> 20 | F12: 50 | G12: =E12*F12 -> 1000 | H12: 1 | I12: 0 | J12: 0 | K12: 1 | L12: 1 | M12: 0 | N12: 0 | O12: 1 | P12: 1 | Q12: 0 | R12: 0 | S12: 1 | T12: 1 | U12: 0 | V12: 0 | W12: 1 | X12: 1 | Y12: 0 | Z12: 0 | AA12: 1 | AB12: 1 | AC12: 0 | AD12: 0 | AE12: 1 | AF12: 1 | AG12: 0 | AH12: 0 | AI12: 1 | AJ12: 1 | AK12: 0 | AL12: 0 | AM12: 1 | AN12: 1 | AO12: 0 | AP12: 0 | AQ12: 1 | AR12: 1 | AS12: 0 | AT12: 0 | AU12: 1 | AV12: 1 | AW12: 0 | AX12: 0 | AY12: 1 | AZ12: 1 | BA12: 0 | BB12: 0 | BC12: 1 | BD12: 1 | BE12: 0 | BF12: 0 | BG12: 1 | BH12: 1 | BI12: 0 | BJ12: 0 | BK12: 1 | BL12: 1 | BM12: 0 | BN12: 0 | BO12: 1
B13: Electronic RFID tags | D13: pcs | E13: =SUM(H13:AU13) -> 0 | F13: 1 | G13: =E13*F13 -> 0 | H13: 0 | I13: 0 | J13: 0 | K13: 0 | L13: 0 | M13: 0 | N13: 0 | O13: 0 | P13: 0 | Q13: 0 | R13: 0 | S13: 0 | T13: 0 | U13: 0 | V13: 0 | W13: 0 | X13: 0 | Y13: 0 | Z13: 0 | AA13: 0 | AB13: 0 | AC13: 0 | AD13: 0 | AE13: 0 | AF13: 0 | AG13: 0 | AH13: 0 | AI13: 0 | AJ13: 0 | AK13: 0 | AL13: 0 | AM13: 0 | AN13: 0 | AO13: 0 | AP13: 0 | AQ13: 0 | AR13: 0 | AS13: 0 | AT13: 0 | AU13: 0 | AV13: 0 | AW13: 0 | AX13: 0 | AY13: 0 | AZ13: 0 | BA13: 0 | BB13: 0 | BC13: 0 | BD13: 0 | BE13: 0 | BF13: 0 | BG13: 0 | BH13: 0 | BI13: 0 | BJ13: 0 | BK13: 0 | BL13: 0 | BM13: 0 | BN13: 0 | BO13: 0
B14: Scientific community membership | E14: =SUM(H14:BO14) -> 15 | F14: 500 | G14: =E14*F14 -> 7500 | H14: 0 | I14: 0 | J14: 0 | K14: 1 | L14: 0 | M14: 0 | N14: 0 | O14: 1 | P14: 0 | Q14: 0 | R14: 0 | S14: 1 | T14: 0 | U14: 0 | V14: 0 | W14: 1 | X14: 0 | Y14: 0 | Z14: 0 | AA14: 1 | AB14: 0 | AC14: 0 | AD14: 0 | AE14: 1 | AF14: 0 | AG14: 0 | AH14: 0 | AI14: 1 | AJ14: 0 | AK14: 0 | AL14: 0 | AM14: 1 | AN14: 0 | AO14: 0 | AP14: 0 | AQ14: 1 | AR14: 0 | AS14: 0 | AT14: 0 | AU14: 1 | AV14: 0 | AW14: 0 | AX14: 0 | AY14: 1 | AZ14: 0 | BA14: 0 | BB14: 0 | BC14: 1 | BD14: 0 | BE14: 0 | BF14: 0 | BG14: 1 | BH14: 0 | BI14: 0 | BJ14: 0 | BK14: 1 | BL14: 0 | BM14: 0 | BN14: 0 | BO14: 1
B15: Maintenance spare parts | C15: equiv 2pump/year | D15: Y | E15: =SUM(H15:BO15) -> 13 | F15: 400 | G15: =E15*F15 -> 5200 | H15: 0 | I15: 0 | J15: 0 | K15: 0 | L15: 0 | M15: 0 | N15: 0 | O15: 0 | P15: 0 | Q15: 0 | R15: 0 | S15: 1 | T15: 0 | U15: 0 | V15: 0 | W15: 1 | X15: 0 | Y15: 0 | Z15: 0 | AA15: 1 | AB15: 0 | AC15: 0 | AD15: 0 | AE15: 1 | AF15: 0 | AG15: 0 | AH15: 0 | AI15: 1 | AJ15: 0 | AK15: 0 | AL15: 0 | AM15: 1 | AN15: 0 | AO15: 0 | AP15: 0 | AQ15: 1 | AR15: 0 | AS15: 0 | AT15: 0 | AU15: 1 | AV15: 0 | AW15: 0 | AX15: 0 | AY15: 1 | AZ15: 0 | BA15: 0 | BB15: 0 | BC15: 1 | BD15: 0 | BE15: 0 | BF15: 0 | BG15: 1 | BH15: 0 | BI15: 0 | BJ15: 0 | BK15: 1 | BL15: 0 | BM15: 0 | BN15: 0 | BO15: 1
B16: Cleaning / disinfection products | D16: Q | E16: =SUM(H16:BO16) -> 15 | F16: 200 | G16: =E16*F16 -> 3000 | H16: 1 | L16: 1 | P16: 1 | T16: 1 | X16: 1 | AB16: 1 | AF16: 1 | AJ16: 1 | AN16: 1 | AR16: 1 | AV16: 1 | AZ16: 1 | BD16: 1 | BH16: 1 | BL16: 1
B17: Individual equipment | D17: pax*y | E17: =SUM(H17:BO17) -> 0 | F17: 200 | G17: =E17*F17 -> 0 | H17: 0 | L17: 0 | P17: 0 | T17: 0 | X17: 0 | AB17: 0 | AF17: 0 | AJ17: 0 | AN17: 0 | AR17: 0 | AV17: 0 | AZ17: 0 | BD17: 0 | BH17: 0 | BL17: 0
B18: Security | C18: 400 | D18: Q | E18: =SUM(H18:BO18) -> 15 | F18: =C18*3 -> 1200 | G18: =E18*F18 -> 18000 | H18: 1 | L18: 1 | P18: 1 | T18: 1 | X18: 1 | AB18: 1 | AF18: 1 | AJ18: 1 | AN18: 1 | AR18: 1 | AV18: 1 | AZ18: 1 | BD18: 1 | BH18: 1 | BL18: 1
B19: Property tax (buildings) 1.5% of building CAPEX | D19: Y | E19: =SUM(H19:BO19) -> 0 | F19: =('CAPEX Drivers'!E16/100)*0.25 -> 917.75305 | G19: =E19*F19 -> 0 | H19: 0 | L19: 0 | P19: 0 | T19: 0 | X19: 0 | AB19: 0 | AF19: 0 | AJ19: 0 | AN19: 0 | AR19: 0 | AV19: 0 | AZ19: 0 | BD19: 0 | BH19: 0 | BL19: 0
B20: Insurance Facilities 0.5% of CAPEX | C20: 0.5 | D20: Y | E20: =SUM(H20:BO20) -> 0 | F20: ='CAPEX Drivers'!F14/100*C20 -> 2697.4959 | G20: =E20*F20 -> 0 | H20: 0 | L20: 0 | P20: 0 | T20: 0 | X20: 0 | AB20: 0 | AF20: 0 | AJ20: 0 | AN20: 0 | AR20: 0 | AV20: 0 | AZ20: 0 | BD20: 0 | BH20: 0 | BL20: 0
B21: Vehicle fuel (qty 2 vehicles) | C21: 500 | D21: Q | E21: =SUM(H21:BO21) -> 15 | F21: =C21*3 -> 1500 | G21: =E21*F21 -> 22500 | H21: 1 | L21: 1 | P21: 1 | T21: 1 | X21: 1 | AB21: 1 | AF21: 1 | AJ21: 1 | AN21: 1 | AR21: 1 | AV21: 1 | AZ21: 1 | BD21: 1 | BH21: 1 | BL21: 1
B22: Telecom services | C22: 200 | D22: Q | E22: =SUM(H22:BO22) -> 15 | F22: =C22*3 -> 600 | G22: =E22*F22 -> 9000 | H22: 1 | L22: 1 | P22: 1 | T22: 1 | X22: 1 | AB22: 1 | AF22: 1 | AJ22: 1 | AN22: 1 | AR22: 1 | AV22: 1 | AZ22: 1 | BD22: 1 | BH22: 1 | BL22: 1
B23: R&D consumables | C23: 300 | E23: =SUM(H23:BO23) -> 15 | F23: =C23*3 -> 900 | G23: =E23*F23 -> 13500 | H23: 1 | L23: 1 | P23: 1 | T23: 1 | X23: 1 | AB23: 1 | AF23: 1 | AJ23: 1 | AN23: 1 | AR23: 1 | AV23: 1 | AZ23: 1 | BD23: 1 | BH23: 1 | BL23: 1
B24: Salary net | C24: monthly | F24: quarterly
B25: CEO | C25: 4500 | D25: € | E25: =SUM(H25:BO25) -> 60 | F25: =C25*3 -> 13500 | G25: =E25*F25 -> 810000 | H25: 1 | I25: 1 | J25: 1 | K25: 1 | L25: 1 | M25: 1 | N25: 1 | O25: 1 | P25: 1 | Q25: 1 | R25: 1 | S25: 1 | T25: 1 | U25: 1 | V25: 1 | W25: 1 | X25: 1 | Y25: 1 | Z25: 1 | AA25: 1 | AB25: 1 | AC25: 1 | AD25: 1 | AE25: 1 | AF25: 1 | AG25: 1 | AH25: 1 | AI25: 1 | AJ25: 1 | AK25: 1 | AL25: 1 | AM25: 1 | AN25: 1 | AO25: 1 | AP25: 1 | AQ25: 1 | AR25: 1 | AS25: 1 | AT25: 1 | AU25: 1 | AV25: 1 | AW25: 1 | AX25: 1 | AY25: 1 | AZ25: 1 | BA25: 1 | BB25: 1 | BC25: 1 | BD25: 1 | BE25: 1 | BF25: 1 | BG25: 1 | BH25: 1 | BI25: 1 | BJ25: 1 | BK25: 1 | BL25: 1 | BM25: 1 | BN25: 1 | BO25: 1
B26: Sales & Marketing Manager | C26: 3000 | D26: € | E26: =SUM(H26:BO26) -> 60 | F26: =C26*3 -> 9000 | G26: =E26*F26 -> 540000 | H26: 1 | I26: 1 | J26: 1 | K26: 1 | L26: 1 | M26: 1 | N26: 1 | O26: 1 | P26: 1 | Q26: 1 | R26: 1 | S26: 1 | T26: 1 | U26: 1 | V26: 1 | W26: 1 | X26: 1 | Y26: 1 | Z26: 1 | AA26: 1 | AB26: 1 | AC26: 1 | AD26: 1 | AE26: 1 | AF26: 1 | AG26: 1 | AH26: 1 | AI26: 1 | AJ26: 1 | AK26: 1 | AL26: 1 | AM26: 1 | AN26: 1 | AO26: 1 | AP26: 1 | AQ26: 1 | AR26: 1 | AS26: 1 | AT26: 1 | AU26: 1 | AV26: 1 | AW26: 1 | AX26: 1 | AY26: 1 | AZ26: 1 | BA26: 1 | BB26: 1 | BC26: 1 | BD26: 1 | BE26: 1 | BF26: 1 | BG26: 1 | BH26: 1 | BI26: 1 | BJ26: 1 | BK26: 1 | BL26: 1 | BM26: 1 | BN26: 1 | BO26: 1
B27: Chief Technology Officer | C27: 1200 | D27: € | E27: =SUM(H27:BO27) -> 15 | F27: =C27*3 -> 3600 | G27: =E27*F27 -> 54000 | H27: 1 | I27: 0 | J27: 0 | K27: 0 | L27: 1 | M27: 0 | N27: 0 | O27: 0 | P27: 1 | Q27: 0 | R27: 0 | S27: 0 | T27: 1 | U27: 0 | V27: 0 | W27: 0 | X27: 1 | Y27: 0 | Z27: 0 | AA27: 0 | AB27: 1 | AC27: 0 | AD27: 0 | AE27: 0 | AF27: 1 | AG27: 0 | AH27: 0 | AI27: 0 | AJ27: 1 | AK27: 0 | AL27: 0 | AM27: 0 | AN27: 1 | AO27: 0 | AP27: 0 | AQ27: 0 | AR27: 1 | AS27: 0 | AT27: 0 | AU27: 0 | AV27: 1 | AW27: 0 | AX27: 0 | AY27: 0 | AZ27: 1 | BA27: 0 | BB27: 0 | BC27: 0 | BD27: 1 | BE27: 0 | BF27: 0 | BG27: 0 | BH27: 1 | BI27: 0 | BJ27: 0 | BK27: 0 | BL27: 1 | BM27: 0 | BN27: 0 | BO27: 0
B28: Manager Vet | C28: 600 | D28: € | E28: =SUM(H28:BO28) -> 15 | F28: =C28*3 -> 1800 | G28: =E28*F28 -> 27000 | H28: 1 | I28: 0 | J28: 0 | K28: 0 | L28: 1 | M28: 0 | N28: 0 | O28: 0 | P28: 1 | Q28: 0 | R28: 0 | S28: 0 | T28: 1 | U28: 0 | V28: 0 | W28: 0 | X28: 1 | Y28: 0 | Z28: 0 | AA28: 0 | AB28: 1 | AC28: 0 | AD28: 0 | AE28: 0 | AF28: 1 | AG28: 0 | AH28: 0 | AI28: 0 | AJ28: 1 | AK28: 0 | AL28: 0 | AM28: 0 | AN28: 1 | AO28: 0 | AP28: 0 | AQ28: 0 | AR28: 1 | AS28: 0 | AT28: 0 | AU28: 0 | AV28: 1 | AW28: 0 | AX28: 0 | AY28: 0 | AZ28: 1 | BA28: 0 | BB28: 0 | BC28: 0 | BD28: 1 | BE28: 0 | BF28: 0 | BG28: 0 | BH28: 1 | BI28: 0 | BJ28: 0 | BK28: 0 | BL28: 1 | BM28: 0 | BN28: 0 | BO28: 0
B29: Staff Role #1 Dispecer Tech Operator | C29: 800 | D29: € | E29: =SUM(H29:BO29) -> 90 | F29: =C29*3 -> 2400 | G29: =E29*F29 -> 216000 | H29: 4 | I29: 0 | J29: 0 | K29: 2 | L29: 4 | M29: 0 | N29: 0 | O29: 2 | P29: 4 | Q29: 0 | R29: 0 | S29: 2 | T29: 4 | U29: 0 | V29: 0 | W29: 2 | X29: 4 | Y29: 0 | Z29: 0 | AA29: 2 | AB29: 4 | AC29: 0 | AD29: 0 | AE29: 2 | AF29: 4 | AG29: 0 | AH29: 0 | AI29: 2 | AJ29: 4 | AK29: 0 | AL29: 0 | AM29: 2 | AN29: 4 | AO29: 0 | AP29: 0 | AQ29: 2 | AR29: 4 | AS29: 0 | AT29: 0 | AU29: 2 | AV29: 4 | AW29: 0 | AX29: 0 | AY29: 2 | AZ29: 4 | BA29: 0 | BB29: 0 | BC29: 2 | BD29: 4 | BE29: 0 | BF29: 0 | BG29: 2 | BH29: 4 | BI29: 0 | BJ29: 0 | BK29: 2 | BL29: 4 | BM29: 0 | BN29: 0 | BO29: 2
B30: Staff Role #2 Aquacultor | C30: 700 | D30: € | E30: =SUM(H30:BO30) -> 30 | F30: =C30*3 -> 2100 | G30: =E30*F30 -> 63000 | H30: 2 | I30: 0 | J30: 0 | K30: 0 | L30: 2 | M30: 0 | N30: 0 | O30: 0 | P30: 2 | Q30: 0 | R30: 0 | S30: 0 | T30: 2 | U30: 0 | V30: 0 | W30: 0 | X30: 2 | Y30: 0 | Z30: 0 | AA30: 0 | AB30: 2 | AC30: 0 | AD30: 0 | AE30: 0 | AF30: 2 | AG30: 0 | AH30: 0 | AI30: 0 | AJ30: 2 | AK30: 0 | AL30: 0 | AM30: 0 | AN30: 2 | AO30: 0 | AP30: 0 | AQ30: 0 | AR30: 2 | AS30: 0 | AT30: 0 | AU30: 0 | AV30: 2 | AW30: 0 | AX30: 0 | AY30: 0 | AZ30: 2 | BA30: 0 | BB30: 0 | BC30: 0 | BD30: 2 | BE30: 0 | BF30: 0 | BG30: 0 | BH30: 2 | BI30: 0 | BJ30: 0 | BK30: 0 | BL30: 2 | BM30: 0 | BN30: 0 | BO30: 0
B31: Staff Role #3 GreenHouse Workers | C31: 700 | D31: € | E31: =SUM(H31:BO31) -> 60 | F31: =C31*3 -> 2100 | G31: =E31*F31 -> 126000 | H31: 2 | I31: 0 | J31: 0 | K31: 2 | L31: 2 | M31: 0 | N31: 0 | O31: 2 | P31: 2 | Q31: 0 | R31: 0 | S31: 2 | T31: 2 | U31: 0 | V31: 0 | W31: 2 | X31: 2 | Y31: 0 | Z31: 0 | AA31: 2 | AB31: 2 | AC31: 0 | AD31: 0 | AE31: 2 | AF31: 2 | AG31: 0 | AH31: 0 | AI31: 2 | AJ31: 2 | AK31: 0 | AL31: 0 | AM31: 2 | AN31: 2 | AO31: 0 | AP31: 0 | AQ31: 2 | AR31: 2 | AS31: 0 | AT31: 0 | AU31: 2 | AV31: 2 | AW31: 0 | AX31: 0 | AY31: 2 | AZ31: 2 | BA31: 0 | BB31: 0 | BC31: 2 | BD31: 2 | BE31: 0 | BF31: 0 | BG31: 2 | BH31: 2 | BI31: 0 | BJ31: 0 | BK31: 2 | BL31: 2 | BM31: 0 | BN31: 0 | BO31: 2
B32: Staff Role #4 Outdoor Workers | C32: 400 | D32: € | E32: =SUM(H32:AU32) -> 80 | F32: =C32*3 -> 1200 | G32: =E32*F32 -> 96000 | H32: 2 | I32: 2 | J32: 2 | K32: 2 | L32: 2 | M32: 2 | N32: 2 | O32: 2 | P32: 2 | Q32: 2 | R32: 2 | S32: 2 | T32: 2 | U32: 2 | V32: 2 | W32: 2 | X32: 2 | Y32: 2 | Z32: 2 | AA32: 2 | AB32: 2 | AC32: 2 | AD32: 2 | AE32: 2 | AF32: 2 | AG32: 2 | AH32: 2 | AI32: 2 | AJ32: 2 | AK32: 2 | AL32: 2 | AM32: 2 | AN32: 2 | AO32: 2 | AP32: 2 | AQ32: 2 | AR32: 2 | AS32: 2 | AT32: 2 | AU32: 2 | AV32: 2 | AW32: 2 | AX32: 2 | AY32: 2 | AZ32: 2 | BA32: 2 | BB32: 2 | BC32: 2 | BD32: 2 | BE32: 2 | BF32: 2 | BG32: 2 | BH32: 2 | BI32: 2 | BJ32: 2 | BK32: 2 | BL32: 2 | BM32: 2 | BN32: 2 | BO32: 2
B33: Marketing & sales
B34: Marketing & sales | H34: =Marketing!J35 -> 124900 | I34: =Marketing!K35 -> 124900 | J34: =Marketing!L35 -> 124900 | K34: =Marketing!M35 -> 124900 | L34: =Marketing!N35 -> 124900 | M34: =Marketing!O35 -> 124900 | N34: =Marketing!P35 -> 124900 | O34: =Marketing!Q35 -> 124900 | ... BO34: =Marketing!BQ35 -> 0
B36: TOTAL w/o VAT | G36: =SUM(H36:BO36) -> 6972248.1 | H36: =SUMPRODUCT($F5:$F32,H5:H32)+H7+H34 -> 333779.92 | I36: =SUMPRODUCT($F5:$F32,I5:I32)+I7+I34 -> 150407.5 | J36: =SUMPRODUCT($F5:$F32,J5:J32)+J7+J34 -> 150407.5 | K36: =SUMPRODUCT($F5:$F32,K5:K32)+K7+K34 -> 163408.29 | L36: =SUMPRODUCT($F5:$F32,L5:L32)+L7+L34 -> 333279.92 | M36: =SUMPRODUCT($F5:$F32,M5:M32)+M7+M34 -> 150407.5 | N36: =SUMPRODUCT($F5:$F32,N5:N32)+N7+N34 -> 150407.5 | O36: =SUMPRODUCT($F5:$F32,O5:O32)+O7+O34 -> 163408.29 | ... BO36: =SUMPRODUCT($F5:$F32,BO5:BO32)+BO7+BO34 -> 38908.293
B39: RENT, UTILITY and OTHER | H39: =SUMPRODUCT($F9:$F23,H9:H23) -> 15085.976 | I39: =SUMPRODUCT($F9:$F23,I9:I23) -> 300 | J39: =SUMPRODUCT($F9:$F23,J9:J23) -> 300 | K39: =SUMPRODUCT($F9:$F23,K9:K23) -> 4300.7929 | L39: =SUMPRODUCT($F9:$F23,L9:L23) -> 14585.976 | M39: =SUMPRODUCT($F9:$F23,M9:M23) -> 300 | N39: =SUMPRODUCT($F9:$F23,N9:N23) -> 300 | O39: =SUMPRODUCT($F9:$F23,O9:O23) -> 4300.7929 | ... BO39: =SUMPRODUCT($F9:$F23,BO9:BO23) -> 4700.7929
B41: Q Total Salary | H41: =SUMPRODUCT($F25:$F32,H25:H32) -> 48300 | I41: =SUMPRODUCT($F25:$F32,I25:I32) -> 24900 | J41: =SUMPRODUCT($F25:$F32,J25:J32) -> 24900 | K41: =SUMPRODUCT($F25:$F32,K25:K32) -> 33900 | L41: =SUMPRODUCT($F25:$F32,L25:L32) -> 48300 | M41: =SUMPRODUCT($F25:$F32,M25:M32) -> 24900 | N41: =SUMPRODUCT($F25:$F32,N25:N32) -> 24900 | O41: =SUMPRODUCT($F25:$F32,O25:O32) -> 33900 | ... BO41: =SUMPRODUCT($F25:$F32,BO25:BO32) -> 33900
B42: Salary 15 years | G42: =SUM(I42:BO42) -> 1980000 | J42: Salary 1 year = | K42: =SUM(H41:K41) -> 132000 | N42: Salary 2 year = | O42: =SUM(L41:O41) -> 132000 | R42: Salary 3 year = | S42: =SUM(P41:S41) -> 132000 | V42: Salary 4 year = | W42: =SUM(T41:W41) -> 132000 | Z42: Salary 5 year = | AA42: =SUM(X41:AA41) -> 132000 | AD42: Salary 6 year = | AE42: =SUM(AB41:AE41) -> 132000 | AH42: Salary 7 year = | AI42: =SUM(AF41:AI41) -> 132000 | AL42: Salary 8 year = | AM42: =SUM(AJ41:AM41) -> 132000 | AP42: Salary 9 year = | AQ42: =SUM(AN41:AQ41) -> 132000 | AT42: Salary 10 year = | AU42: =SUM(AR41:AU41) -> 132000 | AX42: Salary 11 year = | AY42: =SUM(AV41:AY41) -> 132000 | BB42: Salary 11 year = | BC42: =SUM(AZ41:BC41) -> 132000 | BF42: Salary 13 year = | BG42: =SUM(BD41:BG41) -> 132000 | BJ42: Salary 14 year = | BK42: =SUM(BH41:BK41) -> 132000 | BN42: Salary 15 year = | BO42: =SUM(BL41:BO41) -> 132000
B44: Salary Managers | G44: =SUM(H44:BO44) -> 1404000 | H44: =H41-H45 -> 26100 | I44: =I41-I45 -> 22500 | J44: =J41-J45 -> 22500 | K44: =K41-K45 -> 22500 | L44: =L41-L45 -> 26100 | M44: =M41-M45 -> 22500 | N44: =N41-N45 -> 22500 | O44: =O41-O45 -> 22500 | ... BO44: =BO41-BO45 -> 22500
B45: Salary staff + Vet | G45: =SUM(H45:BO45) -> 576000 | H45: =SUMPRODUCT($F29:$F32,H29:H32)+SUMPRODUCT($F28,H28) -> 22200 | I45: =SUMPRODUCT($F29:$F32,I29:I32)+SUMPRODUCT($F28,I28) -> 2400 | J45: =SUMPRODUCT($F29:$F32,J29:J32)+SUMPRODUCT($F28,J28) -> 2400 | K45: =SUMPRODUCT($F29:$F32,K29:K32)+SUMPRODUCT($F28,K28) -> 11400 | L45: =SUMPRODUCT($F29:$F32,L29:L32)+SUMPRODUCT($F28,L28) -> 22200 | M45: =SUMPRODUCT($F29:$F32,M29:M32)+SUMPRODUCT($F28,M28) -> 2400 | N45: =SUMPRODUCT($F29:$F32,N29:N32)+SUMPRODUCT($F28,N28) -> 2400 | O45: =SUMPRODUCT($F29:$F32,O29:O32)+SUMPRODUCT($F28,O28) -> 11400 | ... BO45: =SUMPRODUCT($F29:$F32,BO29:BO32)+SUMPRODUCT($F28,BO28) -> 11400

Sheet CAPEX Drivers
B2: CAPEX DRIVERS | G2: FY1 | K2: FY2 | O2: FY3 | S2: FY4 | W2: FY5 | AA2: FY6 | AE2: FY7 | AI2: FY8 | AM2: FY9 | AQ2: FY10 | AU2: FY11 | AY2: FY12 | BC2: FY13 | BG2: FY14 | BK2: FY15
B3: Remarks | C3: Item description | D3: Total Qty | E3: Unit cost € | F3: Total Cost | G3: Q1 | H3: Q2 | I3: Q3 | J3: Q4 | K3: Q1 | L3: Q2 | M3: Q3 | N3: Q4 | O3: Q1 | P3: Q2 | Q3: Q3 | R3: Q4 | S3: Q1 | T3: Q2 | U3: Q3 | V3: Q4 | W3: Q1 | X3: Q2 | Y3: Q3 | Z3: Q4 | AA3: Q1 | AB3: Q2 | AC3: Q3 | AD3: Q4 | AE3: Q1 | AF3: Q2 | AG3: Q3 | AH3: Q4 | AI3: Q1 | AJ3: Q2 | AK3: Q3 | AL3: Q4 | AM3: Q1 | AN3: Q2 | AO3: Q3 | AP3: Q4 | AQ3: Q1 | AR3: Q2 | AS3: Q3 | AT3: Q4 | AU3: Q1 | AV3: Q2 | AW3: Q3 | AX3: Q4 | AY3: Q1 | AZ3: Q2 | BA3: Q3 | BB3: Q4 | BC3: Q1 | BD3: Q2 | BE3: Q3 | BF3: Q4 | BG3: Q1 | BH3: Q2 | BI3: Q3 | BJ3: Q4 | BK3: Q1 | BL3: Q2 | BM3: Q3 | BN3: Q4
B4: Infrastructure | C4: ='Farm Overhaul'!B2 -> Farm Platform | D4: =SUM(G4:BN4) -> 1 | E4: ='Farm Overhaul'!I24 -> 86021.744 | F4: =D4*E4 -> 86021.744 | G4: 1
B5: Infrastructure | C5: ='Farm Overhaul'!B27 -> Reproduction & Aquaponics Unit | D5: 1 | E5: ='Farm Overhaul'!I47 -> 281079.48 | F5: =D5*E5 -> 281079.48 | G5: 0.2 | H5: 0.2 | I5: 0.2 | J5: 0.2 | K5: 0.1 | L5: 0.1
B6: Technology | C6: ='Farm Overhaul'!B50 -> Lab equipment | D6: =SUM(G6:BN6) -> 1 | E6: ='Farm Overhaul'!I66 -> 20764.995 | F6: =D6*E6 -> 20764.995 | H6: 1
B7: Infrastructure | C7: ='Farm Overhaul'!B69 -> Control Room | D7: =SUM(G7:BN7) -> 1 | E7: ='Farm Overhaul'!I79 -> 3808.5687 | F7: =D7*E7 -> 3808.5687 | H7: 1
B8: Infrastructure | C8: ='Farm Overhaul'!B82 -> IT Infrastructure | D8: =SUM(G8:BN8) -> 1 | E8: ='Farm Overhaul'!I88 -> 2324.4014 | F8: =D8*E8 -> 2324.4014 | H8: 1
C9: OTHER Items w/o breakdown
B10: Echipment | C10: Hidrobion | D10: =SUM(G10:BN10) -> 1 | E10: 18500 | F10: =D10*E10 -> 18500 | H10: 1
B11: Echipment | C11: Utility Car | D11: =SUM(G11:BN11) -> 2 | E11: 16500 | F11: =D11*E11 -> 33000 | G11: 2
B12: Transport | C12: AutoVan 7,5 T Frig | D12: 1 | E12: 30000 | F12: =D12*E12 -> 30000 | G12: 2
B13: Transport | C13: Autoturism | D13: 1 | E13: 17000 | F13: =D13*E13 -> 17000 | G13: 2
C14: SUBTOTAL w/o VAT | F14: =SUM(G14:BN14) -> 539499.18 | G14: =SUMPRODUCT($E4:$E13,G4:G13) -> 269237.64 | H14: =SUMPRODUCT($E4:$E13,H4:H13) -> 101613.86 | I14: =SUMPRODUCT($E4:$E13,I4:I13) -> 56215.895 | J14: =SUMPRODUCT($E4:$E13,J4:J13) -> 56215.895 | K14: =SUMPRODUCT($E4:$E13,K4:K13) -> 28107.948 | L14: =SUMPRODUCT($E4:$E13,L4:L13) -> 28107.948 | M14: =SUMPRODUCT($E4:$E13,M4:M13) -> 0 | N14: =SUMPRODUCT($E4:$E13,N4:N13) -> 0 | ... BN14: =SUMPRODUCT($E4:$E13,BN4:BN13) -> 0
C16: Propery tax base (buildings) | E16: =SUM(F4:F5) -> 367101.22

Sheet Sales
B1: General sale | F1: FY1 | J1: FY2 | N1: FY3 | R1: FY4 | V1: FY5 | Z1: FY6 | AD1: FY7 | AH1: FY8 | AL1: FY9 | AP1: FY10 | AT1: FY11 | AX1: FY12 | BB1: FY13 | BF1: FY14 | BJ1: FY15
F2: Q1 | G2: Q2 | H2: Q3 | I2: Q4 | J2: Q1 | K2: Q2 | L2: Q3 | M2: Q4 | N2: Q1 | O2: Q2 | P2: Q3 | Q2: Q4 | R2: Q1 | S2: Q2 | T2: Q3 | U2: Q4 | V2: Q1 | W2: Q2 | X2: Q3 | Y2: Q4 | Z2: Q1 | AA2: Q2 | AB2: Q3 | AC2: Q4 | AD2: Q1 | AE2: Q2 | AF2: Q3 | AG2: Q4 | AH2: Q1 | AI2: Q2 | AJ2: Q3 | AK2: Q4 | AL2: Q1 | AM2: Q2 | AN2: Q3 | AO2: Q4 | AP2: Q1 | AQ2: Q2 | AR2: Q3 | AS2: Q4 | AT2: Q1 | AU2: Q2 | AV2: Q3 | AW2: Q4 | AX2: Q1 | AY2: Q2 | AZ2: Q3 | BA2: Q4 | BB2: Q1 | BC2: Q2 | BD2: Q3 | BE2: Q4 | BF2: Q1 | BG2: Q2 | BH2: Q3 | BI2: Q4 | BJ2: Q1 | BK2: Q2 | BL2: Q3 | BM2: Q4
B4: General Salex Quaterly | F4: =SUM(F10,F17,F24,F31,F38,F45) -> 1258308.5 | G4: =SUM(G10,G17,G24,G31,G38,G45) -> 8000 | H4: =SUM(H10,H17,H24,H31,H38,H45) -> 8000 | I4: =SUM(I10,I17,I24,I31,I38,I45) -> 8000 | J4: =SUM(J10,J17,J24,J31,J38,J45) -> 1283314.7 | K4: =SUM(K10,K17,K24,K31,K38,K45) -> 8000 | L4: =SUM(L10,L17,L24,L31,L38,L45) -> 8000 | M4: =SUM(M10,M17,M24,M31,M38,M45) -> 8000 | ... BM4: =SUM(BM10,BM17,BM24,BM31,BM38,BM45) -> 8000
B5: General Salex Yearly | H5: Year 1= | I5: =SUM(I11,I18,I25,I32,I39) -> 1250308.5 | L5: Year 2 = | M5: =SUM(M11,M18,M25,M32,M39) -> 1275314.7 | P5: Year 3 = | Q5: =SUM(Q11,Q18,Q25,Q32,Q39) -> 1300821 | T5: Year 4 = | U5: =SUM(U11,U18,U25,U32,U39) -> 1326837.4 | X5: Year 5 = | Y5: =SUM(Y11,Y18,Y25,Y32,Y39) -> 1353374.1 | AB5: Year 6 = | AC5: =SUM(AC11,AC18,AC25,AC32,AC39) -> 1380441.6 | AF5: Year 7 = | AG5: =SUM(AG11,AG18,AG25,AG32,AG39) -> 1408050.5 | AJ5: Year 8 = | AK5: =SUM(AK11,AK18,AK25,AK32,AK39) -> 1436211.5 | AN5: Year 9 = | AO5: =SUM(AO11,AO18,AO25,AO32,AO39) -> 1464935.7 | AR5: Year 10 = | AS5: =SUM(AS11,AS18,AS25,AS32,AS39) -> 1494234.4 | AV5: Year 11 = | AW5: =SUM(AW11,AW18,AW25,AW32,AW39) -> 1524119.1 | AZ5: Year 12 = | BA5: =SUM(BA11,BA18,BA25,BA32,BA39) -> 1554601.5 | BD5: Year 13 = | BE5: =SUM(BE11,BE18,BE25,BE32,BE39) -> 1585693.5 | BH5: Year 14 = | BI5: =SUM(BI11,BI18,BI25,BI32,BI39) -> 1617407.4 | BL5: Year 15 = | BM5: =SUM(BM11,BM18,BM25,BM32,BM39) -> 1649755.5
B7: Product line 1 | C7: % | D7: Price | E7: Biomass
B8: Ruthenus fingerling | C8: 100 | D8: 1 | E8: =SUM(F8:BM8) -> 3990346.3 | F8: ='UNIFIED Product'!E14 -> 266023.09 | G8: 0 | H8: 0 | I8: 0 | J8: ='UNIFIED Product'!F14 -> 266023.09 | K8: 0 | L8: 0 | M8: 0 | N8: ='UNIFIED Product'!G14 -> 266023.09 | O8: 0 | P8: 0 | Q8: 0 | R8: ='UNIFIED Product'!H14 -> 266023.09 | S8: 0 | T8: 0 | U8: 0 | V8: ='UNIFIED Product'!I14 -> 266023.09 | W8: 0 | X8: 0 | Y8: 0 | Z8: ='UNIFIED Product'!J14 -> 266023.09 | AA8: 0 | AB8: 0 | AC8: 0 | AD8: ='UNIFIED Product'!K14 -> 266023.09 | AE8: 0 | AF8: 0 | AG8: 0 | AH8: ='UNIFIED Product'!L14 -> 266023.09 | AI8: 0 | AJ8: 0 | AK8: 0 | AL8: ='UNIFIED Product'!M14 -> 266023.09 | AM8: 0 | AN8: 0 | AO8: 0 | AP8: ='UNIFIED Product'!N14 -> 266023.09 | AQ8: 0 | AR8: 0 | AS8: 0 | AT8: ='UNIFIED Product'!O14 -> 266023.09 | AU8: 0 | AV8: 0 | AW8: 0 | AX8: ='UNIFIED Product'!P14 -> 266023.09 | AY8: 0 | AZ8: 0 | BA8: 0 | BB8: ='UNIFIED Product'!Q14 -> 266023.09 | BC8: 0 | BD8: 0 | BE8: 0 | BF8: ='UNIFIED Product'!R14 -> 266023.09 | BG8: 0 | BH8: 0 | BI8: 0 | BJ8: ='UNIFIED Product'!S14 -> 266023.09 | BK8: 0 | BL8: 0 | BM8: 0
B9: Quarterly sales units | C9: % | D9: Total Harvest | E9: =SUM(F9:BM9) -> 3990346.3 | F9: =F8/100*C8 -> 266023.09 | G9: =G8/100*C8 -> 0 | H9: =H8/100*C8 -> 0 | I9: =I8/100*C8 -> 0 | J9: =J8/100*C8 -> 266023.09 | K9: =K8/100*G8 -> 0 | L9: =L8/100*G8 -> 0 | M9: =M8/100*G8 -> 0 | N9: =N8/100*C8 -> 266023.09 | O9: =O8/100*K8 -> 0 | P9: =P8/100*K8 -> 0 | Q9: =Q8/100*K8 -> 0 | R9: =R8/100*C8 -> 266023.09 | S9: =S8/100*O8 -> 0 | T9: =T8/100*O8 -> 0 | U9: =U8/100*O8 -> 0 | V9: =V8/100*C8 -> 266023.09 | W9: =W8/100*S8 -> 0 | X9: =X8/100*S8 -> 0 | Y9: =Y8/100*S8 -> 0 | Z9: =Z8/100*C8 -> 266023.09 | AA9: =AA8/100*W8 -> 0 | AB9: =AB8/100*W8 -> 0 | AC9: =AC8/100*W8 -> 0 | AD9: =AD8/100*C8 -> 266023.09 | AE9: =AE8/100*AA8 -> 0 | AF9: =AF8/100*AA8 -> 0 | AG9: =AG8/100*AA8 -> 0 | AH9: =AH8/100*C8 -> 266023.09 | AI9: =AI8/100*AE8 -> 0 | AJ9: =AJ8/100*AE8 -> 0 | AK9: =AK8/100*AE8 -> 0 | AL9: =AL8/100*C8 -> 266023.09 | AM9: =AM8/100*AI8 -> 0 | AN9: =AN8/100*AI8 -> 0 | AO9: =AO8/100*AI8 -> 0 | AP9: =AP8/100*C8 -> 266023.09 | AQ9: =AQ8/100*AM8 -> 0 | AR9: =AR8/100*AM8 -> 0 | AS9: =AS8/100*AM8 -> 0 | AT9: =AT8/100*C8 -> 266023.09 | AU9: =AU8/100*AQ8 -> 0 | AV9: =AV8/100*AQ8 -> 0 | AW9: =AW8/100*AQ8 -> 0 | AX9: =AX8/100*C8 -> 266023.09 | AY9: =AY8/100*AU8 -> 0 | AZ9: =AZ8/100*AU8 -> 0 | BA9: =BA8/100*AU8 -> 0 | BB9: =BB8/100*C8 -> 266023.09 | BC9: =BC8/100*AY8 -> 0 | BD9: =BD8/100*AY8 -> 0 | BE9: =BE8/100*AY8 -> 0 | BF9: =BF8/100*C8 -> 266023.09 | BG9: =BG8/100*BC8 -> 0 | BH9: =BH8/100*BC8 -> 0 | BI9: =BI8/100*BC8 -> 0 | BJ9: =BJ8/100*C8 -> 266023.09 | BK9: =BK8/100*BG8 -> 0 | BL9: =BL8/100*BG8 -> 0 | BM9: =BM8/100*BG8 -> 0
B10: Quarterly sales | C10: 2 | D10: Annualy indexing | F10: =F9*D8 -> 266023.09 | G10: =G9*D8 -> 0 | H10: =H9*D8 -> 0 | I10: =I9*D8 -> 0 | J10: =F10+F10/100*C10 -> 271343.55 | K10: =K9*H8 -> 0 | L10: =L9*H8 -> 0 | M10: =M9*H8 -> 0 | N10: =J10+J10/100*C10 -> 276770.42 | O10: =O9*L8 -> 0 | P10: =P9*L8 -> 0 | Q10: =Q9*L8 -> 0 | R10: =N10+N10/100*C10 -> 282305.83 | S10: =S9*P8 -> 0 | T10: =T9*P8 -> 0 | U10: =U9*P8 -> 0 | V10: =R10+R10/100*C10 -> 287951.95 | W10: =W9*T8 -> 0 | X10: =X9*T8 -> 0 | Y10: =Y9*T8 -> 0 | Z10: =V10+V10/100*C10 -> 293710.99 | AA10: =AA9*X8 -> 0 | AB10: =AB9*X8 -> 0 | AC10: =AC9*X8 -> 0 | AD10: =Z10+Z10/100*C10 -> 299585.21 | AE10: =AE9*AB8 -> 0 | AF10: =AF9*AB8 -> 0 | AG10: =AG9*AB8 -> 0 | AH10: =AD10+AD10/100*C10 -> 305576.91 | AI10: =AI9*AF8 -> 0 | AJ10: =AJ9*AF8 -> 0 | AK10: =AK9*AF8 -> 0 | AL10: =AH10+AH10/100*C10 -> 311688.45 | AM10: =AM9*AJ8 -> 0 | AN10: =AN9*AJ8 -> 0 | AO10: =AO9*AJ8 -> 0 | AP10: =AL10+AL10/100*C10 -> 317922.22 | AQ10: =AQ9*AN8 -> 0 | AR10: =AR9*AN8 -> 0 | AS10: =AS9*AN8 -> 0 | AT10: =AP10+AP10/100*C10 -> 324280.66 | AU10: =AU9*AR8 -> 0 | AV10: =AV9*AR8 -> 0 | AW10: =AW9*AR8 -> 0 | AX10: =AT10+AT10/100*C10 -> 330766.27 | AY10: =AY9*AV8 -> 0 | AZ10: =AZ9*AV8 -> 0 | BA10: =BA9*AV8 -> 0 | BB10: =AX10+AX10/100*C10 -> 337381.6 | BC10: =BC9*AZ8 -> 0 | BD10: =BD9*AZ8 -> 0 | BE10: =BE9*AZ8 -> 0 | BF10: =BB10+BB10/100*C10 -> 344129.23 | BG10: =BG9*BD8 -> 0 | BH10: =BH9*BD8 -> 0 | BI10: =BI9*BD8 -> 0 | BJ10: =BF10+BF10/100*C10 -> 351011.82 | BK10: =BK9*BH8 -> 0 | BL10: =BL9*BH8 -> 0 | BM10: =BM9*BH8 -> 0
B11: Annual sales | H11: Year 1 = | I11: =SUM(F10:I10) -> 266023.09 | L11: Year 2 = | M11: =SUM(J10:M10) -> 271343.55 | P11: Year 3 = | Q11: =SUM(N10:Q10) -> 276770.42 | T11: Year 4 = | U11: =SUM(R10:U10) -> 282305.83 | X11: Year 5 = | Y11: =SUM(V10:Y10) -> 287951.95 | AB11: Year 6 = | AC11: =SUM(Z10:AC10) -> 293710.99 | AF11: Year 7 = | AG11: =SUM(AD10:AG10) -> 299585.21 | AJ11: Year 8 = | AK11: =SUM(AH10:AK10) -> 305576.91 | AN11: Year 9 = | AO11: =SUM(AL10:AO10) -> 311688.45 | AR11: Year 10 = | AS11: =SUM(AP10:AS10) -> 317922.22 | AV11: Year 11 = | AW11: =SUM(AT10:AW10) -> 324280.66 | AZ11: Year 12 = | BA11: =SUM(AX10:BA10) -> 330766.27 | BD11: Year 13 = | BE11: =SUM(BB10:BE10) -> 337381.6 | BH11: Year 14 = | BI11: =SUM(BF10:BI10) -> 344129.23 | BL11: Year 15 = | BM11: =SUM(BJ10:BM10) -> 351011.82
B12: Total sales of Ruthenus fingerling | E12: =SUM(F11:BM11) -> 4600448.2
B14: Product line 2 | C14: % | D14: Price | E14: Biomass
B15: Baeri fingerling | C15: 100 | D15: 0.5 | E15: =SUM(F15:BM15) -> 3990346.3 | F15: ='UNIFIED Product'!E21 -> 266023.09 | G15: 0 | H15: 0 | I15: 0 | J15: ='UNIFIED Product'!F21 -> 266023.09 | K15: 0 | L15: 0 | M15: 0 | N15: ='UNIFIED Product'!G21 -> 266023.09 | O15: 0 | P15: 0 | Q15: 0 | R15: ='UNIFIED Product'!H21 -> 266023.09 | S15: 0 | T15: 0 | U15: 0 | V15: ='UNIFIED Product'!I21 -> 266023.09 | W15: 0 | X15: 0 | Y15: 0 | Z15: ='UNIFIED Product'!J21 -> 266023.09 | AA15: 0 | AB15: 0 | AC15: 0 | AD15: ='UNIFIED Product'!K21 -> 266023.09 | AE15: 0 | AF15: 0 | AG15: 0 | AH15: ='UNIFIED Product'!L21 -> 266023.09 | AI15: 0 | AJ15: 0 | AK15: 0 | AL15: ='UNIFIED Product'!M21 -> 266023.09 | AM15: 0 | AN15: 0 | AO15: 0 | AP15: ='UNIFIED Product'!N21 -> 266023.09 | AQ15: 0 | AR15: 0 | AS15: 0 | AT15: ='UNIFIED Product'!O21 -> 266023.09 | AU15: 0 | AV15: 0 | AW15: 0 | AX15: ='UNIFIED Product'!P21 -> 266023.09 | AY15: 0 | AZ15: 0 | BA15: 0 | BB15: ='UNIFIED Product'!Q21 -> 266023.09 | BC15: 0 | BD15: 0 | BE15: 0 | BF15: ='UNIFIED Product'!R21 -> 266023.09 | BG15: 0 | BH15: 0 | BI15: 0 | BJ15: ='UNIFIED Product'!S21 -> 266023.09 | BK15: 0 | BL15: 0 | BM15: 0
B16: Quarterly sales units | D16: Total Harvest | E16: =SUM(F16:BM16) -> 3990346.3 | F16: =F15/100*C15 -> 266023.09 | G16: =G15/100*C15 -> 0 | H16: =H15/100*C15 -> 0 | I16: =I15/100*C15 -> 0 | J16: =J15/100*C15 -> 266023.09 | K16: =K15/100*G15 -> 0 | L16: =L15/100*G15 -> 0 | M16: =M15/100*G15 -> 0 | N16: =N15/100*C15 -> 266023.09 | O16: =O15/100*K15 -> 0 | P16: =P15/100*K15 -> 0 | Q16: =Q15/100*K15 -> 0 | R16: =R15/100*C15 -> 266023.09 | S16: =S15/100*O15 -> 0 | T16: =T15/100*O15 -> 0 | U16: =U15/100*O15 -> 0 | V16: =V15/100*C15 -> 266023.09 | W16: =W15/100*S15 -> 0 | X16: =X15/100*S15 -> 0 | Y16: =Y15/100*S15 -> 0 | Z16: =Z15/100*C15 -> 266023.09 | AA16: =AA15/100*W15 -> 0 | AB16: =AB15/100*W15 -> 0 | AC16: =AC15/100*W15 -> 0 | AD16: =AD15/100*C15 -> 266023.09 | AE16: =AE15/100*AA15 -> 0 | AF16: =AF15/100*AA15 -> 0 | AG16: =AG15/100*AA15 -> 0 | AH16: =AH15/100*C15 -> 266023.09 | AI16: =AI15/100*AE15 -> 0 | AJ16: =AJ15/100*AE15 -> 0 | AK16: =AK15/100*AE15 -> 0 | AL16: =AL15/100*C15 -> 266023.09 | AM16: =AM15/100*AI15 -> 0 | AN16: =AN15/100*AI15 -> 0 | AO16: =AO15/100*AI15 -> 0 | AP16: =AP15/100*C15 -> 266023.09 | AQ16: =AQ15/100*AM15 -> 0 | AR16: =AR15/100*AM15 -> 0 | AS16: =AS15/100*AM15 -> 0 | AT16: =AT15/100*C15 -> 266023.09 | AU16: =AU15/100*AQ15 -> 0 | AV16: =AV15/100*AQ15 -> 0 | AW16: =AW15/100*AQ15 -> 0 | AX16: =AX15/100*C15 -> 266023.09 | AY16: =AY15/100*AU15 -> 0 | AZ16: =AZ15/100*AU15 -> 0 | BA16: =BA15/100*AU15 -> 0 | BB16: =BB15/100*C15 -> 266023.09 | BC16: =BC15/100*AY15 -> 0 | BD16: =BD15/100*AY15 -> 0 | BE16: =BE15/100*AY15 -> 0 | BF16: =BF15/100*C15 -> 266023.09 | BG16: =BG15/100*BC15 -> 0 | BH16: =BH15/100*BC15 -> 0 | BI16: =BI15/100*BC15 -> 0 | BJ16: =BJ15/100*C15 -> 266023.09 | BK16: =BK15/100*BG15 -> 0 | BL16: =BL15/100*BG15 -> 0 | BM16: =BM15/100*BG15 -> 0
B17: Quarterly sales | C17: 2 | D17: Annualy indexing | F17: =F16*D15 -> 133011.54 | G17: =G16*D15 -> 0 | H17: =H16*D15 -> 0 | I17: =I16*D15 -> 0 | J17: =F17+F17/100*C17 -> 135671.78 | K17: =K16*H15 -> 0 | L17: =L16*H15 -> 0 | M17: =M16*H15 -> 0 | N17: =J17+J17/100*C17 -> 138385.21 | O17: =O16*L15 -> 0 | P17: =P16*L15 -> 0 | Q17: =Q16*L15 -> 0 | R17: =N17+N17/100*C17 -> 141152.92 | S17: =S16*P15 -> 0 | T17: =T16*P15 -> 0 | U17: =U16*P15 -> 0 | V17: =R17+R17/100*C17 -> 143975.97 | W17: =W16*T15 -> 0 | X17: =X16*T15 -> 0 | Y17: =Y16*T15 -> 0 | Z17: =V17+V17/100*C17 -> 146855.49 | AA17: =AA16*X15 -> 0 | AB17: =AB16*X15 -> 0 | AC17: =AC16*X15 -> 0 | AD17: =Z17+Z17/100*C17 -> 149792.6 | AE17: =AE16*AB15 -> 0 | AF17: =AF16*AB15 -> 0 | AG17: =AG16*AB15 -> 0 | AH17: =AD17+AD17/100*C17 -> 152788.45 | AI17: =AI16*AF15 -> 0 | AJ17: =AJ16*AF15 -> 0 | AK17: =AK16*AF15 -> 0 | AL17: =AH17+AH17/100*C17 -> 155844.22 | AM17: =AM16*AJ15 -> 0 | AN17: =AN16*AJ15 -> 0 | AO17: =AO16*AJ15 -> 0 | AP17: =AL17+AL17/100*C17 -> 158961.11 | AQ17: =AQ16*AN15 -> 0 | AR17: =AR16*AN15 -> 0 | AS17: =AS16*AN15 -> 0 | AT17: =AP17+AP17/100*C17 -> 162140.33 | AU17: =AU16*AR15 -> 0 | AV17: =AV16*AR15 -> 0 | AW17: =AW16*AR15 -> 0 | AX17: =AT17+AT17/100*C17 -> 165383.14 | AY17: =AY16*AV15 -> 0 | AZ17: =AZ16*AV15 -> 0 | BA17: =BA16*AV15 -> 0 | BB17: =AX17+AX17/100*C17 -> 168690.8 | BC17: =BC16*AZ15 -> 0 | BD17: =BD16*AZ15 -> 0 | BE17: =BE16*AZ15 -> 0 | BF17: =BB17+BB17/100*C17 -> 172064.62 | BG17: =BG16*BD15 -> 0 | BH17: =BH16*BD15 -> 0 | BI17: =BI16*BD15 -> 0 | BJ17: =BF17+BF17/100*C17 -> 175505.91 | BK17: =BK16*BH15 -> 0 | BL17: =BL16*BH15 -> 0 | BM17: =BM16*BH15 -> 0
B18: Annual sales | H18: Year 1 = | I18: =SUM(F17:I17) -> 133011.54 | L18: Year 2 = | M18: =SUM(J17:M17) -> 135671.78 | P18: Year 3 = | Q18: =SUM(N17:Q17) -> 138385.21 | T18: Year 4 = | U18: =SUM(R17:U17) -> 141152.92 | X18: Year 5 = | Y18: =SUM(V17:Y17) -> 143975.97 | AB18: Year 6 = | AC18: =SUM(Z17:AC17) -> 146855.49 | AF18: Year 7 = | AG18: =SUM(AD17:AG17) -> 149792.6 | AJ18: Year 8 = | AK18: =SUM(AH17:AK17) -> 152788.45 | AN18: Year 9 = | AO18: =SUM(AL17:AO17) -> 155844.22 | AR18: Year 10 = | AS18: =SUM(AP17:AS17) -> 158961.11 | AV18: Year 11 = | AW18: =SUM(AT17:AW17) -> 162140.33 | AZ18: Year 12 = | BA18: =SUM(AX17:BA17) -> 165383.14 | BD18: Year 13 = | BE18: =SUM(BB17:BE17) -> 168690.8 | BH18: Year 14 = | BI18: =SUM(BF17:BI17) -> 172064.62 | BL18: Year 15 = | BM18: =SUM(BJ17:BM17) -> 175505.91
B19: Total sales of Ruthenus fingerling | E19: =SUM(F18:BM18) -> 2300224.1
B21: Product line 3 | C21: % | D21: Price | E21: Biomass
B22: Stellatus fingerling | C22: 100 | D22: 0.7 | E22: =SUM(F22:BM22) -> 3990346.3 | F22: ='UNIFIED Product'!E28 -> 266023.09 | G22: 0 | H22: 0 | I22: 0 | J22: ='UNIFIED Product'!F28 -> 266023.09 | K22: 0 | L22: 0 | M22: 0 | N22: ='UNIFIED Product'!G28 -> 266023.09 | O22: 0 | P22: 0 | Q22: 0 | R22: ='UNIFIED Product'!H28 -> 266023.09 | S22: 0 | T22: 0 | U22: 0 | V22: ='UNIFIED Product'!I28 -> 266023.09 | W22: 0 | X22: 0 | Y22: 0 | Z22: ='UNIFIED Product'!J28 -> 266023.09 | AA22: 0 | AB22: 0 | AC22: 0 | AD22: ='UNIFIED Product'!K28 -> 266023.09 | AE22: 0 | AF22: 0 | AG22: 0 | AH22: ='UNIFIED Product'!L28 -> 266023.09 | AI22: 0 | AJ22: 0 | AK22: 0 | AL22: ='UNIFIED Product'!M28 -> 266023.09 | AM22: 0 | AN22: 0 | AO22: 0 | AP22: ='UNIFIED Product'!N28 -> 266023.09 | AQ22: 0 | AR22: 0 | AS22: 0 | AT22: ='UNIFIED Product'!O28 -> 266023.09 | AU22: 0 | AV22: 0 | AW22: 0 | AX22: ='UNIFIED Product'!P28 -> 266023.09 | AY22: 0 | AZ22: 0 | BA22: 0 | BB22: ='UNIFIED Product'!Q28 -> 266023.09 | BC22: 0 | BD22: 0 | BE22: 0 | BF22: ='UNIFIED Product'!R28 -> 266023.09 | BG22: 0 | BH22: 0 | BI22: 0 | BJ22: ='UNIFIED Product'!S28 -> 266023.09 | BK22: 0 | BL22: 0 | BM22: 0
B23: Quarterly sales units | D23: Total Harvest | E23: =SUM(F23:BM23) -> 3990346.3 | F23: =F22/100*C22 -> 266023.09 | G23: =G22/100*C22 -> 0 | H23: =H22/100*C22 -> 0 | I23: =I22/100*C22 -> 0 | J23: =J22/100*C22 -> 266023.09 | K23: =K22/100*G22 -> 0 | L23: =L22/100*G22 -> 0 | M23: =M22/100*G22 -> 0 | N23: =N22/100*C22 -> 266023.09 | O23: =O22/100*K22 -> 0 | P23: =P22/100*K22 -> 0 | Q23: =Q22/100*K22 -> 0 | R23: =R22/100*C22 -> 266023.09 | S23: =S22/100*O22 -> 0 | T23: =T22/100*O22 -> 0 | U23: =U22/100*O22 -> 0 | V23: =V22/100*C22 -> 266023.09 | W23: =W22/100*S22 -> 0 | X23: =X22/100*S22 -> 0 | Y23: =Y22/100*S22 -> 0 | Z23: =Z22/100*C22 -> 266023.09 | AA23: =AA22/100*W22 -> 0 | AB23: =AB22/100*W22 -> 0 | AC23: =AC22/100*W22 -> 0 | AD23: =AD22/100*C22 -> 266023.09 | AE23: =AE22/100*AA22 -> 0 | AF23: =AF22/100*AA22 -> 0 | AG23: =AG22/100*AA22 -> 0 | AH23: =AH22/100*C22 -> 266023.09 | AI23: =AI22/100*AE22 -> 0 | AJ23: =AJ22/100*AE22 -> 0 | AK23: =AK22/100*AE22 -> 0 | AL23: =AL22/100*C22 -> 266023.09 | AM23: =AM22/100*AI22 -> 0 | AN23: =AN22/100*AI22 -> 0 | AO23: =AO22/100*AI22 -> 0 | AP23: =AP22/100*C22 -> 266023.09 | AQ23: =AQ22/100*AM22 -> 0 | AR23: =AR22/100*AM22 -> 0 | AS23: =AS22/100*AM22 -> 0 | AT23: =AT22/100*C22 -> 266023.09 | AU23: =AU22/100*AQ22 -> 0 | AV23: =AV22/100*AQ22 -> 0 | AW23: =AW22/100*AQ22 -> 0 | AX23: =AX22/100*C22 -> 266023.09 | AY23: =AY22/100*AU22 -> 0 | AZ23: =AZ22/100*AU22 -> 0 | BA23: =BA22/100*AU22 -> 0 | BB23: =BB22/100*C22 -> 266023.09 | BC23: =BC22/100*AY22 -> 0 | BD23: =BD22/100*AY22 -> 0 | BE23: =BE22/100*AY22 -> 0 | BF23: =BF22/100*C22 -> 266023.09 | BG23: =BG22/100*BC22 -> 0 | BH23: =BH22/100*BC22 -> 0 | BI23: =BI22/100*BC22 -> 0 | BJ23: =BJ22/100*C22 -> 266023.09 | BK23: =BK22/100*BG22 -> 0 | BL23: =BL22/100*BG22 -> 0 | BM23: =BM22/100*BG22 -> 0
B24: Quarterly sales | C24: 2 | D24: Annualy indexing | F24: =F23*D22 -> 186216.16 | G24: =G23*D22 -> 0 | H24: =H23*D22 -> 0 | I24: =I23*D22 -> 0 | J24: =F24+F24/100*C24 -> 189940.49 | K24: =K23*H22 -> 0 | L24: =L23*H22 -> 0 | M24: =M23*H22 -> 0 | N24: =J24+J24/100*C24 -> 193739.3 | O24: =O23*L22 -> 0 | P24: =P23*L22 -> 0 | Q24: =Q23*L22 -> 0 | R24: =N24+N24/100*C24 -> 197614.08 | S24: =S23*P22 -> 0 | T24: =T23*P22 -> 0 | U24: =U23*P22 -> 0 | V24: =R24+R24/100*C24 -> 201566.36 | W24: =W23*T22 -> 0 | X24: =X23*T22 -> 0 | Y24: =Y23*T22 -> 0 | Z24: =V24+V24/100*C24 -> 205597.69 | AA24: =AA23*X22 -> 0 | AB24: =AB23*X22 -> 0 | AC24: =AC23*X22 -> 0 | AD24: =Z24+Z24/100*C24 -> 209709.64 | AE24: =AE23*AB22 -> 0 | AF24: =AF23*AB22 -> 0 | AG24: =AG23*AB22 -> 0 | AH24: =AD24+AD24/100*C24 -> 213903.84 | AI24: =AI23*AF22 -> 0 | AJ24: =AJ23*AF22 -> 0 | AK24: =AK23*AF22 -> 0 | AL24: =AH24+AH24/100*C24 -> 218181.91 | AM24: =AM23*AJ22 -> 0 | AN24: =AN23*AJ22 -> 0 | AO24: =AO23*AJ22 -> 0 | AP24: =AL24+AL24/100*C24 -> 222545.55 | AQ24: =AQ23*AN22 -> 0 | AR24: =AR23*AN22 -> 0 | AS24: =AS23*AN22 -> 0 | AT24: =AP24+AP24/100*C24 -> 226996.46 | AU24: =AU23*AR22 -> 0 | AV24: =AV23*AR22 -> 0 | AW24: =AW23*AR22 -> 0 | AX24: =AT24+AT24/100*C24 -> 231536.39 | AY24: =AY23*AV22 -> 0 | AZ24: =AZ23*AV22 -> 0 | BA24: =BA23*AV22 -> 0 | BB24: =AX24+AX24/100*C24 -> 236167.12 | BC24: =BC23*AZ22 -> 0 | BD24: =BD23*AZ22 -> 0 | BE24: =BE23*AZ22 -> 0 | BF24: =BB24+BB24/100*C24 -> 240890.46 | BG24: =BG23*BD22 -> 0 | BH24: =BH23*BD22 -> 0 | BI24: =BI23*BD22 -> 0 | BJ24: =BF24+BF24/100*C24 -> 245708.27 | BK24: =BK23*BH22 -> 0 | BL24: =BL23*BH22 -> 0 | BM24: =BM23*BH22 -> 0
B25: Annual sales | H25: Year 1 = | I25: =SUM(F24:I24) -> 186216.16 | L25: Year 2 = | M25: =SUM(J24:M24) -> 189940.49 | P25: Year 3 = | Q25: =SUM(N24:Q24) -> 193739.3 | T25: Year 4 = | U25: =SUM(R24:U24) -> 197614.08 | X25: Year 5 = | Y25: =SUM(V24:Y24) -> 201566.36 | AB25: Year 6 = | AC25: =SUM(Z24:AC24) -> 205597.69 | AF25: Year 7 = | AG25: =SUM(AD24:AG24) -> 209709.64 | AJ25: Year 8 = | AK25: =SUM(AH24:AK24) -> 213903.84 | AN25: Year 9 = | AO25: =SUM(AL24:AO24) -> 218181.91 | AR25: Year 10 = | AS25: =SUM(AP24:AS24) -> 222545.55 | AV25: Year 11 = | AW25: =SUM(AT24:AW24) -> 226996.46 | AZ25: Year 12 = | BA25: =SUM(AX24:BA24) -> 231536.39 | BD25: Year 13 = | BE25: =SUM(BB24:BE24) -> 236167.12 | BH25: Year 14 = | BI25: =SUM(BF24:BI24) -> 240890.46 | BL25: Year 15 = | BM25: =SUM(BJ24:BM24) -> 245708.27
B26: Total sales of Stellatus fingerling | E26: =SUM(F25:BM25) -> 3220313.7
B28: Product line 4 | C28: % | D28: Price | E28: Biomass
B29: Gueldens. fingerling | C29: 100 | D29: 1 | E29: =SUM(F29:BM29) -> 3990346.3 | F29: ='UNIFIED Product'!E35 -> 266023.09 | G29: 0 | H29: 0 | I29: 0 | J29: ='UNIFIED Product'!F35 -> 266023.09 | K29: 0 | L29: 0 | M29: 0 | N29: ='UNIFIED Product'!G35 -> 266023.09 | O29: 0 | P29: 0 | Q29: 0 | R29: ='UNIFIED Product'!H35 -> 266023.09 | S29: 0 | T29: 0 | U29: 0 | V29: ='UNIFIED Product'!I35 -> 266023.09 | W29: 0 | X29: 0 | Y29: 0 | Z29: ='UNIFIED Product'!J35 -> 266023.09 | AA29: 0 | AB29: 0 | AC29: 0 | AD29: ='UNIFIED Product'!K35 -> 266023.09 | AE29: 0 | AF29: 0 | AG29: 0 | AH29: ='UNIFIED Product'!L35 -> 266023.09 | AI29: 0 | AJ29: 0 | AK29: 0 | AL29: ='UNIFIED Product'!M35 -> 266023.09 | AM29: 0 | AN29: 0 | AO29: 0 | AP29: ='UNIFIED Product'!N35 -> 266023.09 | AQ29: 0 | AR29: 0 | AS29: 0 | AT29: ='UNIFIED Product'!O35 -> 266023.09 | AU29: 0 | AV29: 0 | AW29: 0 | AX29: ='UNIFIED Product'!P35 -> 266023.09 | AY29: 0 | AZ29: 0 | BA29: 0 | BB29: ='UNIFIED Product'!Q35 -> 266023.09 | BC29: 0 | BD29: 0 | BE29: 0 | BF29: ='UNIFIED Product'!R35 -> 266023.09 | BG29: 0 | BH29: 0 | BI29: 0 | BJ29: ='UNIFIED Product'!S35 -> 266023.09 | BK29: 0 | BL29: 0 | BM29: 0
B30: Quarterly sales units | D30: Total Harvest | E30: =SUM(F30:BM30) -> 3990346.3 | F30: =F29/100*C29 -> 266023.09 | G30: =G29/100*C29 -> 0 | H30: =H29/100*C29 -> 0 | I30: =I29/100*C29 -> 0 | J30: =J29/100*C29 -> 266023.09 | K30: =K29/100*G29 -> 0 | L30: =L29/100*G29 -> 0 | M30: =M29/100*G29 -> 0 | N30: =N29/100*C29 -> 266023.09 | O30: =O29/100*K29 -> 0 | P30: =P29/100*K29 -> 0 | Q30: =Q29/100*K29 -> 0 | R30: =R29/100*C29 -> 266023.09 | S30: =S29/100*O29 -> 0 | T30: =T29/100*O29 -> 0 | U30: =U29/100*O29 -> 0 | V30: =V29/100*C29 -> 266023.09 | W30: =W29/100*S29 -> 0 | X30: =X29/100*S29 -> 0 | Y30: =Y29/100*S29 -> 0 | Z30: =Z29/100*C29 -> 266023.09 | AA30: =AA29/100*W29 -> 0 | AB30: =AB29/100*W29 -> 0 | AC30: =AC29/100*W29 -> 0 | AD30: =AD29/100*C29 -> 266023.09 | AE30: =AE29/100*AA29 -> 0 | AF30: =AF29/100*AA29 -> 0 | AG30: =AG29/100*AA29 -> 0 | AH30: =AH29/100*C29 -> 266023.09 | AI30: =AI29/100*AE29 -> 0 | AJ30: =AJ29/100*AE29 -> 0 | AK30: =AK29/100*AE29 -> 0 | AL30: =AL29/100*C29 -> 266023.09 | AM30: =AM29/100*AI29 -> 0 | AN30: =AN29/100*AI29 -> 0 | AO30: =AO29/100*AI29 -> 0 | AP30: =AP29/100*C29 -> 266023.09 | AQ30: =AQ29/100*AM29 -> 0 | AR30: =AR29/100*AM29 -> 0 | AS30: =AS29/100*AM29 -> 0 | AT30: =AT29/100*C29 -> 266023.09 | AU30: =AU29/100*AQ29 -> 0 | AV30: =AV29/100*AQ29 -> 0 | AW30: =AW29/100*AQ29 -> 0 | AX30: =AX29/100*C29 -> 266023.09 | AY30: =AY29/100*AU29 -> 0 | AZ30: =AZ29/100*AU29 -> 0 | BA30: =BA29/100*AU29 -> 0 | BB30: =BB29/100*C29 -> 266023.09 | BC30: =BC29/100*AY29 -> 0 | BD30: =BD29/100*AY29 -> 0 | BE30: =BE29/100*AY29 -> 0 | BF30: =BF29/100*C29 -> 266023.09 | BG30: =BG29/100*BC29 -> 0 | BH30: =BH29/100*BC29 -> 0 | BI30: =BI29/100*BC29 -> 0 | BJ30: =BJ29/100*C29 -> 266023.09 | BK30: =BK29/100*BG29 -> 0 | BL30: =BL29/100*BG29 -> 0 | BM30: =BM29/100*BG29 -> 0
B31: Quarterly sales | C31: 2 | D31: Annualy indexing | F31: =F30*D29 -> 266023.09 | G31: =G30*D29 -> 0 | H31: =H30*D29 -> 0 | I31: =I30*D29 -> 0 | J31: =F31+F31/100*C31 -> 271343.55 | K31: =K30*H29 -> 0 | L31: =L30*H29 -> 0 | M31: =M30*H29 -> 0 | N31: =J31+J31/100*C31 -> 276770.42 | O31: =O30*L29 -> 0 | P31: =P30*L29 -> 0 | Q31: =Q30*L29 -> 0 | R31: =N31+N31/100*C31 -> 282305.83 | S31: =S30*P29 -> 0 | T31: =T30*P29 -> 0 | U31: =U30*P29 -> 0 | V31: =R31+R31/100*C31 -> 287951.95 | W31: =W30*T29 -> 0 | X31: =X30*T29 -> 0 | Y31: =Y30*T29 -> 0 | Z31: =V31+V31/100*C31 -> 293710.99 | AA31: =AA30*X29 -> 0 | AB31: =AB30*X29 -> 0 | AC31: =AC30*X29 -> 0 | AD31: =Z31+Z31/100*C31 -> 299585.21 | AE31: =AE30*AB29 -> 0 | AF31: =AF30*AB29 -> 0 | AG31: =AG30*AB29 -> 0 | AH31: =AD31+AD31/100*C31 -> 305576.91 | AI31: =AI30*AF29 -> 0 | AJ31: =AJ30*AF29 -> 0 | AK31: =AK30*AF29 -> 0 | AL31: =AH31+AH31/100*C31 -> 311688.45 | AM31: =AM30*AJ29 -> 0 | AN31: =AN30*AJ29 -> 0 | AO31: =AO30*AJ29 -> 0 | AP31: =AL31+AL31/100*C31 -> 317922.22 | AQ31: =AQ30*AN29 -> 0 | AR31: =AR30*AN29 -> 0 | AS31: =AS30*AN29 -> 0 | AT31: =AP31+AP31/100*C31 -> 324280.66 | AU31: =AU30*AR29 -> 0 | AV31: =AV30*AR29 -> 0 | AW31: =AW30*AR29 -> 0 | AX31: =AT31+AT31/100*C31 -> 330766.27 | AY31: =AY30*AV29 -> 0 | AZ31: =AZ30*AV29 -> 0 | BA31: =BA30*AV29 -> 0 | BB31: =AX31+AX31/100*C31 -> 337381.6 | BC31: =BC30*AZ29 -> 0 | BD31: =BD30*AZ29 -> 0 | BE31: =BE30*AZ29 -> 0 | BF31: =BB31+BB31/100*C31 -> 344129.23 | BG31: =BG30*BD29 -> 0 | BH31: =BH30*BD29 -> 0 | BI31: =BI30*BD29 -> 0 | BJ31: =BF31+BF31/100*C31 -> 351011.82 | BK31: =BK30*BH29 -> 0 | BL31: =BL30*BH29 -> 0 | BM31: =BM30*BH29 -> 0
B32: Annual sales | H32: Year 1 = | I32: =SUM(F31:I31) -> 266023.09 | L32: Year 2 = | M32: =SUM(J31:M31) -> 271343.55 | P32: Year 3 = | Q32: =SUM(N31:Q31) -> 276770.42 | T32: Year 4 = | U32: =SUM(R31:U31) -> 282305.83 | X32: Year 5 = | Y32: =SUM(V31:Y31) -> 287951.95 | AB32: Year 6 = | AC32: =SUM(Z31:AC31) -> 293710.99 | AF32: Year 7 = | AG32: =SUM(AD31:AG31) -> 299585.21 | AJ32: Year 8 = | AK32: =SUM(AH31:AK31) -> 305576.91 | AN32: Year 9 = | AO32: =SUM(AL31:AO31) -> 311688.45 | AR32: Year 10 = | AS32: =SUM(AP31:AS31) -> 317922.22 | AV32: Year 11 = | AW32: =SUM(AT31:AW31) -> 324280.66 | AZ32: Year 12 = | BA32: =SUM(AX31:BA31) -> 330766.27 | BD32: Year 13 = | BE32: =SUM(BB31:BE31) -> 337381.6 | BH32: Year 14 = | BI32: =SUM(BF31:BI31) -> 344129.23 | BL32: Year 15 = | BM32: =SUM(BJ31:BM31) -> 351011.82
B33: Total sales of Gueldens. fingerling | E33: =SUM(F32:BM32) -> 4600448.2
B35: Product line 5 | C35: % | D35: Price | E35: Biomass
B36: Huso fingerling | C36: 100 | D36: 1.5 | E36: =SUM(F36:BM36) -> 3990346.3 | F36: ='UNIFIED Product'!E42 -> 266023.09 | G36: 0 | H36: 0 | I36: 0 | J36: ='UNIFIED Product'!F42 -> 266023.09 | K36: 0 | L36: 0 | M36: 0 | N36: ='UNIFIED Product'!G42 -> 266023.09 | O36: 0 | P36: 0 | Q36: 0 | R36: ='UNIFIED Product'!H42 -> 266023.09 | S36: 0 | T36: 0 | U36: 0 | V36: ='UNIFIED Product'!I42 -> 266023.09 | W36: 0 | X36: 0 | Y36: 0 | Z36: ='UNIFIED Product'!J42 -> 266023.09 | AA36: 0 | AB36: 0 | AC36: 0 | AD36: ='UNIFIED Product'!K42 -> 266023.09 | AE36: 0 | AF36: 0 | AG36: 0 | AH36: ='UNIFIED Product'!L42 -> 266023.09 | AI36: 0 | AJ36: 0 | AK36: 0 | AL36: ='UNIFIED Product'!M42 -> 266023.09 | AM36: 0 | AN36: 0 | AO36: 0 | AP36: ='UNIFIED Product'!N42 -> 266023.09 | AQ36: 0 | AR36: 0 | AS36: 0 | AT36: ='UNIFIED Product'!O42 -> 266023.09 | AU36: 0 | AV36: 0 | AW36: 0 | AX36: ='UNIFIED Product'!P42 -> 266023.09 | AY36: 0 | AZ36: 0 | BA36: 0 | BB36: ='UNIFIED Product'!Q42 -> 266023.09 | BC36: 0 | BD36: 0 | BE36: 0 | BF36: ='UNIFIED Product'!R42 -> 266023.09 | BG36: 0 | BH36: 0 | BI36: 0 | BJ36: ='UNIFIED Product'!S42 -> 266023.09 | BK36: 0 | BL36: 0 | BM36: 0
B37: Quarterly sales units | D37: Total Harvest | E37: =SUM(F37:BM37) -> 3990346.3 | F37: =F36/100*C36 -> 266023.09 | G37: =G36/100*C36 -> 0 | H37: =H36/100*C36 -> 0 | I37: =I36/100*C36 -> 0 | J37: =J36/100*C36 -> 266023.09 | K37: =K36/100*G36 -> 0 | L37: =L36/100*G36 -> 0 | M37: =M36/100*G36 -> 0 | N37: =N36/100*C36 -> 266023.09 | O37: =O36/100*K36 -> 0 | P37: =P36/100*K36 -> 0 | Q37: =Q36/100*K36 -> 0 | R37: =R36/100*C36 -> 266023.09 | S37: =S36/100*O36 -> 0 | T37: =T36/100*O36 -> 0 | U37: =U36/100*O36 -> 0 | V37: =V36/100*C36 -> 266023.09 | W37: =W36/100*S36 -> 0 | X37: =X36/100*S36 -> 0 | Y37: =Y36/100*S36 -> 0 | Z37: =Z36/100*C36 -> 266023.09 | AA37: =AA36/100*W36 -> 0 | AB37: =AB36/100*W36 -> 0 | AC37: =AC36/100*W36 -> 0 | AD37: =AD36/100*C36 -> 266023.09 | AE37: =AE36/100*AA36 -> 0 | AF37: =AF36/100*AA36 -> 0 | AG37: =AG36/100*AA36 -> 0 | AH37: =AH36/100*C36 -> 266023.09 | AI37: =AI36/100*AE36 -> 0 | AJ37: =AJ36/100*AE36 -> 0 | AK37: =AK36/100*AE36 -> 0 | AL37: =AL36/100*C36 -> 266023.09 | AM37: =AM36/100*AI36 -> 0 | AN37: =AN36/100*AI36 -> 0 | AO37: =AO36/100*AI36 -> 0 | AP37: =AP36/100*C36 -> 266023.09 | AQ37: =AQ36/100*AM36 -> 0 | AR37: =AR36/100*AM36 -> 0 | AS37: =AS36/100*AM36 -> 0 | AT37: =AT36/100*C36 -> 266023.09 | AU37: =AU36/100*AQ36 -> 0 | AV37: =AV36/100*AQ36 -> 0 | AW37: =AW36/100*AQ36 -> 0 | AX37: =AX36/100*C36 -> 266023.09 | AY37: =AY36/100*AU36 -> 0 | AZ37: =AZ36/100*AU36 -> 0 | BA37: =BA36/100*AU36 -> 0 | BB37: =BB36/100*C36 -> 266023.09 | BC37: =BC36/100*AY36 -> 0 | BD37: =BD36/100*AY36 -> 0 | BE37: =BE36/100*AY36 -> 0 | BF37: =BF36/100*C36 -> 266023.09 | BG37: =BG36/100*BC36 -> 0 | BH37: =BH36/100*BC36 -> 0 | BI37: =BI36/100*BC36 -> 0 | BJ37: =BJ36/100*C36 -> 266023.09 | BK37: =BK36/100*BG36 -> 0 | BL37: =BL36/100*BG36 -> 0 | BM37: =BM36/100*BG36 -> 0
B38: Quarterly sales | C38: 2 | D38: Annualy indexing | F38: =F37*D36 -> 399034.63 | G38: =G37*D36 -> 0 | H38: =H37*D36 -> 0 | I38: =I37*D36 -> 0 | J38: =F38+F38/100*C38 -> 407015.33 | K38: =K37*H36 -> 0 | L38: =L37*H36 -> 0 | M38: =M37*H36 -> 0 | N38: =J38+J38/100*C38 -> 415155.63 | O38: =O37*L36 -> 0 | P38: =P37*L36 -> 0 | Q38: =Q37*L36 -> 0 | R38: =N38+N38/100*C38 -> 423458.75 | S38: =S37*P36 -> 0 | T38: =T37*P36 -> 0 | U38: =U37*P36 -> 0 | V38: =R38+R38/100*C38 -> 431927.92 | W38: =W37*T36 -> 0 | X38: =X37*T36 -> 0 | Y38: =Y37*T36 -> 0 | Z38: =V38+V38/100*C38 -> 440566.48 | AA38: =AA37*X36 -> 0 | AB38: =AB37*X36 -> 0 | AC38: =AC37*X36 -> 0 | AD38: =Z38+Z38/100*C38 -> 449377.81 | AE38: =AE37*AB36 -> 0 | AF38: =AF37*AB36 -> 0 | AG38: =AG37*AB36 -> 0 | AH38: =AD38+AD38/100*C38 -> 458365.36 | AI38: =AI37*AF36 -> 0 | AJ38: =AJ37*AF36 -> 0 | AK38: =AK37*AF36 -> 0 | AL38: =AH38+AH38/100*C38 -> 467532.67 | AM38: =AM37*AJ36 -> 0 | AN38: =AN37*AJ36 -> 0 | AO38: =AO37*AJ36 -> 0 | AP38: =AL38+AL38/100*C38 -> 476883.32 | AQ38: =AQ37*AN36 -> 0 | AR38: =AR37*AN36 -> 0 | AS38: =AS37*AN36 -> 0 | AT38: =AP38+AP38/100*C38 -> 486420.99 | AU38: =AU37*AR36 -> 0 | AV38: =AV37*AR36 -> 0 | AW38: =AW37*AR36 -> 0 | AX38: =AT38+AT38/100*C38 -> 496149.41 | AY38: =AY37*AV36 -> 0 | AZ38: =AZ37*AV36 -> 0 | BA38: =BA37*AV36 -> 0 | BB38: =AX38+AX38/100*C38 -> 506072.4 | BC38: =BC37*AZ36 -> 0 | BD38: =BD37*AZ36 -> 0 | BE38: =BE37*AZ36 -> 0 | BF38: =BB38+BB38/100*C38 -> 516193.85 | BG38: =BG37*BD36 -> 0 | BH38: =BH37*BD36 -> 0 | BI38: =BI37*BD36 -> 0 | BJ38: =BF38+BF38/100*C38 -> 526517.72 | BK38: =BK37*BH36 -> 0 | BL38: =BL37*BH36 -> 0 | BM38: =BM37*BH36 -> 0
B39: Annual sales | H39: Year 1 = | I39: =SUM(F38:I38) -> 399034.63 | L39: Year 2 = | M39: =SUM(J38:M38) -> 407015.33 | P39: Year 3 = | Q39: =SUM(N38:Q38) -> 415155.63 | T39: Year 4 = | U39: =SUM(R38:U38) -> 423458.75 | X39: Year 5 = | Y39: =SUM(V38:Y38) -> 431927.92 | AB39: Year 6 = | AC39: =SUM(Z38:AC38) -> 440566.48 | AF39: Year 7 = | AG39: =SUM(AD38:AG38) -> 449377.81 | AJ39: Year 8 = | AK39: =SUM(AH38:AK38) -> 458365.36 | AN39: Year 9 = | AO39: =SUM(AL38:AO38) -> 467532.67 | AR39: Year 10 = | AS39: =SUM(AP38:AS38) -> 476883.32 | AV39: Year 11 = | AW39: =SUM(AT38:AW38) -> 486420.99 | AZ39: Year 12 = | BA39: =SUM(AX38:BA38) -> 496149.41 | BD39: Year 13 = | BE39: =SUM(BB38:BE38) -> 506072.4 | BH39: Year 14 = | BI39: =SUM(BF38:BI38) -> 516193.85 | BL39: Year 15 = | BM39: =SUM(BJ38:BM38) -> 526517.72
B40: Total sales of Huso fingerling | E40: =SUM(F39:BM39) -> 6900672.3
B42: Product line 6 | C42: % | D42: Price | E42: Pcs.
B43: Vegetal | C43: 100 | D43: 0.4 | E43: =SUM(F43:BM43) -> 1200000 | F43: =800*25 -> 20000 | G43: =800*25 -> 20000 | H43: =800*25 -> 20000 | I43: =800*25 -> 20000 | J43: =800*25 -> 20000 | K43: =800*25 -> 20000 | L43: =800*25 -> 20000 | M43: =800*25 -> 20000 | ... BM43: =800*25 -> 20000
B44: Quarterly sales units | D44: Total Harvest | E44: =SUM(F44:BM44) -> 1200000 | F44: =F43/100*C43 -> 20000 | G44: =G43/100*C43 -> 20000 | H44: =H43/100*C43 -> 20000 | I44: =I43/100*C43 -> 20000 | J44: =J43/100*C43 -> 20000 | K44: =K43/100*C43 -> 20000 | L44: =L43/100*C43 -> 20000 | M44: =M43/100*C43 -> 20000 | N44: =N43/100*C43 -> 20000 | O44: =C43/100*K43 -> 20000 | P44: =C43/100*K43 -> 20000 | Q44: =C43/100*K43 -> 20000 | R44: =R43/100*C43 -> 20000 | S44: =C43/100*O43 -> 20000 | T44: =C43/100*O43 -> 20000 | U44: =C43/100*O43 -> 20000 | V44: =V43/100*C43 -> 20000 | W44: =C43/100*S43 -> 20000 | X44: =C43/100*S43 -> 20000 | Y44: =C43/100*S43 -> 20000 | Z44: =Z43/100*C43 -> 20000 | AA44: =C43/100*W43 -> 20000 | AB44: =C43/100*W43 -> 20000 | AC44: =C43/100*W43 -> 20000 | AD44: =AD43/100*C43 -> 20000 | AE44: =C43/100*AA43 -> 20000 | AF44: =C43/100*AA43 -> 20000 | AG44: =C43/100*AA43 -> 20000 | AH44: =AH43/100*C43 -> 20000 | AI44: =C43/100*AE43 -> 20000 | AJ44: =C43/100*AE43 -> 20000 | AK44: =C43/100*AE43 -> 20000 | AL44: =AL43/100*C43 -> 20000 | AM44: =C43/100*AI43 -> 20000 | AN44: =C43/100*AI43 -> 20000 | AO44: =C43/100*AI43 -> 20000 | AP44: =AP43/100*C43 -> 20000 | AQ44: =C43/100*AM43 -> 20000 | AR44: =C43/100*AM43 -> 20000 | AS44: =C43/100*AM43 -> 20000 | AT44: =AT43/100*C43 -> 20000 | AU44: =C43/100*AQ43 -> 20000 | AV44: =C43/100*AQ43 -> 20000 | AW44: =C43/100*AQ43 -> 20000 | AX44: =AX43/100*C43 -> 20000 | AY44: =C43/100*AU43 -> 20000 | AZ44: =C43/100*AU43 -> 20000 | BA44: =C43/100*AU43 -> 20000 | BB44: =BB43/100*C43 -> 20000 | BC44: =C43/100*AY43 -> 20000 | BD44: =C43/100*AY43 -> 20000 | BE44: =C43/100*AY43 -> 20000 | BF44: =BF43/100*C43 -> 20000 | BG44: =C43/100*BC43 -> 20000 | BH44: =C43/100*BC43 -> 20000 | BI44: =C43/100*BC43 -> 20000 | BJ44: =BJ43/100*C43 -> 20000 | BK44: =C43/100*BG43 -> 20000 | BL44: =C43/100*BG43 -> 20000 | BM44: =C43/100*BG43 -> 20000
B45: Quarterly sales | C45: 0 | D45: Annualy indexing | F45: =F44*D43 -> 8000 | G45: =G44*D43 -> 8000 | H45: =H44*D43 -> 8000 | I45: =I44*D43 -> 8000 | J45: =J44*D43 -> 8000 | K45: =K44*D43 -> 8000 | L45: =L44*D43 -> 8000 | M45: =M44*D43 -> 8000 | N45: =J45+J45/100*C45 -> 8000 | O45: =O44*D43 -> 8000 | P45: =P44*D43 -> 8000 | Q45: =Q44*D43 -> 8000 | R45: =R44*D43 -> 8000 | S45: =S44*D43 -> 8000 | T45: =T44*D43 -> 8000 | U45: =U44*D43 -> 8000 | V45: =R45+R45/100*C45 -> 8000 | W45: =W44*D43 -> 8000 | X45: =X44*D43 -> 8000 | Y45: =Y44*D43 -> 8000 | Z45: =Z44*D43 -> 8000 | AA45: =AA44*D43 -> 8000 | AB45: =AB44*D43 -> 8000 | AC45: =AC44*D43 -> 8000 | AD45: =AD44*D43 -> 8000 | AE45: =AE44*D43 -> 8000 | AF45: =AF44*D43 -> 8000 | AG45: =AG44*D43 -> 8000 | AH45: =AH44*D43 -> 8000 | AI45: =AI44*D43 -> 8000 | AJ45: =AJ44*D43 -> 8000 | AK45: =AK44*D43 -> 8000 | AL45: =AL44*D43 -> 8000 | AM45: =AM44*D43 -> 8000 | AN45: =AN44*D43 -> 8000 | AO45: =AO44*D43 -> 8000 | AP45: =AP44*D43 -> 8000 | AQ45: =AQ44*D43 -> 8000 | AR45: =AR44*D43 -> 8000 | AS45: =AS44*D43 -> 8000 | AT45: =AT44*D43 -> 8000 | AU45: =AU44*D43 -> 8000 | AV45: =AV44*D43 -> 8000 | AW45: =AW44*D43 -> 8000 | AX45: =AX44*D43 -> 8000 | AY45: =AY44*D43 -> 8000 | AZ45: =AZ44*D43 -> 8000 | BA45: =BA44*D43 -> 8000 | BB45: =BB44*D43 -> 8000 | BC45: =BC44*D43 -> 8000 | BD45: =BD44*D43 -> 8000 | BE45: =BE44*D43 -> 8000 | BF45: =BF44*D43 -> 8000 | BG45: =BG44*D43 -> 8000 | BH45: =BH44*D43 -> 8000 | BI45: =BI44*D43 -> 8000 | BJ45: =BJ44*D43 -> 8000 | BK45: =BK44*D43 -> 8000 | BL45: =BL44*D43 -> 8000 | BM45: =BM44*D43 -> 8000
B46: Annual sales | H46: Year 1 = | I46: =SUM(F45:I45) -> 32000 | L46: Year 2 = | M46: =SUM(J45:M45) -> 32000 | P46: Year 3 = | Q46: =SUM(N45:Q45) -> 32000 | T46: Year 4 = | U46: =SUM(R45:U45) -> 32000 | X46: Year 5 = | Y46: =SUM(V45:Y45) -> 32000 | AB46: Year 6 = | AC46: =SUM(Z45:AC45) -> 32000 | AF46: Year 7 = | AG46: =SUM(AD45:AG45) -> 32000 | AJ46: Year 8 = | AK46: =SUM(AH45:AK45) -> 32000 | AN46: Year 9 = | AO46: =SUM(AL45:AO45) -> 32000 | AR46: Year 10 = | AS46: =SUM(AP45:AS45) -> 32000 | AV46: Year 11 = | AW46: =SUM(AT45:AW45) -> 32000 | AZ46: Year 12 = | BA46: =SUM(AX45:BA45) -> 32000 | BD46: Year 13 = | BE46: =SUM(BB45:BE45) -> 32000 | BH46: Year 14 = | BI46: =SUM(BF45:BI45) -> 32000 | BL46: Year 15 = | BM46: =SUM(BJ45:BM45) -> 32000
B47: Total sales of Huso fingerling | E47: =SUM(F46:BM46) -> 480000

Sheet Multiple Revenues Streams
B2: ANNUAL CHARTS
C3: FY 1 | D3: FY 2 | E3: FY 3 | F3: FY 4 | G3: FY 5 | H3: FY 6 | I3: FY 7 | J3: FY 8 | K3: FY 9 | L3: FY 10 | M3: FY 11 | N3: FY 12 | O3: FY 13 | P3: FY 14 | Q3: FY 15
B4: Revenue - Product 1 Ruthenus | C4: =SUM(C24:F24) -> 266023.09 | D4: =SUM(G24:J24) -> 271343.55 | E4: =SUM(K24:N24) -> 276770.42 | F4: =SUM(L24:O24) -> 282305.83 | G4: =SUM(M24:P24) -> 282305.83 | H4: =SUM(W24:Z24) -> 293710.99 | I4: =SUM(AA24:AD24) -> 299585.21 | J4: =SUM(AE24:AH24) -> 305576.91 | K4: =SUM(AI24:AL24) -> 311688.45 | L4: =SUM(AM24:AP24) -> 317922.22 | M4: =SUM(AN24:AQ24) -> 324280.66 | N4: =SUM(AO24:AR24) -> 324280.66 | O4: =SUM(AP24:AS24) -> 324280.66 | P4: =SUM(AQ24:AT24) -> 324280.66 | Q4: =SUM(AR24:AU24) -> 330766.27
B5: Revenue - Product 2 Baeri | C5: =SUM(C25:F25) -> 133010 | D5: =SUM(G25:J25) -> 135670 | E5: =SUM(K25:N25) -> 138390 | F5: =SUM(K25:N25) -> 138390 | G5: =SUM(S25:V25) -> 143980 | H5: =SUM(W25:Z25) -> 146860 | I5: =SUM(AA25:AD25) -> 149790 | J5: =SUM(AE25:AH25) -> 152790 | K5: =SUM(AI25:AL25) -> 155840 | L5: =SUM(AM25:AP25) -> 158960 | M5: =SUM(AN25:AQ25) -> 162140 | N5: =SUM(AO25:AR25) -> 162140 | O5: =SUM(AP25:AS25) -> 162140 | P5: =SUM(AQ25:AT25) -> 162140 | Q5: =SUM(AR25:AU25) -> 165380
B6: Revenue - Product 3 Stellatus | C6: =SUM(C26:F26) -> 186216.16 | D6: =SUM(G26:J26) -> 189940.49 | E6: =SUM(K26:N26) -> 193739.3 | F6: =SUM(K26:N26) -> 193739.3 | G6: =SUM(S26:V26) -> 201566.36 | H6: =SUM(W26:Z26) -> 205597.69 | I6: =SUM(AA26:AD26) -> 209709.64 | J6: =SUM(AE26:AH26) -> 213903.84 | K6: =SUM(AI26:AL26) -> 218181.91 | L6: =SUM(AM26:AP26) -> 222545.55 | M6: =SUM(AN26:AQ26) -> 226996.46 | N6: =SUM(AO26:AR26) -> 226996.46 | O6: =SUM(AP26:AS26) -> 226996.46 | P6: =SUM(AQ26:AT26) -> 226996.46 | Q6: =SUM(AR26:AU26) -> 231536.39
B7: Revenue - Product 4 Gueldens. | C7: =SUM(C27:F27) -> 266023.09 | D7: =SUM(G27:J27) -> 271343.55 | E7: =SUM(K27:N27) -> 276770.42 | F7: =SUM(K27:N27) -> 276770.42 | G7: =SUM(S27:V27) -> 287951.95 | H7: =SUM(W27:Z27) -> 293710.99 | I7: =SUM(AA27:AD27) -> 299585.21 | J7: =SUM(AE27:AH27) -> 305576.91 | K7: =SUM(AI27:AL27) -> 311688.45 | L7: =SUM(AM27:AP27) -> 317922.22 | M7: =SUM(AN27:AQ27) -> 324280.66 | N7: =SUM(AO27:AR27) -> 324280.66 | O7: =SUM(AP27:AS27) -> 324280.66 | P7: =SUM(AQ27:AT27) -> 324280.66 | Q7: =SUM(AR27:AU27) -> 330766.27
B8: Revenue - Product 5 Huso | C8: =SUM(C28:F28) -> 399034.63 | D8: =SUM(G28:J28) -> 407015.33 | E8: =SUM(K28:N28) -> 415155.63 | F8: =SUM(K28:N28) -> 415155.63 | G8: =SUM(S28:V28) -> 431927.92 | H8: =SUM(W28:Z28) -> 440566.48 | I8: =SUM(AA28:AD28) -> 449377.81 | J8: =SUM(AE28:AH28) -> 458365.36 | K8: =SUM(AI28:AL28) -> 467532.67 | L8: =SUM(AM28:AP28) -> 476883.32 | M8: =SUM(AN28:AQ28) -> 486420.99 | N8: =SUM(AO28:AR28) -> 486420.99 | O8: =SUM(AP28:AS28) -> 486420.99 | P8: =SUM(AQ28:AT28) -> 486420.99 | Q8: =SUM(AR28:AU28) -> 496149.41
B9: Revenue - Product 6 Vegetables | C9: =SUM(C29:F29) -> 32000 | D9: =SUM(D29:G29) -> 32000 | E9: =SUM(E29:H29) -> 32000 | F9: =SUM(F29:I29) -> 32000 | G9: =SUM(G29:J29) -> 32000 | H9: =SUM(H29:K29) -> 32000 | I9: =SUM(I29:L29) -> 32000 | J9: =SUM(J29:M29) -> 32000 | ... Q9: =SUM(Q29:T29) -> 32000
B10: Total Revenue | C10: =SUM(C4:C9) -> 1282307 | D10: =SUM(D4:D9) -> 1307312.9 | E10: =SUM(E4:E9) -> 1332825.8 | F10: =SUM(F4:F9) -> 1338361.2 | G10: =SUM(G4:G9) -> 1379732.1 | H10: =SUM(H4:H9) -> 1412446.1 | I10: =SUM(I4:I9) -> 1440047.9 | J10: =SUM(J4:J9) -> 1468213 | ... Q10: =SUM(Q4:Q9) -> 1586598.4
B12: Direct Cost - Product 1 Ruthenus | C12: =SUM(C32:F32) -> 31728.355 | D12: =SUM(G32:J32) -> 31728.355 | E12: =SUM(K32:N32) -> 31728.355 | F12: =SUM(L32:O32) -> 31728.355 | G12: =SUM(M32:P32) -> 31728.355 | H12: =SUM(W32:Z32) -> 31728.355 | I12: =SUM(AA32:AD32) -> 31728.355 | J12: =SUM(AE32:AH32) -> 31728.355 | K12: =SUM(AI32:AL32) -> 31728.355 | L12: =SUM(AM32:AP32) -> 31728.355 | M12: =SUM(AN32:AQ32) -> 31728.355 | N12: =SUM(AO32:AR32) -> 31728.355 | O12: =SUM(AP32:AS32) -> 31728.355 | P12: =SUM(AQ32:AT32) -> 31728.355 | Q12: =SUM(AR32:AU32) -> 31728.355
B13: Direct Cost - Product 2 Baeri | C13: =SUM(C33:F33) -> 25651.426 | D13: =SUM(G33:J33) -> 25651.426 | E13: =SUM(K33:N33) -> 25651.426 | F13: =SUM(O33:R33) -> 25651.426 | G13: =SUM(S33:V33) -> 25651.426 | H13: =SUM(W33:Z33) -> 25651.426 | I13: =SUM(AA33:AD33) -> 25651.426 | J13: =SUM(AE33:AH33) -> 25651.426 | K13: =SUM(AI33:AL33) -> 25651.426 | L13: =SUM(AM33:AP33) -> 25651.426 | M13: =SUM(AN33:AQ33) -> 25651.426 | N13: =SUM(AO33:AR33) -> 25651.426 | O13: =SUM(AP33:AS33) -> 25651.426 | P13: =SUM(AQ33:AT33) -> 25651.426 | Q13: =SUM(AR33:AU33) -> 25651.426
B14: Direct Cost - Product 3 Stellatus | C14: =SUM(C34:F34) -> 23275.717 | D14: =SUM(G34:J34) -> 23275.717 | E14: =SUM(K34:N34) -> 23275.717 | F14: =SUM(O34:R34) -> 23275.717 | G14: =SUM(S34:V34) -> 23275.717 | H14: =SUM(W34:Z34) -> 23275.717 | I14: =SUM(AA34:AD34) -> 23275.717 | J14: =SUM(AE34:AH34) -> 23275.717 | K14: =SUM(AI34:AL34) -> 23275.717 | L14: =SUM(AM34:AP34) -> 23275.717 | M14: =SUM(AN34:AQ34) -> 23275.717 | N14: =SUM(AO34:AR34) -> 23275.717 | O14: =SUM(AP34:AS34) -> 23275.717 | P14: =SUM(AQ34:AT34) -> 23275.717 | Q14: =SUM(AR34:AU34) -> 23275.717
B15: Direct Cost - Product 4 Gueldens. | C15: =SUM(C35:F35) -> 24840.904 | D15: =SUM(G35:J35) -> 24840.904 | E15: =SUM(K35:N35) -> 24840.904 | F15: =SUM(O35:R35) -> 24840.904 | G15: =SUM(S35:V35) -> 24840.904 | H15: =SUM(W35:Z35) -> 24840.904 | I15: =SUM(AA35:AD35) -> 24840.904 | J15: =SUM(AE35:AH35) -> 24840.904 | K15: =SUM(AI35:AL35) -> 24840.904 | L15: =SUM(AM35:AP35) -> 24840.904 | M15: =SUM(AN35:AQ35) -> 24840.904 | N15: =SUM(AO35:AR35) -> 24840.904 | O15: =SUM(AP35:AS35) -> 24840.904 | P15: =SUM(AQ35:AT35) -> 24840.904 | Q15: =SUM(AR35:AU35) -> 24840.904
B16: Direct Cost - Product 5 Huso | C16: =SUM(C36:F36) -> 26099.273 | D16: =SUM(G36:J36) -> 26099.273 | E16: =SUM(K36:N36) -> 26099.273 | F16: =SUM(O36:R36) -> 26099.273 | G16: =SUM(S36:V36) -> 26099.273 | H16: =SUM(W36:Z36) -> 26099.273 | I16: =SUM(AA36:AD36) -> 26099.273 | J16: =SUM(AE36:AH36) -> 26099.273 | K16: =SUM(AI36:AL36) -> 26099.273 | L16: =SUM(AM36:AP36) -> 26099.273 | M16: =SUM(AN36:AQ36) -> 26099.273 | N16: =SUM(AO36:AR36) -> 26099.273 | O16: =SUM(AP36:AS36) -> 26099.273 | P16: =SUM(AQ36:AT36) -> 26099.273 | Q16: =SUM(AR36:AU36) -> 26099.273
B17: Direct Cost - Product 6 Vegetables. | C17: =SUM(C37:F37) -> 2000 | D17: =SUM(D37:G37) -> 2000 | E17: =SUM(E37:H37) -> 2000 | F17: =SUM(F37:I37) -> 2000 | G17: =SUM(G37:J37) -> 2000 | H17: =SUM(H37:K37) -> 2000 | I17: =SUM(I37:L37) -> 2000 | J17: =SUM(J37:M37) -> 2000 | ... Q17: =SUM(Q37:T37) -> 2000
B18: Total Direct Costs | C18: =SUM(C12:C17) -> 133595.67 | D18: =SUM(D12:D17) -> 133595.67 | E18: =SUM(E12:E17) -> 133595.67 | F18: =SUM(F12:F17) -> 133595.67 | G18: =SUM(G12:G17) -> 133595.67 | H18: =SUM(H12:H17) -> 133595.67 | I18: =SUM(I12:I17) -> 133595.67 | J18: =SUM(J12:J17) -> 133595.67 | ... Q18: =SUM(Q12:Q17) -> 133595.67
B21: QUARTERLY CHARTS
C22: FY 1 | G22: FY 2 | K22: FY 3 | O22: FY 4 | S22: FY 5 | W22: FY 6 | AA22: FY 7 | AE22: FY 8 | AI22: FY 9 | AM22: FY 10 | AQ22: FY 11 | AU22: FY 12 | AY22: FY 13 | BC22: FY 14 | BG22: FY 15
B23: Revenue | C23: Q1 FY1 | D23: Q2 FY1 | E23: Q3 FY1 | F23: Q4 FY1 | G23: Q1 FY2 | H23: Q2 FY2 | I23: Q3 FY2 | J23: Q4 FY2 | K23: Q1 FY3 | L23: Q2 FY3 | M23: Q3 FY3 | N23: Q4 FY3 | O23: Q1 FY4 | P23: Q2 FY4 | Q23: Q3 FY4 | R23: Q4 FY4 | S23: Q1 FY5 | T23: Q2 FY5 | U23: Q3 FY5 | V23: Q4 FY5 | W23: Q1 FY6 | X23: Q2 FY6 | Y23: Q3 FY6 | Z23: Q4 FY6 | AA23: Q1 FY7 | AB23: Q2 FY7 | AC23: Q3 FY7 | AD23: Q4 FY7 | AE23: Q1 FY8 | AF23: Q2 FY8 | AG23: Q3 FY8 | AH23: Q4 FY8 | AI23: Q1 FY9 | AJ23: Q2 FY9 | AK23: Q3 FY9 | AL23: Q4 FY9 | AM23: Q1 FY10 | AN23: Q2 FY10 | AO23: Q3 FY10 | AP23: Q4 FY10 | AQ23: Q1 FY11 | AR23: Q2 FY11 | AS23: Q3 FY11 | AT23: Q4 FY11 | AU23: Q1 FY12 | AV23: Q2 FY12 | AW23: Q3 FY12 | AX23: Q4 FY12 | AY23: Q1 FY13 | AZ23: Q2 FY13 | BA23: Q3 FY13 | BB23: Q4 FY13 | BC23: Q1 FY14 | BD23: Q2 FY14 | BE23: Q3 FY14 | BF23: Q4 FY14 | BG23: Q1 FY15 | BH23: Q2 FY15 | BI23: Q3 FY15 | BJ23: Q4 FY15
B24: Revenue - Product 1 Ruthenus | C24: =C80 -> 266023.09 | D24: =D80 -> 0 | E24: =E80 -> 0 | F24: =F80 -> 0 | G24: =C81 -> 271343.55 | H24: =D81 -> 0 | I24: =E81 -> 0 | J24: =F81 -> 0 | K24: =C82 -> 276770.42 | L24: =D82 -> 0 | M24: =E82 -> 0 | N24: =F82 -> 0 | O24: =C83 -> 282305.83 | P24: =D83 -> 0 | Q24: =E83 -> 0 | R24: =F83 -> 0 | S24: =C84 -> 287951.95 | T24: =D84 -> 0 | U24: =E84 -> 0 | V24: =F84 -> 0 | W24: =C85 -> 293710.99 | X24: =D85 -> 0 | Y24: =E85 -> 0 | Z24: =F85 -> 0 | AA24: =C86 -> 299585.21 | AB24: =D86 -> 0 | AC24: =E86 -> 0 | AD24: =F86 -> 0 | AE24: =C87 -> 305576.91 | AF24: =D87 -> 0 | AG24: =E87 -> 0 | AH24: =F87 -> 0 | AI24: =C88 -> 311688.45 | AJ24: =D88 -> 0 | AK24: =E88 -> 0 | AL24: =F88 -> 0 | AM24: =C89 -> 317922.22 | AN24: =D89 -> 0 | AO24: =E89 -> 0 | AP24: =F89 -> 0 | AQ24: =C90 -> 324280.66 | AR24: =D90 -> 0 | AS24: =E90 -> 0 | AT24: =F90 -> 0 | AU24: =C91 -> 330766.27 | AV24: =D91 -> 0 | AW24: =E91 -> 0 | AX24: =F91 -> 0 | AY24: =C92 -> 337381.6 | AZ24: =D92 -> 0 | BA24: =E92 -> 0 | BB24: =F92 -> 0 | BC24: =C93 -> 344129.23 | BD24: =D93 -> 0 | BE24: =E93 -> 0 | BF24: =F93 -> 0 | BG24: =C94 -> 351011.82 | BH24: =D94 -> 0 | BI24: =E94 -> 0 | BJ24: =F94 -> 0
B25: Revenue - Product 2 Baeri | C25: =C170 -> 133010 | D25: =D170 -> 0 | E25: =E170 -> 0 | F25: =F170 -> 0 | G25: =C171 -> 135670 | H25: =D171 -> 0 | I25: =E171 -> 0 | J25: =F171 -> 0 | K25: =C172 -> 138390 | L25: =D172 -> 0 | M25: =E172 -> 0 | N25: =F172 -> 0 | O25: =C173 -> 141150 | P25: =D173 -> 0 | Q25: =E173 -> 0 | R25: =F173 -> 0 | S25: =C174 -> 143980 | T25: =D174 -> 0 | U25: =E174 -> 0 | V25: =F174 -> 0 | W25: =C175 -> 146860 | X25: =D175 -> 0 | Y25: =E175 -> 0 | Z25: =F175 -> 0 | AA25: =C176 -> 149790 | AB25: =D176 -> 0 | AC25: =E176 -> 0 | AD25: =F176 -> 0 | AE25: =C177 -> 152790 | AF25: =D177 -> 0 | AG25: =E177 -> 0 | AH25: =F177 -> 0 | AI25: =C178 -> 155840 | AJ25: =D178 -> 0 | AK25: =E178 -> 0 | AL25: =F178 -> 0 | AM25: =C179 -> 158960 | AN25: =D179 -> 0 | AO25: =E179 -> 0 | AP25: =F179 -> 0 | AQ25: =C180 -> 162140 | AR25: =D180 -> 0 | AS25: =E180 -> 0 | AT25: =F180 -> 0 | AU25: =C181 -> 165380 | AV25: =D181 -> 0 | AW25: =E181 -> 0 | AX25: =F181 -> 0 | AY25: =C182 -> 168690 | AZ25: =D182 -> 0 | BA25: =E182 -> 0 | BB25: =F182 -> 0 | BC25: =C183 -> 172060 | BD25: =D183 -> 0 | BE25: =E183 -> 0 | BF25: =F183 -> 0 | BG25: =C184 -> 175510 | BH25: =D184 -> 0 | BI25: =E184 -> 0 | BJ25: =F184 -> 0
B26: Revenue - Product 3 Stellatus | C26: =C259 -> 186216.16 | D26: =D259 -> 0 | E26: =E259 -> 0 | F26: =F259 -> 0 | G26: =C260 -> 189940.49 | H26: =D260 -> 0 | I26: =E260 -> 0 | J26: =F260 -> 0 | K26: =C261 -> 193739.3 | L26: =D261 -> 0 | M26: =E261 -> 0 | N26: =F261 -> 0 | O26: =C262 -> 197614.08 | P26: =D262 -> 0 | Q26: =E262 -> 0 | R26: =F262 -> 0 | S26: =C263 -> 201566.36 | T26: =D263 -> 0 | U26: =E263 -> 0 | V26: =F263 -> 0 | W26: =C264 -> 205597.69 | X26: =D264 -> 0 | Y26: =E264 -> 0 | Z26: =F264 -> 0 | AA26: =C265 -> 209709.64 | AB26: =D265 -> 0 | AC26: =E265 -> 0 | AD26: =F265 -> 0 | AE26: =C266 -> 213903.84 | AF26: =D266 -> 0 | AG26: =E266 -> 0 | AH26: =F266 -> 0 | AI26: =C267 -> 218181.91 | AJ26: =D267 -> 0 | AK26: =E267 -> 0 | AL26: =F267 -> 0 | AM26: =C268 -> 222545.55 | AN26: =D268 -> 0 | AO26: =E268 -> 0 | AP26: =F268 -> 0 | AQ26: =C269 -> 226996.46 | AR26: =D269 -> 0 | AS26: =E269 -> 0 | AT26: =F269 -> 0 | AU26: =C270 -> 231536.39 | AV26: =D270 -> 0 | AW26: =E270 -> 0 | AX26: =F270 -> 0 | AY26: =C271 -> 236167.12 | AZ26: =D271 -> 0 | BA26: =E271 -> 0 | BB26: =F271 -> 0 | BC26: =C272 -> 240890.46 | BD26: =D272 -> 0 | BE26: =E272 -> 0 | BF26: =F272 -> 0 | BG26: =C273 -> 245708.27 | BH26: =D273 -> 0 | BI26: =E273 -> 0 | BJ26: =F273 -> 0
B27: Revenue - Product 4 Gueldens. | C27: =C348 -> 266023.09 | D27: =D348 -> 0 | E27: =E348 -> 0 | F27: =F348 -> 0 | G27: =C349 -> 271343.55 | H27: =D349 -> 0 | I27: =E349 -> 0 | J27: =F349 -> 0 | K27: =C350 -> 276770.42 | L27: =D350 -> 0 | M27: =E350 -> 0 | N27: =F350 -> 0 | O27: =C351 -> 282305.83 | P27: =D351 -> 0 | Q27: =E351 -> 0 | R27: =F351 -> 0 | S27: =C352 -> 287951.95 | T27: =D352 -> 0 | U27: =E352 -> 0 | V27: =F352 -> 0 | W27: =C353 -> 293710.99 | X27: =D353 -> 0 | Y27: =E353 -> 0 | Z27: =F353 -> 0 | AA27: =C354 -> 299585.21 | AB27: =D354 -> 0 | AC27: =E354 -> 0 | AD27: =F354 -> 0 | AE27: =C355 -> 305576.91 | AF27: =D355 -> 0 | AG27: =E355 -> 0 | AH27: =F355 -> 0 | AI27: =C356 -> 311688.45 | AJ27: =D356 -> 0 | AK27: =E356 -> 0 | AL27: =F356 -> 0 | AM27: =C357 -> 317922.22 | AN27: =D357 -> 0 | AO27: =E357 -> 0 | AP27: =F357 -> 0 | AQ27: =C358 -> 324280.66 | AR27: =D358 -> 0 | AS27: =E358 -> 0 | AT27: =F358 -> 0 | AU27: =C359 -> 330766.27 | AV27: =D359 -> 0 | AW27: =E359 -> 0 | AX27: =F359 -> 0 | AY27: =C360 -> 337381.6 | AZ27: =D360 -> 0 | BA27: =E360 -> 0 | BB27: =F360 -> 0 | BC27: =C361 -> 344129.23 | BD27: =D361 -> 0 | BE27: =E361 -> 0 | BF27: =F361 -> 0 | BG27: =C362 -> 351011.82 | BH27: =D362 -> 0 | BI27: =E362 -> 0 | BJ27: =F362 -> 0
B28: Revenue - Product 5 Huso | C28: =C438 -> 399034.63 | D28: =D438 -> 0 | E28: =E438 -> 0 | F28: =F438 -> 0 | G28: =C439 -> 407015.33 | H28: =D439 -> 0 | I28: =E439 -> 0 | J28: =F439 -> 0 | K28: =C440 -> 415155.63 | L28: =D440 -> 0 | M28: =E440 -> 0 | N28: =F440 -> 0 | O28: =C441 -> 423458.75 | P28: =D441 -> 0 | Q28: =E441 -> 0 | R28: =F441 -> 0 | S28: =C442 -> 431927.92 | T28: =D442 -> 0 | U28: =E442 -> 0 | V28: =F442 -> 0 | W28: =C443 -> 440566.48 | X28: =D443 -> 0 | Y28: =E443 -> 0 | Z28: =F443 -> 0 | AA28: =C444 -> 449377.81 | AB28: =D444 -> 0 | AC28: =E444 -> 0 | AD28: =F444 -> 0 | AE28: =C445 -> 458365.36 | AF28: =D445 -> 0 | AG28: =E445 -> 0 | AH28: =F445 -> 0 | AI28: =C446 -> 467532.67 | AJ28: =D446 -> 0 | AK28: =E446 -> 0 | AL28: =F446 -> 0 | AM28: =C447 -> 476883.32 | AN28: =D447 -> 0 | AO28: =E447 -> 0 | AP28: =F447 -> 0 | AQ28: =C448 -> 486420.99 | AR28: =D448 -> 0 | AS28: =E448 -> 0 | AT28: =F448 -> 0 | AU28: =C449 -> 496149.41 | AV28: =D449 -> 0 | AW28: =E449 -> 0 | AX28: =F449 -> 0 | AY28: =C450 -> 506072.4 | AZ28: =D450 -> 0 | BA28: =E450 -> 0 | BB28: =F450 -> 0 | BC28: =C451 -> 516193.85 | BD28: =D451 -> 0 | BE28: =E451 -> 0 | BF28: =F451 -> 0 | BG28: =C452 -> 526517.72 | BH28: =D452 -> 0 | BI28: =E452 -> 0 | BJ28: =F452 -> 0
B29: Revenue - Product 6 Vegetables | C29: =C527 -> 8000 | D29: =D527 -> 8000 | E29: =E527 -> 8000 | F29: =F527 -> 8000 | G29: =C529 -> 8000 | H29: =D529 -> 8000 | I29: =E529 -> 8000 | J29: =F529 -> 8000 | K29: =C530 -> 8000 | L29: =D530 -> 8000 | M29: =E530 -> 8000 | N29: =F530 -> 8000 | O29: =C531 -> 8000 | P29: =D531 -> 8000 | Q29: =E531 -> 8000 | R29: =F531 -> 8000 | S29: =C532 -> 8000 | T29: =D532 -> 8000 | U29: =E532 -> 8000 | V29: =F532 -> 8000 | W29: =C533 -> 8000 | X29: =D533 -> 8000 | Y29: =E533 -> 8000 | Z29: =F533 -> 8000 | AA29: =C534 -> 8000 | AB29: =D534 -> 8000 | AC29: =E534 -> 8000 | AD29: =F534 -> 8000 | AE29: =C534 -> 8000 | AF29: =D534 -> 8000 | AG29: =E534 -> 8000 | AH29: =F534 -> 8000 | AI29: =C535 -> 8000 | AJ29: =D535 -> 8000 | AK29: =E535 -> 8000 | AL29: =F535 -> 8000 | AM29: =C536 -> 8000 | AN29: =D536 -> 8000 | AO29: =E536 -> 8000 | AP29: =F536 -> 8000 | AQ29: =C537 -> 8000 | AR29: =D537 -> 8000 | AS29: =E537 -> 8000 | AT29: =F537 -> 8000 | AU29: =C538 -> 8000 | AV29: =D538 -> 8000 | AW29: =E538 -> 8000 | AX29: =F538 -> 8000 | AY29: =C539 -> 8000 | AZ29: =D539 -> 8000 | BA29: =E539 -> 8000 | BB29: =F539 -> 8000 | BC29: =C540 -> 8000 | BD29: =D540 -> 8000 | BE29: =E540 -> 8000 | BF29: =F540 -> 8000 | BG29: =C541 -> 8000 | BH29: =D541 -> 8000 | BI29: =E541 -> 8000 | BJ29: =F541 -> 8000
B30: Total Revenue | C30: =SUM(C24:C29) -> 1258307 | D30: =SUM(D24:D29) -> 8000 | E30: =SUM(E24:E29) -> 8000 | F30: =SUM(F24:F29) -> 8000 | G30: =SUM(G24:G29) -> 1283312.9 | H30: =SUM(H24:H29) -> 8000 | I30: =SUM(I24:I29) -> 8000 | J30: =SUM(J24:J29) -> 8000 | ... BJ30: =SUM(BJ24:BJ29) -> 8000
B31: Direct Cost
B32: Direct Cost - Product 1 Ruthenus | C32: =C114 -> 31728.355 | D32: =D114 -> 0 | E32: =E114 -> 0 | F32: =F114 -> 0 | G32: =C115 -> 31728.355 | H32: =D115 -> 0 | I32: =E115 -> 0 | J32: =F115 -> 0 | K32: =C116 -> 31728.355 | L32: =D116 -> 0 | M32: =E116 -> 0 | N32: =F116 -> 0 | O32: =C117 -> 31728.355 | P32: =D117 -> 0 | Q32: =E117 -> 0 | R32: =F117 -> 0 | S32: =C118 -> 31728.355 | T32: =D118 -> 0 | U32: =E118 -> 0 | V32: =F118 -> 0 | W32: =C119 -> 31728.355 | X32: =D119 -> 0 | Y32: =E119 -> 0 | Z32: =F119 -> 0 | AA32: =C120 -> 31728.355 | AB32: =D120 -> 0 | AC32: =E120 -> 0 | AD32: =F120 -> 0 | AE32: =C121 -> 31728.355 | AF32: =D121 -> 0 | AG32: =E121 -> 0 | AH32: =F121 -> 0 | AI32: =C122 -> 31728.355 | AJ32: =D122 -> 0 | AK32: =E122 -> 0 | AL32: =F122 -> 0 | AM32: =C123 -> 31728.355 | AN32: =D123 -> 0 | AO32: =E123 -> 0 | AP32: =F123 -> 0 | AQ32: =C124 -> 31728.355 | AR32: =D124 -> 0 | AS32: =E124 -> 0 | AT32: =F124 -> 0 | AU32: =C125 -> 31728.355 | AV32: =D125 -> 0 | AW32: =E125 -> 0 | AX32: =F125 -> 0 | AY32: =C126 -> 31728.355 | AZ32: =D126 -> 0 | BA32: =E126 -> 0 | BB32: =F126 -> 0 | BC32: =C127 -> 31728.355 | BD32: =D127 -> 0 | BE32: =E127 -> 0 | BF32: =F127 -> 0 | BG32: =C128 -> 31728.355 | BH32: =D128 -> 0 | BI32: =E128 -> 0 | BJ32: =F128 -> 0
B33: Direct Cost - Product 2 Baeri | C33: =C204 -> 25651.426 | D33: =D204 -> 0 | E33: =E204 -> 0 | F33: =F204 -> 0 | G33: =C205 -> 25651.426 | H33: =D205 -> 0 | I33: =E205 -> 0 | J33: =F205 -> 0 | K33: =C206 -> 25651.426 | L33: =D206 -> 0 | M33: =E206 -> 0 | N33: =F206 -> 0 | O33: =C207 -> 25651.426 | P33: =D207 -> 0 | Q33: =E207 -> 0 | R33: =F207 -> 0 | S33: =C208 -> 25651.426 | T33: =D208 -> 0 | U33: =E208 -> 0 | V33: =F208 -> 0 | W33: =C209 -> 25651.426 | X33: =D209 -> 0 | Y33: =E209 -> 0 | Z33: =F209 -> 0 | AA33: =C210 -> 25651.426 | AB33: =D210 -> 0 | AC33: =E210 -> 0 | AD33: =F210 -> 0 | AE33: =C211 -> 25651.426 | AF33: =D211 -> 0 | AG33: =E211 -> 0 | AH33: =F211 -> 0 | AI33: =C212 -> 25651.426 | AJ33: =D212 -> 0 | AK33: =E212 -> 0 | AL33: =F212 -> 0 | AM33: =C213 -> 25651.426 | AN33: =D213 -> 0 | AO33: =E213 -> 0 | AP33: =F213 -> 0 | AQ33: =C214 -> 25651.426 | AR33: =D214 -> 0 | AS33: =E214 -> 0 | AT33: =F214 -> 0 | AU33: =C215 -> 25651.426 | AV33: =D215 -> 0 | AW33: =E215 -> 0 | AX33: =F215 -> 0 | AY33: =C216 -> 25651.426 | AZ33: =D216 -> 0 | BA33: =E216 -> 0 | BB33: =F216 -> 0 | BC33: =C217 -> 25651.426 | BD33: =D217 -> 0 | BE33: =E217 -> 0 | BF33: =F217 -> 0 | BG33: =C218 -> 25651.426 | BH33: =D218 -> 0 | BI33: =E218 -> 0 | BJ33: =F218 -> 0
B34: Direct Cost - Product 3 Stellatus | C34: =C293 -> 23275.717 | D34: =D293 -> 0 | E34: =E293 -> 0 | F34: =F293 -> 0 | G34: =C294 -> 23275.717 | H34: =D294 -> 0 | I34: =E294 -> 0 | J34: =F294 -> 0 | K34: =C295 -> 23275.717 | L34: =D295 -> 0 | M34: =E295 -> 0 | N34: =F295 -> 0 | O34: =C296 -> 23275.717 | P34: =D296 -> 0 | Q34: =E296 -> 0 | R34: =F296 -> 0 | S34: =C297 -> 23275.717 | T34: =D297 -> 0 | U34: =E297 -> 0 | V34: =F297 -> 0 | W34: =C298 -> 23275.717 | X34: =D298 -> 0 | Y34: =E298 -> 0 | Z34: =F298 -> 0 | AA34: =C299 -> 23275.717 | AB34: =D299 -> 0 | AC34: =E299 -> 0 | AD34: =F299 -> 0 | AE34: =C300 -> 23275.717 | AF34: =D300 -> 0 | AG34: =E300 -> 0 | AH34: =F300 -> 0 | AI34: =C301 -> 23275.717 | AJ34: =D301 -> 0 | AK34: =E301 -> 0 | AL34: =F301 -> 0 | AM34: =C302 -> 23275.717 | AN34: =D302 -> 0 | AO34: =E302 -> 0 | AP34: =F302 -> 0 | AQ34: =C303 -> 23275.717 | AR34: =D303 -> 0 | AS34: =E303 -> 0 | AT34: =F303 -> 0 | AU34: =C304 -> 23275.717 | AV34: =D304 -> 0 | AW34: =E304 -> 0 | AX34: =F304 -> 0 | AY34: =C305 -> 23275.717 | AZ34: =D305 -> 0 | BA34: =E305 -> 0 | BB34: =F305 -> 0 | BC34: =C306 -> 23275.717 | BD34: =D306 -> 0 | BE34: =E306 -> 0 | BF34: =F306 -> 0 | BG34: =C307 -> 23275.717 | BH34: =D307 -> 0 | BI34: =E307 -> 0 | BJ34: =F307 -> 0
B35: Direct Cost - Product 4 Gueldens. | C35: =C383 -> 24840.904 | D35: =D383 -> 0 | E35: =E383 -> 0 | F35: =F383 -> 0 | G35: =C384 -> 24840.904 | H35: =D384 -> 0 | I35: =E384 -> 0 | J35: =F384 -> 0 | K35: =C385 -> 24840.904 | L35: =D385 -> 0 | M35: =E385 -> 0 | N35: =F385 -> 0 | O35: =C386 -> 24840.904 | P35: =D386 -> 0 | Q35: =E386 -> 0 | R35: =F386 -> 0 | S35: =C387 -> 24840.904 | T35: =D387 -> 0 | U35: =E387 -> 0 | V35: =F387 -> 0 | W35: =C388 -> 24840.904 | X35: =D388 -> 0 | Y35: =E388 -> 0 | Z35: =F388 -> 0 | AA35: =C389 -> 24840.904 | AB35: =D389 -> 0 | AC35: =E389 -> 0 | AD35: =F389 -> 0 | AE35: =C390 -> 24840.904 | AF35: =D390 -> 0 | AG35: =E390 -> 0 | AH35: =F390 -> 0 | AI35: =C391 -> 24840.904 | AJ35: =D391 -> 0 | AK35: =E391 -> 0 | AL35: =F391 -> 0 | AM35: =C392 -> 24840.904 | AN35: =D392 -> 0 | AO35: =E392 -> 0 | AP35: =F392 -> 0 | AQ35: =C393 -> 24840.904 | AR35: =D393 -> 0 | AS35: =E393 -> 0 | AT35: =F393 -> 0 | AU35: =C394 -> 24840.904 | AV35: =D394 -> 0 | AW35: =E394 -> 0 | AX35: =F394 -> 0 | AY35: =C395 -> 24840.904 | AZ35: =D395 -> 0 | BA35: =E395 -> 0 | BB35: =F395 -> 0 | BC35: =C396 -> 24840.904 | BD35: =D396 -> 0 | BE35: =E396 -> 0 | BF35: =F396 -> 0 | BG35: =C397 -> 24840.904 | BH35: =D397 -> 0 | BI35: =E397 -> 0 | BJ35: =F397 -> 0
B36: Direct Cost - Product 5 Huso | C36: =C472 -> 26099.273 | D36: =D472 -> 0 | E36: =E472 -> 0 | F36: =F472 -> 0 | G36: =C473 -> 26099.273 | H36: =D473 -> 0 | I36: =E473 -> 0 | J36: =F473 -> 0 | K36: =C474 -> 26099.273 | L36: =D474 -> 0 | M36: =E474 -> 0 | N36: =F474 -> 0 | O36: =C475 -> 26099.273 | P36: =D475 -> 0 | Q36: =E475 -> 0 | R36: =F475 -> 0 | S36: =C476 -> 26099.273 | T36: =D476 -> 0 | U36: =E476 -> 0 | V36: =F476 -> 0 | W36: =C477 -> 26099.273 | X36: =D477 -> 0 | Y36: =E477 -> 0 | Z36: =F477 -> 0 | AA36: =C478 -> 26099.273 | AB36: =D478 -> 0 | AC36: =E478 -> 0 | AD36: =F478 -> 0 | AE36: =C479 -> 26099.273 | AF36: =D479 -> 0 | AG36: =E479 -> 0 | AH36: =F479 -> 0 | AI36: =C480 -> 26099.273 | AJ36: =D480 -> 0 | AK36: =E480 -> 0 | AL36: =F480 -> 0 | AM36: =C481 -> 26099.273 | AN36: =D481 -> 0 | AO36: =E481 -> 0 | AP36: =F481 -> 0 | AQ36: =C482 -> 26099.273 | AR36: =D482 -> 0 | AS36: =E482 -> 0 | AT36: =F482 -> 0 | AU36: =C483 -> 26099.273 | AV36: =D483 -> 0 | AW36: =E483 -> 0 | AX36: =F483 -> 0 | AY36: =C484 -> 26099.273 | AZ36: =D484 -> 0 | BA36: =E484 -> 0 | BB36: =F484 -> 0 | BC36: =C485 -> 26099.273 | BD36: =D485 -> 0 | BE36: =E485 -> 0 | BF36: =F485 -> 0 | BG36: =C486 -> 26099.273 | BH36: =D486 -> 0 | BI36: =E486 -> 0 | BJ36: =F486 -> 0
B37: Direct Cost - Product 6 Vegetables. | C37: =C561 -> 500 | D37: =D561 -> 500 | E37: =E561 -> 500 | F37: =F561 -> 500 | G37: =C562 -> 500 | H37: =D562 -> 500 | I37: =E562 -> 500 | J37: =F562 -> 500 | K37: =C563 -> 500 | L37: =D563 -> 500 | M37: =E563 -> 500 | N37: =F563 -> 500 | O37: =C564 -> 500 | P37: =D564 -> 500 | Q37: =E564 -> 500 | R37: =F564 -> 500 | S37: =C565 -> 500 | T37: =D565 -> 500 | U37: =E565 -> 500 | V37: =F565 -> 500 | W37: =C566 -> 500 | X37: =D566 -> 500 | Y37: =E566 -> 500 | Z37: =F566 -> 500 | AA37: =C567 -> 500 | AB37: =D567 -> 500 | AC37: =E567 -> 500 | AD37: =F567 -> 500 | AE37: =C568 -> 500 | AF37: =D568 -> 500 | AG37: =E568 -> 500 | AH37: =F568 -> 500 | AI37: =C569 -> 500 | AJ37: =D569 -> 500 | AK37: =E569 -> 500 | AL37: =F569 -> 500 | AM37: =C570 -> 500 | AN37: =D570 -> 500 | AO37: =E570 -> 500 | AP37: =F570 -> 500 | AQ37: =C571 -> 500 | AR37: =D571 -> 500 | AS37: =E571 -> 500 | AT37: =F571 -> 500 | AU37: =C572 -> 500 | AV37: =D572 -> 500 | AW37: =E572 -> 500 | AX37: =F572 -> 500 | AY37: =C573 -> 500 | AZ37: =D573 -> 500 | BA37: =E573 -> 500 | BB37: =F573 -> 500 | BC37: =C574 -> 500 | BD37: =D574 -> 500 | BE37: =E574 -> 500 | BF37: =F574 -> 500 | BG37: =C575 -> 500 | BH37: =D575 -> 500 | BI37: =E575 -> 500 | BJ37: =F575 -> 500
B38: Total Direct Costs | C38: =SUM(C32:C37) -> 132095.67 | D38: =SUM(D32:D37) -> 500 | E38: =SUM(E32:E37) -> 500 | F38: =SUM(F32:F37) -> 500 | G38: =SUM(G32:G37) -> 132095.67 | H38: =SUM(H32:H37) -> 500 | I38: =SUM(I32:I37) -> 500 | J38: =SUM(J32:J37) -> 500 | ... BJ38: =SUM(BJ32:BJ37) -> 500
B41: Product 1 Revenue (Ruthenus, based on number of units)
B42: Quarterly Assumptions
B44: DETAILED ASSUMPTIONS
B45: Number of units sold | C45: Q1 | D45: Q2 | E45: Q3 | F45: Q4 | G45: Annual
B46: FY1 | C46: =SUM(Sales!F9) -> 266023.09 | D46: =SUM(Sales!G9) -> 0 | E46: =SUM(Sales!H9) -> 0 | F46: =SUM(Sales!I9) -> 0 | G46: =SUM(C46:F46) -> 266023.09
B47: FY2 | C47: =SUM(Sales!J9) -> 266023.09 | D47: =SUM(Sales!K9) -> 0 | E47: =SUM(Sales!L9) -> 0 | F47: =SUM(Sales!M9) -> 0 | G47: =SUM(C47:F47) -> 266023.09
B48: FY3 | C48: =SUM(Sales!N9) -> 266023.09 | D48: =SUM(Sales!O9) -> 0 | E48: =SUM(Sales!P9) -> 0 | F48: =SUM(Sales!Q9) -> 0 | G48: =SUM(C48:F48) -> 266023.09
B49: FY4 | C49: =SUM(Sales!R9) -> 266023.09 | D49: =SUM(Sales!S9) -> 0 | E49: =SUM(Sales!T9) -> 0 | F49: =SUM(Sales!U9) -> 0 | G49: =SUM(C49:F49) -> 266023.09
B50: FY5 | C50: =SUM(Sales!V9) -> 266023.09 | D50: =SUM(Sales!W9) -> 0 | E50: =SUM(Sales!X9) -> 0 | F50: =SUM(Sales!Y9) -> 0 | G50: =SUM(C50:F50) -> 266023.09
B51: FY6 | C51: =SUM(Sales!Z9) -> 266023.09 | D51: =SUM(Sales!AA9) -> 0 | E51: =SUM(Sales!AB9) -> 0 | F51: =SUM(Sales!AC9) -> 0 | G51: =SUM(C51:F51) -> 266023.09
B52: FY7 | C52: =SUM(Sales!AD9) -> 266023.09 | D52: =SUM(Sales!AE9) -> 0 | E52: =SUM(Sales!AF9) -> 0 | F52: =SUM(Sales!AG9) -> 0 | G52: =SUM(C52:F52) -> 266023.09
B53: FY8 | C53: =SUM(Sales!AH9) -> 266023.09 | D53: =SUM(Sales!AI9) -> 0 | E53: =SUM(Sales!AJ9) -> 0 | F53: =SUM(Sales!AK9) -> 0 | G53: =SUM(C53:F53) -> 266023.09
B54: FY9 | C54: =SUM(Sales!AL9) -> 266023.09 | D54: =SUM(Sales!AM9) -> 0 | E54: =SUM(Sales!AN9) -> 0 | F54: =SUM(Sales!AO9) -> 0 | G54: =SUM(C54:F54) -> 266023.09
B55: FY10 | C55: =SUM(Sales!AP9) -> 266023.09 | D55: =SUM(Sales!AQ9) -> 0 | E55: =SUM(Sales!AR9) -> 0 | F55: =SUM(Sales!AS9) -> 0 | G55: =SUM(C55:F55) -> 266023.09
B56: FY11 | C56: =SUM(Sales!AT9) -> 266023.09 | D56: =SUM(Sales!AU9) -> 0 | E56: =SUM(Sales!AV9) -> 0 | F56: =SUM(Sales!AW9) -> 0 | G56: =SUM(C56:F56) -> 266023.09
B57: FY12 | C57: =SUM(Sales!AX9) -> 266023.09 | D57: =SUM(Sales!AY9) -> 0 | E57: =SUM(Sales!AZ9) -> 0 | F57: =SUM(Sales!BA9) -> 0 | G57: =SUM(C57:F57) -> 266023.09
B58: FY13 | C58: =SUM(Sales!BB9) -> 266023.09 | D58: =SUM(Sales!BC9) -> 0 | E58: =SUM(Sales!BD9) -> 0 | F58: =SUM(Sales!BE9) -> 0 | G58: =SUM(C58:F58) -> 266023.09
B59: FY14 | C59: =SUM(Sales!BF9) -> 266023.09 | D59: =SUM(Sales!BG9) -> 0 | E59: =SUM(Sales!BH9) -> 0 | F59: =SUM(Sales!BI9) -> 0 | G59: =SUM(C59:F59) -> 266023.09
B60: FY15 | C60: =SUM(Sales!BJ9) -> 266023.09 | D60: =SUM(Sales!BK9) -> 0 | E60: =SUM(Sales!BL9) -> 0 | F60: =SUM(Sales!BM9) -> 0 | G60: =SUM(C60:F60) -> 266023.09
B62: Price Per unit | C62: Q1 | D62: Q2 | E62: Q3 | F62: Q4 | G62: Annual
B63: FY1 | C63: =Sales!D8 -> 1 | D63: 0 | E63: 0 | F63: 0 | G63: =SUM(C63:F63) -> 1
B64: FY2 | C64: =C63+C63/100*Sales!C10 -> 1.02 | D64: 0 | E64: 0 | F64: 0 | G64: =SUM(C64:F64) -> 1.02
B65: FY3 | C65: =C64+C64/100*Sales!C10 -> 1.0404 | D65: 0 | E65: 0 | F65: 0 | G65: =SUM(C65:F65) -> 1.0404
B66: FY4 | C66: =C65+C65/100*Sales!C10 -> 1.061208 | D66: 0 | E66: 0 | F66: 0 | G66: =SUM(C66:F66) -> 1.061208
B67: FY5 | C67: =C66+C66/100*Sales!C10 -> 1.0824322 | D67: 0 | E67: 0 | F67: 0 | G67: =SUM(C67:F67) -> 1.0824322
B68: FY6 | C68: =C67+C67/100*Sales!C10 -> 1.1040808 | D68: 0 | E68: 0 | F68: 0 | G68: =SUM(C68:F68) -> 1.1040808
B69: FY7 | C69: =C68+C68/100*Sales!C10 -> 1.1261624 | D69: 0 | E69: 0 | F69: 0 | G69: =SUM(C69:F69) -> 1.1261624
B70: FY8 | C70: =C69+C69/100*Sales!C10 -> 1.1486857 | D70: 0 | E70: 0 | F70: 0 | G70: =SUM(C70:F70) -> 1.1486857
B71: FY9 | C71: =C70+C70/100*Sales!C10 -> 1.1716594 | D71: 0 | E71: 0 | F71: 0 | G71: =SUM(C71:F71) -> 1.1716594
B72: FY10 | C72: =C71+C71/100*Sales!C10 -> 1.1950926 | D72: 0 | E72: 0 | F72: 0 | G72: =SUM(C72:F72) -> 1.1950926
B73: FY11 | C73: =C72+C72/100*Sales!C10 -> 1.2189944 | D73: 0 | E73: 0 | F73: 0 | G73: =SUM(C73:F73) -> 1.2189944
B74: FY12 | C74: =C73+C73/100*Sales!C10 -> 1.2433743 | D74: 0 | E74: 0 | F74: 0 | G74: =SUM(C74:F74) -> 1.2433743
B75: FY13 | C75: =C74+C74/100*Sales!C10 -> 1.2682418 | D75: 0 | E75: 0 | F75: 0 | G75: =SUM(C75:F75) -> 1.2682418
B76: FY14 | C76: =C75+C75/100*Sales!C10 -> 1.2936066 | D76: 0 | E76: 0 | F76: 0 | G76: =SUM(C76:F76) -> 1.2936066
B77: FY15 | C77: =C76+C76/100*Sales!C10 -> 1.3194788 | D77: 0 | E77: 0 | F77: 0 | G77: =SUM(C77:F77) -> 1.3194788
B79: Total Revenue | C79: Q1 | D79: Q2 | E79: Q3 | F79: Q4 | G79: Annual
B80: FY1 | C80: =C63*C46 -> 266023.09 | D80: =D63*D46 -> 0 | E80: =E63*E46 -> 0 | F80: =F63*F46 -> 0 | G80: =SUM(C80:F80) -> 266023.09
B81: FY2 | C81: =C64*C47 -> 271343.55 | D81: =D64*D47 -> 0 | E81: =E64*E47 -> 0 | F81: =F64*F47 -> 0 | G81: =SUM(C81:F81) -> 271343.55
B82: FY3 | C82: =C65*C48 -> 276770.42 | D82: =D65*D48 -> 0 | E82: =E65*E48 -> 0 | F82: =F65*F48 -> 0 | G82: =SUM(C82:F82) -> 276770.42
B83: FY4 | C83: =C66*C49 -> 282305.83 | D83: =D66*D49 -> 0 | E83: =E66*E49 -> 0 | F83: =F66*F49 -> 0 | G83: =SUM(C83:F83) -> 282305.83
B84: FY5 | C84: =C67*C50 -> 287951.95 | D84: =D67*D50 -> 0 | E84: =E67*E50 -> 0 | F84: =F67*F50 -> 0 | G84: =SUM(C84:F84) -> 287951.95
B85: FY6 | C85: =C68*C51 -> 293710.99 | D85: =D68*D51 -> 0 | E85: =E68*E51 -> 0 | F85: =F68*F51 -> 0 | G85: =SUM(C85:F85) -> 293710.99
B86: FY7 | C86: =C69*C52 -> 299585.21 | D86: =D69*D52 -> 0 | E86: =E69*E52 -> 0 | F86: =F69*F52 -> 0 | G86: =SUM(C86:F86) -> 299585.21
B87: FY8 | C87: =C70*C53 -> 305576.91 | D87: =D70*D53 -> 0 | E87: =E70*E53 -> 0 | F87: =F70*F53 -> 0 | G87: =SUM(C87:F87) -> 305576.91
B88: FY9 | C88: =C71*C54 -> 311688.45 | D88: =D71*D54 -> 0 | E88: =E71*E54 -> 0 | F88: =F71*F54 -> 0 | G88: =SUM(C88:F88) -> 311688.45
B89: FY10 | C89: =C72*C55 -> 317922.22 | D89: =D72*D55 -> 0 | E89: =E72*E55 -> 0 | F89: =F72*F55 -> 0 | G89: =SUM(C89:F89) -> 317922.22
B90: FY11 | C90: =C73*C56 -> 324280.66 | D90: =D73*D56 -> 0 | E90: =E73*E56 -> 0 | F90: =F73*F56 -> 0 | G90: =SUM(C90:F90) -> 324280.66
B91: FY12 | C91: =C74*C57 -> 330766.27 | D91: =D74*D57 -> 0 | E91: =E74*E57 -> 0 | F91: =F74*F57 -> 0 | G91: =SUM(C91:F91) -> 330766.27
... B94: FY15 | C94: =C77*C60 -> 351011.82 | D94: =D77*D60 -> 0 | E94: =E77*E60 -> 0 | F94: =F77*F60 -> 0 | G94: =SUM(C94:F94) -> 351011.82
B96: Per unit Cost | C96: Q1 | D96: Q2 | E96: Q3 | F96: Q4 | G96: Annual
B97: FY1 | C97: ='UNIFIED Product'!E15/'UNIFIED Product'!E14+'OPEX Drivers'!F5 -> 0.11926918 | D97: 0 | E97: 0 | F97: 0 | G97: =SUM(C97:F97) -> 0.11926918
B98: FY2 | C98: ='UNIFIED Product'!E15/'UNIFIED Product'!E14+'OPEX Drivers'!F5 -> 0.11926918 | D98: 0 | E98: 0 | F98: 0 | G98: =SUM(C98:F98) -> 0.11926918
B99: FY3 | C99: ='UNIFIED Product'!E15/'UNIFIED Product'!E14+'OPEX Drivers'!F5 -> 0.11926918 | D99: 0 | E99: 0 | F99: 0 | G99: =SUM(C99:F99) -> 0.11926918
B100: FY4 | C100: ='UNIFIED Product'!E15/'UNIFIED Product'!E14+'OPEX Drivers'!F5 -> 0.11926918 | D100: 0 | E100: 0 | F100: 0 | G100: =SUM(C100:F100) -> 0.11926918
B101: FY5 | C101: ='UNIFIED Product'!E15/'UNIFIED Product'!E14+'OPEX Drivers'!F5 -> 0.11926918 | D101: 0 | E101: 0 | F101: 0 | G101: =SUM(C101:F101) -> 0.11926918
B102: FY6 | C102: ='UNIFIED Product'!E15/'UNIFIED Product'!E14+'OPEX Drivers'!F5 -> 0.11926918 | D102: 0 | E102: 0 | F102: 0 | G102: =SUM(C102:F102) -> 0.11926918
B103: FY7 | C103: ='UNIFIED Product'!E15/'UNIFIED Product'!E14+'OPEX Drivers'!F5 -> 0.11926918 | D103: 0 | E103: 0 | F103: 0 | G103: =SUM(C103:F103) -> 0.11926918
B104: FY8 | C104: ='UNIFIED Product'!E15/'UNIFIED Product'!E14+'OPEX Drivers'!F5 -> 0.11926918 | D104: 0 | E104: 0 | F104: 0 | G104: =SUM(C104:F104) -> 0.11926918
B105: FY9 | C105: ='UNIFIED Product'!E15/'UNIFIED Product'!E14+'OPEX Drivers'!F5 -> 0.11926918 | D105: 0 | E105: 0 | F105: 0 | G105: =SUM(C105:F105) -> 0.11926918
B106: FY10 | C106: ='UNIFIED Product'!E15/'UNIFIED Product'!E14+'OPEX Drivers'!F5 -> 0.11926918 | D106: 0 | E106: 0 | F106: 0 | G106: =SUM(C106:F106) -> 0.11926918
B107: FY11 | C107: ='UNIFIED Product'!E15/'UNIFIED Product'!E14+'OPEX Drivers'!F5 -> 0.11926918 | D107: 0 | E107: 0 | F107: 0 | G107: =SUM(C107:F107) -> 0.11926918
B108: FY12 | C108: ='UNIFIED Product'!E15/'UNIFIED Product'!E14+'OPEX Drivers'!F5 -> 0.11926918 | D108: 0 | E108: 0 | F108: 0 | G108: =SUM(C108:F108) -> 0.11926918
B109: FY13 | C109: ='UNIFIED Product'!E15/'UNIFIED Product'!E14+'OPEX Drivers'!F5 -> 0.11926918 | D109: 0 | E109: 0 | F109: 0 | G109: =SUM(C109:F109) -> 0.11926918
B110: FY14 | C110: ='UNIFIED Product'!E15/'UNIFIED Product'!E14+'OPEX Drivers'!F5 -> 0.11926918 | D110: 0 | E110: 0 | F110: 0 | G110: =SUM(C110:F110) -> 0.11926918
B111: FY15 | C111: ='UNIFIED Product'!E15/'UNIFIED Product'!E14+'OPEX Drivers'!F5 -> 0.11926918 | D111: 0 | E111: 0 | F111: 0 | G111: =SUM(C111:F111) -> 0.11926918
B113: Total Direct Cost | C113: Q1 | D113: Q2 | E113: Q3 | F113: Q4 | G113: Annual
...

Sheet UNIFIED Product
C2: All Sturgeon Generation
C4: TOTAL | D4: Unit | E4: Year 1 | F4: Year 2 | G4: Year 3 | H4: Year 4 | I4: Year 5 | J4: Year 6 | K4: Year 7 | L4: Year 8 | M4: Year 9 | N4: Year 10 | O4: Year 11 | P4: Year 12 | Q4: Year 13 | R4: Year 14 | S4: Year 15 | T4: Total
C5: Number of fish | D5: Pieces | E5: =SUM(E14,E21,E28,E35,E42) -> 1330115.4 | F5: =SUM(F14,F21,F28,F35,F42) -> 1330115.4 | G5: =SUM(G14,G21,G28,G35,G42) -> 1330115.4 | H5: =SUM(H14,H21,H28,H35,H42) -> 1330115.4 | I5: =SUM(I14,I21,I28,I35,I42) -> 1330115.4 | J5: =SUM(J14,J21,J28,J35,J42) -> 1330115.4 | K5: =SUM(K14,K21,K28,K35,K42) -> 1330115.4 | L5: =SUM(L14,L21,L28,L35,L42) -> 1330115.4 | ... S5: =SUM(S14,S21,S28,S35,S42) -> 1330115.4 | T5: =SUM(E5:S5) -> 19951732
C6: Total Food | D6: € | E6: =SUM(E15,E22,E29,E36,E43) -> 25186.439 | F6: =SUM(F15,F22,F29,F36,F43) -> 25186.439 | G6: =SUM(G15,G22,G29,G36,G43) -> 25186.439 | H6: =SUM(H15,H22,H29,H36,H43) -> 25186.439 | I6: =SUM(I15,I22,I29,I36,I43) -> 25186.439 | J6: =SUM(J15,J22,J29,J36,J43) -> 25186.439 | K6: =SUM(K15,K22,K29,K36,K43) -> 25186.439 | L6: =SUM(L15,L22,L29,L36,L43) -> 25186.439 | ... S6: =SUM(S15,S22,S29,S36,S43) -> 25186.439 | T6: =SUM(E6:S6) -> 377796.59
C7: Total fish weight | D7: Kg | E7: =SUM(E16,E23,E30,E37,E44) -> 9424.3013 | F7: =SUM(F16,F23,F30,F37,F44) -> 9424.3013 | G7: =SUM(G16,G23,G30,G37,G44) -> 9424.3013 | H7: =SUM(H16,H23,H30,H37,H44) -> 9424.3013 | I7: =SUM(I16,I23,I30,I37,I44) -> 9424.3013 | J7: =SUM(J16,J23,J30,J37,J44) -> 9424.3013 | K7: =SUM(K16,K23,K30,K37,K44) -> 9424.3013 | L7: =SUM(L16,L23,L30,L37,L44) -> 9424.3013 | ... S7: =SUM(S16,S23,S30,S37,S44) -> 9424.3013 | T7: =SUM(E7:S7) -> 141364.52
C11: Rythenus Generation
C13: TOTAL | D13: Unit | E13: Year 1 | F13: Year 2 | G13: Year 3 | H13: Year 4 | I13: Year 5 | J13: Year 6 | K13: Year 7 | L13: Year 8 | M13: Year 9 | N13: Year 10 | O13: Year 11 | P13: Year 12 | Q13: Year 13 | R13: Year 14 | S13: Year 15 | T13: Total
C14: Number of fish | D14: ='Ruthenus 15th. Generation'!C5 -> Pieces | E14: ='Ruthenus 15th. Generation'!D5 -> 266023.09 | F14: ='Ruthenus 15th. Generation'!E5 -> 266023.09 | G14: ='Ruthenus 15th. Generation'!F5 -> 266023.09 | H14: ='Ruthenus 15th. Generation'!G5 -> 266023.09 | I14: ='Ruthenus 15th. Generation'!H5 -> 266023.09 | J14: ='Ruthenus 15th. Generation'!I5 -> 266023.09 | K14: ='Ruthenus 15th. Generation'!J5 -> 266023.09 | ... T14: ='Ruthenus 15th. Generation'!S5 -> 3990346.3
C15: Total Food | D15: ='Ruthenus 15th. Generation'!C6 -> € | E15: ='Ruthenus 15th. Generation'!D6 -> 10446.508 | F15: ='Ruthenus 15th. Generation'!E6 -> 10446.508 | G15: ='Ruthenus 15th. Generation'!F6 -> 10446.508 | H15: ='Ruthenus 15th. Generation'!G6 -> 10446.508 | I15: ='Ruthenus 15th. Generation'!H6 -> 10446.508 | J15: ='Ruthenus 15th. Generation'!I6 -> 10446.508 | K15: ='Ruthenus 15th. Generation'!J6 -> 10446.508 | ... T15: ='Ruthenus 15th. Generation'!S6 -> 156697.62
C16: Total fish weight | D16: ='Ruthenus 15th. Generation'!C7 -> Kg | E16: ='Ruthenus 15th. Generation'!D7 -> 4788.4156 | F16: ='Ruthenus 15th. Generation'!E7 -> 4788.4156 | G16: ='Ruthenus 15th. Generation'!F7 -> 4788.4156 | H16: ='Ruthenus 15th. Generation'!G7 -> 4788.4156 | I16: ='Ruthenus 15th. Generation'!H7 -> 4788.4156 | J16: ='Ruthenus 15th. Generation'!I7 -> 4788.4156 | K16: ='Ruthenus 15th. Generation'!J7 -> 4788.4156 | ... T16: ='Ruthenus 15th. Generation'!S7 -> 71826.234
C18: Baeri Generation
C20: ='Baeri 15th. Generation'!B4 -> TOTAL | D20: ='Baeri 15th. Generation'!C4 -> Unit | E20: ='Baeri 15th. Generation'!D4 -> Year 1 | F20: ='Baeri 15th. Generation'!E4 -> Year 2 | G20: ='Baeri 15th. Generation'!F4 -> Year 3 | H20: ='Baeri 15th. Generation'!G4 -> Year 4 | I20: ='Baeri 15th. Generation'!H4 -> Year 5 | J20: ='Baeri 15th. Generation'!I4 -> Year 6 | ... T20: ='Baeri 15th. Generation'!S4 -> Total
C21: Number of fish | D21: ='Baeri 15th. Generation'!C5 -> Pieces | E21: ='Baeri 15th. Generation'!D5 -> 266023.09 | F21: ='Baeri 15th. Generation'!E5 -> 266023.09 | G21: ='Baeri 15th. Generation'!F5 -> 266023.09 | H21: ='Baeri 15th. Generation'!G5 -> 266023.09 | I21: ='Baeri 15th. Generation'!H5 -> 266023.09 | J21: ='Baeri 15th. Generation'!I5 -> 266023.09 | K21: ='Baeri 15th. Generation'!J5 -> 266023.09 | ... T21: ='Baeri 15th. Generation'!S5 -> 3990346.3
C22: Total Food | D22: ='Baeri 15th. Generation'!C6 -> € | E22: ='Baeri 15th. Generation'!D6 -> 4369.5786 | F22: ='Baeri 15th. Generation'!E6 -> 4369.5786 | G22: ='Baeri 15th. Generation'!F6 -> 4369.5786 | H22: ='Baeri 15th. Generation'!G6 -> 4369.5786 | I22: ='Baeri 15th. Generation'!H6 -> 4369.5786 | J22: ='Baeri 15th. Generation'!I6 -> 4369.5786 | K22: ='Baeri 15th. Generation'!J6 -> 4369.5786 | ... T22: ='Baeri 15th. Generation'!S6 -> 65543.679
C23: Total fish weight | D23: ='Baeri 15th. Generation'!C7 -> Kg | E23: ='Baeri 15th. Generation'!D7 -> 1512.0264 | F23: ='Baeri 15th. Generation'!E7 -> 1512.0264 | G23: ='Baeri 15th. Generation'!F7 -> 1512.0264 | H23: ='Baeri 15th. Generation'!G7 -> 1512.0264 | I23: ='Baeri 15th. Generation'!H7 -> 1512.0264 | J23: ='Baeri 15th. Generation'!I7 -> 1512.0264 | K23: ='Baeri 15th. Generation'!J7 -> 1512.0264 | ... T23: ='Baeri 15th. Generation'!S7 -> 22680.396
C25: Stellatus Generation
C27: ='Stellatus 15th. Generation'!B4 -> TOTAL | D27: ='Stellatus 15th. Generation'!C4 -> Unit | E27: ='Stellatus 15th. Generation'!D4 -> Year 1 | F27: ='Stellatus 15th. Generation'!E4 -> Year 2 | G27: ='Stellatus 15th. Generation'!F4 -> Year 3 | H27: ='Stellatus 15th. Generation'!G4 -> Year 4 | I27: ='Stellatus 15th. Generation'!H4 -> Year 5 | J27: ='Stellatus 15th. Generation'!I4 -> Year 6 | ... T27: ='Stellatus 15th. Generation'!S4 -> Total
C28: Number of fish | D28: ='Stellatus 15th. Generation'!C5 -> Pieces | E28: ='Stellatus 15th. Generation'!D5 -> 266023.09 | F28: ='Stellatus 15th. Generation'!E5 -> 266023.09 | G28: ='Stellatus 15th. Generation'!F5 -> 266023.09 | H28: ='Stellatus 15th. Generation'!G5 -> 266023.09 | I28: ='Stellatus 15th. Generation'!H5 -> 266023.09 | J28: ='Stellatus 15th. Generation'!I5 -> 266023.09 | K28: ='Stellatus 15th. Generation'!J5 -> 266023.09 | ... T28: ='Stellatus 15th. Generation'!S5 -> 3990346.3
C29: Total Food | D29: ='Stellatus 15th. Generation'!C6 -> € | E29: ='Stellatus 15th. Generation'!D6 -> 1993.8696 | F29: ='Stellatus 15th. Generation'!E6 -> 1993.8696 | G29: ='Stellatus 15th. Generation'!F6 -> 1993.8696 | H29: ='Stellatus 15th. Generation'!G6 -> 1993.8696 | I29: ='Stellatus 15th. Generation'!H6 -> 1993.8696 | J29: ='Stellatus 15th. Generation'!I6 -> 1993.8696 | K29: ='Stellatus 15th. Generation'!J6 -> 1993.8696 | ... T29: ='Stellatus 15th. Generation'!S6 -> 29908.044
C30: Total fish weight | D30: ='Stellatus 15th. Generation'!C7 -> Kg | E30: ='Stellatus 15th. Generation'!D7 -> 682.90394 | F30: ='Stellatus 15th. Generation'!E7 -> 682.90394 | G30: ='Stellatus 15th. Generation'!F7 -> 682.90394 | H30: ='Stellatus 15th. Generation'!G7 -> 682.90394 | I30: ='Stellatus 15th. Generation'!H7 -> 682.90394 | J30: ='Stellatus 15th. Generation'!I7 -> 682.90394 | K30: ='Stellatus 15th. Generation'!J7 -> 682.90394 | ... T30: ='Stellatus 15th. Generation'!S7 -> 10243.559
C32: Gueldens. Generation
C34: ='Gueldens. 15th. Generation'!B4 -> TOTAL | D34: ='Gueldens. 15th. Generation'!C4 -> Unit | E34: ='Gueldens. 15th. Generation'!D4 -> Year 1 | F34: ='Gueldens. 15th. Generation'!E4 -> Year 2 | G34: ='Gueldens. 15th. Generation'!F4 -> Year 3 | H34: ='Gueldens. 15th. Generation'!G4 -> Year 4 | I34: ='Gueldens. 15th. Generation'!H4 -> Year 5 | J34: ='Gueldens. 15th. Generation'!I4 -> Year 6 | ... T34: ='Gueldens. 15th. Generation'!S4 -> Total
C35: Number of fish | D35: ='Gueldens. 15th. Generation'!C5 -> Pieces | E35: ='Gueldens. 15th. Generation'!D5 -> 266023.09 | F35: ='Gueldens. 15th. Generation'!E5 -> 266023.09 | G35: ='Gueldens. 15th. Generation'!F5 -> 266023.09 | H35: ='Gueldens. 15th. Generation'!G5 -> 266023.09 | I35: ='Gueldens. 15th. Generation'!H5 -> 266023.09 | J35: ='Gueldens. 15th. Generation'!I5 -> 266023.09 | K35: ='Gueldens. 15th. Generation'!J5 -> 266023.09 | ... T35: ='Gueldens. 15th. Generation'!S5 -> 3990346.3
C36: Total Food | D36: ='Gueldens. 15th. Generation'!C6 -> € | E36: ='Gueldens. 15th. Generation'!D6 -> 3559.0568 | F36: ='Gueldens. 15th. Generation'!E6 -> 3559.0568 | G36: ='Gueldens. 15th. Generation'!F6 -> 3559.0568 | H36: ='Gueldens. 15th. Generation'!G6 -> 3559.0568 | I36: ='Gueldens. 15th. Generation'!H6 -> 3559.0568 | J36: ='Gueldens. 15th. Generation'!I6 -> 3559.0568 | K36: ='Gueldens. 15th. Generation'!J6 -> 3559.0568 | ... T36: ='Gueldens. 15th. Generation'!S6 -> 53385.851
C37: Total fish weight | D37: ='Gueldens. 15th. Generation'!C7 -> Kg | E37: ='Gueldens. 15th. Generation'!D7 -> 772.63016 | F37: ='Gueldens. 15th. Generation'!E7 -> 772.63016 | G37: ='Gueldens. 15th. Generation'!F7 -> 772.63016 | H37: ='Gueldens. 15th. Generation'!G7 -> 772.63016 | I37: ='Gueldens. 15th. Generation'!H7 -> 772.63016 | J37: ='Gueldens. 15th. Generation'!I7 -> 772.63016 | K37: ='Gueldens. 15th. Generation'!J7 -> 772.63016 | ... T37: ='Gueldens. 15th. Generation'!S7 -> 11589.452
C39: Huso Generation
C41: ='Huso Huso 15th.Generation'!B4 -> TOTAL | D41: ='Huso Huso 15th.Generation'!C4 -> Unit | E41: ='Huso Huso 15th.Generation'!D4 -> Year 1 | F41: ='Huso Huso 15th.Generation'!E4 -> Year 2 | G41: ='Huso Huso 15th.Generation'!F4 -> Year 3 | H41: ='Huso Huso 15th.Generation'!G4 -> Year 4 | I41: ='Huso Huso 15th.Generation'!H4 -> Year 5 | J41: ='Huso Huso 15th.Generation'!I4 -> Year 6 | ... T41: ='Huso Huso 15th.Generation'!S4 -> Total
C42: Number of fish | D42: ='Huso Huso 15th.Generation'!C5 -> Pieces | E42: ='Huso Huso 15th.Generation'!D5 -> 266023.09 | F42: ='Huso Huso 15th.Generation'!E5 -> 266023.09 | G42: ='Huso Huso 15th.Generation'!F5 -> 266023.09 | H42: ='Huso Huso 15th.Generation'!G5 -> 266023.09 | I42: ='Huso Huso 15th.Generation'!H5 -> 266023.09 | J42: ='Huso Huso 15th.Generation'!I5 -> 266023.09 | K42: ='Huso Huso 15th.Generation'!J5 -> 266023.09 | ... T42: ='Huso Huso 15th.Generation'!S5 -> 3990346.3
C43: Total Food | D43: ='Huso Huso 15th.Generation'!C6 -> € | E43: ='Huso Huso 15th.Generation'!D6 -> 4817.426 | F43: ='Huso Huso 15th.Generation'!E6 -> 4817.426 | G43: ='Huso Huso 15th.Generation'!F6 -> 4817.426 | H43: ='Huso Huso 15th.Generation'!G6 -> 4817.426 | I43: ='Huso Huso 15th.Generation'!H6 -> 4817.426 | J43: ='Huso Huso 15th.Generation'!I6 -> 4817.426 | K43: ='Huso Huso 15th.Generation'!J6 -> 4817.426 | ... T43: ='Huso Huso 15th.Generation'!S6 -> 72261.389
C44: Total fish weight | D44: ='Huso Huso 15th.Generation'!C7 -> Kg | E44: ='Huso Huso 15th.Generation'!D7 -> 1668.3252 | F44: ='Huso Huso 15th.Generation'!E7 -> 1668.3252 | G44: ='Huso Huso 15th.Generation'!F7 -> 1668.3252 | H44: ='Huso Huso 15th.Generation'!G7 -> 1668.3252 | I44: ='Huso Huso 15th.Generation'!H7 -> 1668.3252 | J44: ='Huso Huso 15th.Generation'!I7 -> 1668.3252 | K44: ='Huso Huso 15th.Generation'!J7 -> 1668.3252 | ... T44: ='Huso Huso 15th.Generation'!S7 -> 25024.877

Sheet Income Statement
B2: Income Statement Projections
C3: Quarterly | BO3: Annual
E4: FY 1 | I4: FY 2 | M4: FY 3 | Q4: FY 4 | U4: FY 5 | Y4: FY 6 | AC4: FY 7 | AG4: FY 8 | AK4: FY 9 | AO4: FY 10 | AS4: FY 11 | AW4: FY 12 | BA4: FY 13 | BE4: FY 4 | BI4: FY 15 | BQ4: =+E4 -> FY 1 | BR4: =+I4 -> FY 2 | BS4: =M4 -> FY 3 | BT4: FY 4 | BU4: FY 5 | BV4: FY6 | BW4: FY7 | BX4: FY8 | BY4: FY9 | BZ4: FY10 | CA4: FY11 | CB4: FY12 | CC4: FY13 | CD4: FY14 | CE4: FY15
E5: Q1 FY1 | F5: Q2 FY1 | G5: Q3 FY1 | H5: Q4 FY1 | I5: Q1 FY2 | J5: Q2 FY2 | K5: Q3 FY2 | L5: Q4 FY2 | M5: Q1 FY3 | N5: Q2 FY3 | O5: Q3 FY3 | P5: Q4 FY3 | Q5: Q1 FY4 | R5: Q2 FY4 | S5: Q3 FY4 | T5: Q4 FY4 | U5: Q1 FY5 | V5: Q2 FY5 | W5: Q3 FY5 | X5: Q4 FY5 | Y5: Q1 FY6 | Z5: Q2 FY6 | AA5: Q3 FY6 | AB5: Q4 FY6 | AC5: Q1 FY7 | AD5: Q2 FY7 | AE5: Q3 FY7 | AF5: Q4 FY7 | AG5: Q1 FY8 | AH5: Q2 FY8 | AI5: Q3 FY8 | AJ5: Q4 FY8 | AK5: Q1 FY9 | AL5: Q2 FY9 | AM5: Q3 FY9 | AN5: Q4 FY9 | AO5: Q1 FY10 | AP5: Q2 FY10 | AQ5: Q3 FY10 | AR5: Q4 FY10 | AS5: Q1 FY11 | AT5: Q2 FY11 | AU5: Q3 FY11 | AV5: Q4 FY11 | AW5: Q1 FY12 | AX5: Q2 FY12 | AY5: Q3 FY12 | AZ5: Q4 FY12 | BA5: Q1 FY13 | BB5: Q2 FY13 | BC5: Q3 FY13 | BD5: Q4 FY13 | BE5: Q1 FY14 | BF5: Q2 FY14 | BG5: Q3 FY14 | BH5: Q4 FY14 | BI5: Q1 FY15 | BJ5: Q2 FY15 | BK5: Q3 FY15 | BL5: Q4 FY15
B6: Revenues | BN6: =+B6 -> Revenues
C7: Revenues | E7: ='Multiple Revenues Streams'!C30 -> 1258307 | F7: ='Multiple Revenues Streams'!D30 -> 8000 | G7: ='Multiple Revenues Streams'!E30 -> 8000 | H7: ='Multiple Revenues Streams'!F30 -> 8000 | I7: ='Multiple Revenues Streams'!G30 -> 1283312.9 | J7: ='Multiple Revenues Streams'!H30 -> 8000 | K7: ='Multiple Revenues Streams'!I30 -> 8000 | L7: ='Multiple Revenues Streams'!J30 -> 8000 | ... BL7: ='Multiple Revenues Streams'!BJ30 -> 8000 | BO7: =C7 -> Revenues | BQ7: =SUM(E7:H7) -> 1282307 | BR7: =SUM(I7:L7) -> 1307312.9 | BS7: =SUM(M7:P7) -> 1332825.8 | BT7: =SUM(Q7:T7) -> 1358834.5 | BU7: =SUM(U7:X7) -> 1385378.2 | BV7: =SUM(Y7:AB7) -> 1412446.1 | BW7: =SUM(AC7:AF7) -> 1440047.9 | BX7: =SUM(AG7:AJ7) -> 1468213 | BY7: =SUM(AK7:AN7) -> 1496931.5 | BZ7: =SUM(AO7:AR7) -> 1526233.3 | CA7: =SUM(AP7:AS7) -> 1556118.8 | CB7: =SUM(AT7:AW7) -> 1586598.4 | CC7: =SUM(AX7:BA7) -> 1617692.7 | CD7: =SUM(BB7:BE7) -> 1649402.8 | CE7: =SUM(BI7:BP7) -> 1681759.6
B8: Total Revenue | E8: =SUM(E7:E7) -> 1258307 | F8: =SUM(F7:F7) -> 8000 | G8: =SUM(G7:G7) -> 8000 | H8: =SUM(H7:H7) -> 8000 | I8: =SUM(I7:I7) -> 1283312.9 | J8: =SUM(J7:J7) -> 8000 | K8: =SUM(K7:K7) -> 8000 | L8: =SUM(L7:L7) -> 8000 | ... BL8: =SUM(BL7:BL7) -> 8000 | BN8: =+B8 -> Total Revenue | BQ8: =SUM(BQ7:BQ7) -> 1282307 | BR8: =SUM(BR7:BR7) -> 1307312.9 | BS8: =SUM(BS7:BS7) -> 1332825.8 | BT8: =SUM(BT7:BT7) -> 1358834.5 | BU8: =SUM(BU7:BU7) -> 1385378.2 | BV8: =SUM(BV7:BV7) -> 1412446.1 | BW8: =SUM(BW7:BW7) -> 1440047.9 | BX8: =SUM(BX7:BX7) -> 1468213 | ... CE8: =SUM(CE7:CE7) -> 1681759.6
B10: Direct Cost | BN10: =+B10 -> Direct Cost
C11: Direct Costs | E11: ='Multiple Revenues Streams'!C38 -> 132095.67 | F11: ='Multiple Revenues Streams'!D38 -> 500 | G11: ='Multiple Revenues Streams'!E38 -> 500 | H11: ='Multiple Revenues Streams'!F38 -> 500 | I11: ='Multiple Revenues Streams'!G38 -> 132095.67 | J11: ='Multiple Revenues Streams'!H38 -> 500 | K11: ='Multiple Revenues Streams'!I38 -> 500 | L11: ='Multiple Revenues Streams'!J38 -> 500 | ... BL11: ='Multiple Revenues Streams'!BJ38 -> 500 | BO11: =C11 -> Direct Costs | BQ11: =SUM(E11:H11) -> 133595.67 | BR11: =SUM(I11:L11) -> 133595.67 | BS11: =SUM(M11:P11) -> 133595.67 | BT11: =SUM(Q11:T11) -> 133595.67 | BU11: =SUM(U11:X11) -> 133595.67 | BV11: =SUM(Y11:AB11) -> 133595.67 | BW11: =SUM(AC11:AF11) -> 133595.67 | BX11: =SUM(AG11:AJ11) -> 133595.67 | BY11: =SUM(AK11:AN11) -> 133595.67 | BZ11: =SUM(AO11:AR11) -> 133595.67 | CA11: =SUM(AP11:AS11) -> 133595.67 | CB11: =SUM(AQ11:AT11) -> 133595.67 | CC11: =SUM(AR11:AU11) -> 133595.67 | CD11: =SUM(AS11:AV11) -> 133595.67 | CE11: =SUM(BI11:BP11) -> 133595.67
B12: Total Direct Costs | E12: =SUM(E11:E11) -> 132095.67 | F12: =SUM(F11:F11) -> 500 | G12: =SUM(G11:G11) -> 500 | H12: =SUM(H11:H11) -> 500 | I12: =SUM(I11:I11) -> 132095.67 | J12: =SUM(J11:J11) -> 500 | K12: =SUM(K11:K11) -> 500 | L12: =SUM(L11:L11) -> 500 | ... BL12: =SUM(BL11:BL11) -> 500 | BN12: =+B12 -> Total Direct Costs | BQ12: =SUM(BQ11:BQ11) -> 133595.67 | BR12: =SUM(BR11:BR11) -> 133595.67 | BS12: =SUM(BS11:BS11) -> 133595.67 | BT12: =SUM(BT11:BT11) -> 133595.67 | BU12: =SUM(BU11:BU11) -> 133595.67 | BV12: =SUM(BV11:BV11) -> 133595.67 | BW12: =SUM(BW11:BW11) -> 133595.67 | BX12: =SUM(BX11:BX11) -> 133595.67 | ... CE12: =SUM(CE11:CE11) -> 133595.67
B14: GROSS PROFIT | E14: =+E8-E12 -> 1126211.3 | F14: =+F8-F12 -> 7500 | G14: =+G8-G12 -> 7500 | H14: =+H8-H12 -> 7500 | I14: =+I8-I12 -> 1151217.2 | J14: =+J8-J12 -> 7500 | K14: =+K8-K12 -> 7500 | L14: =+L8-L12 -> 7500 | ... BL14: =+BL8-BL12 -> 7500 | BN14: =+B14 -> GROSS PROFIT | BQ14: =+BQ8-BQ12 -> 1148711.3 | BR14: =+BR8-BR12 -> 1173717.2 | BS14: =+BS8-BS12 -> 1199230.1 | BT14: =+BT8-BT12 -> 1225238.8 | BU14: =+BU8-BU12 -> 1251782.5 | BV14: =+BV8-BV12 -> 1278850.5 | BW14: =+BW8-BW12 -> 1306452.2 | BX14: =+BX8-BX12 -> 1334617.3 | ... CE14: =+CE8-CE12 -> 1548164
B15: GROSS PROFIT(%) | E15: 0 | F15: 0 | G15: 0 | H15: 0 | I15: 0 | J15: 0 | K15: 0 | L15: 0 | M15: =+M14/M8 -> 0.89907314 | N15: 0 | O15: 0 | P15: 0 | Q15: =+Q14/Q8 -> 0.90103966 | R15: 0 | S15: 0 | T15: 0 | U15: =+U14/U8 -> 0.90296915 | V15: 0 | W15: 0 | X15: 0 | Y15: =+Y14/Y8 -> 0.90486079 | Z15: 0 | AA15: 0 | AB15: 0 | AC15: =+AC14/AC8 -> 0.90671525 | AD15: 0 | AE15: 0 | AF15: 0 | AG15: =+AG14/AG8 -> 0.90853449 | AH15: 0 | AI15: 0 | AJ15: 0 | AK15: =+AK14/AK8 -> 0.91031784 | AL15: 0 | AM15: 0 | AN15: 0 | AO15: =+AO14/AO8 -> 0.91206714 | AP15: 0 | AQ15: 0 | AR15: 0 | AS15: =+AS14/AS8 -> 0.91378235 | AT15: 0 | AU15: 0 | AV15: 0 | AW15: =+AW14/AW8 -> 0.91546409 | AX15: 0 | AY15: 0 | AZ15: 0 | BA15: =+BA14/BA8 -> 0.91711346 | BB15: 0 | BC15: 0 | BD15: 0 | BE15: =+BE14/BE8 -> 0.9187305 | BF15: 0 | BG15: 0 | BH15: 0 | BI15: =+BI14/BI8 -> 0.92031675 | BJ15: 0 | BK15: 0 | BL15: 0 | BN15: =+B15 -> GROSS PROFIT(%) | BQ15: 0 | BR15: 0 | BS15: =+BS14/BS8 -> 0.89976509 | BT15: =+BT14/BT8 -> 0.90168363 | BU15: =+BU14/BU8 -> 0.90356736 | BV15: =+BV14/BV8 -> 0.90541538 | BW15: =+BW14/BW8 -> 0.90722831 | BX15: =+BX14/BX8 -> 0.90900798 | BY15: =+BY14/BY8 -> 0.91075365 | BZ15: =+BZ14/BZ8 -> 0.91246707 | ... CE15: =+CE14/CE8 -> 0.92056197
B17: Other Expenses | BN17: =+B17 -> Other Expenses
C18: Salaries | E18: =Headcount!F18 -> 83559 | F18: =Headcount!G18 -> 43077 | G18: =Headcount!H18 -> 43077 | H18: =Headcount!I18 -> 58647 | I18: =Headcount!J18 -> 91914.9 | J18: =Headcount!K18 -> 47384.7 | K18: =Headcount!L18 -> 47384.7 | L18: =Headcount!M18 -> 64511.7 | ... BL18: =Headcount!BM18 -> 222711.88 | BO18: =+C18 -> Salaries | BQ18: =SUM(E18:H18) -> 228360 | BR18: =SUM(I18:L18) -> 251196 | BS18: =SUM(M18:P18) -> 276315.6 | BT18: =SUM(Q18:T18) -> 303947.16 | BU18: =SUM(U18:X18) -> 334341.88 | BV18: =SUM(Y18:AB18) -> 367776.06 | BW18: =SUM(AC18:AF18) -> 404553.67 | BX18: =SUM(AG18:AJ18) -> 445009.04 | BY18: =SUM(AK18:AN18) -> 489509.94 | BZ18: =SUM(AO18:AR18) -> 538460.93 | CA18: =SUM(AP18:AS18) -> 558163.71 | CB18: =SUM(AQ18:AT18) -> 568321.04 | CC18: =SUM(AR18:AU18) -> 578478.37 | CD18: =SUM(AS18:AV18) -> 592307.03 | CE18: =SUM(AT18:AW18) -> 613980.08
C19: Marketing Expenses | E19: =ROUND(+'Full Assumptions '!D105,-2) -> 124900 | F19: =ROUND(+'Full Assumptions '!E105,-2) -> 124900 | G19: =ROUND(+'Full Assumptions '!F105,-2) -> 124900 | H19: =ROUND(+'Full Assumptions '!G105,-2) -> 124900 | I19: =ROUND(+'Full Assumptions '!D106,-2) -> 124900 | J19: =ROUND(+'Full Assumptions '!E106,-2) -> 124900 | K19: =ROUND(+'Full Assumptions '!F106,-2) -> 124900 | L19: =ROUND(+'Full Assumptions '!G106,-2) -> 124900 | M19: =ROUND('Full Assumptions '!D107,-2) -> 124900 | N19: =ROUND('Full Assumptions '!E107,-2) -> 124900 | O19: =ROUND('Full Assumptions '!F107,-2) -> 124900 | P19: =ROUND('Full Assumptions '!G107,-2) -> 124900 | Q19: =ROUND('Full Assumptions '!D108,-2) -> 124900 | R19: =ROUND('Full Assumptions '!E108,-2) -> 124900 | S19: =ROUND('Full Assumptions '!F108,-2) -> 124900 | T19: =ROUND('Full Assumptions '!G108,-2) -> 124900 | U19: =ROUND('Full Assumptions '!D109,-2) -> 124900 | V19: =ROUND('Full Assumptions '!E109,-2) -> 124900 | W19: =ROUND('Full Assumptions '!F109,-2) -> 124900 | X19: =ROUND('Full Assumptions '!G109,-2) -> 124900 | Y19: =ROUND('Full Assumptions '!D110,-2) -> 0 | Z19: =ROUND('Full Assumptions '!E110,-2) -> 0 | AA19: =ROUND('Full Assumptions '!F110,-2) -> 0 | AB19: =ROUND('Full Assumptions '!G110,-2) -> 0 | AC19: =ROUND('Full Assumptions '!D111,-2) -> 0 | AD19: =ROUND('Full Assumptions '!E111,-2) -> 0 | AE19: =ROUND('Full Assumptions '!F111,-2) -> 0 | AF19: =ROUND('Full Assumptions '!G111,-2) -> 0 | AG19: =ROUND('Full Assumptions '!D112,-2) -> 0 | AH19: =ROUND('Full Assumptions '!E112,-2) -> 0 | AI19: =ROUND('Full Assumptions '!F112,-2) -> 0 | AJ19: =ROUND('Full Assumptions '!G112,-2) -> 0 | AK19: =ROUND('Full Assumptions '!D113,-2) -> 0 | AL19: =ROUND('Full Assumptions '!E113,-2) -> 0 | AM19: =ROUND('Full Assumptions '!F113,-2) -> 0 | AN19: =ROUND('Full Assumptions '!G113,-2) -> 0 | AO19: =ROUND('Full Assumptions '!D114,-2) -> 0 | AP19: =ROUND('Full Assumptions '!E114,-2) -> 0 | AQ19: =ROUND('Full Assumptions '!F114,-2) -> 0 | AR19: =ROUND('Full Assumptions '!G114,-2) -> 0 | AS19: =ROUND('Full Assumptions '!H114,-2) -> 0 | AT19: =ROUND('Full Assumptions '!I114,-2) -> 0 | AU19: =ROUND('Full Assumptions '!J114,-2) -> 0 | AV19: =ROUND('Full Assumptions '!K114,-2) -> 0 | ... BL19: =ROUND('Full Assumptions '!AA114,-2) -> 0 | BO19: =+C19 -> Marketing Expenses | BQ19: =SUM(E19:H19) -> 499600 | BR19: =SUM(I19:L19) -> 499600 | BS19: =SUM(M19:P19) -> 499600 | BT19: =SUM(Q19:T19) -> 499600 | BU19: =SUM(U19:X19) -> 499600 | BV19: =SUM(Y19:AB19) -> 0 | BW19: =SUM(AC19:AF19) -> 0 | BX19: =SUM(AG19:AJ19) -> 0 | BY19: =SUM(AK19:AN19) -> 0 | BZ19: =SUM(AO19:AR19) -> 0 | CA19: =SUM(AP19:BH19) -> 0 | CB19: =SUM(AQ19:BM19) -> 0 | CC19: =SUM(AR19:BN19) -> 0 | CD19: =SUM(BH19:BO19) -> 0 | CE19: =SUM(BI19:BP19) -> 0
C20: Rent/Utility Expenses | E20: =ROUND(+'Full Assumptions '!D124,-2) -> 15100 | F20: =ROUND(+'Full Assumptions '!E124,-2) -> 300 | G20: =ROUND(+'Full Assumptions '!F124,-2) -> 300 | H20: =ROUND(+'Full Assumptions '!G124,-2) -> 4300 | I20: =ROUND(+'Full Assumptions '!D125,-2) -> 14600 | J20: =ROUND(+'Full Assumptions '!E125,-2) -> 300 | K20: =ROUND(+'Full Assumptions '!F125,-2) -> 300 | L20: =ROUND(+'Full Assumptions '!G125,-2) -> 4300 | M20: =ROUND('Full Assumptions '!D126,-2) -> 14600 | N20: =ROUND('Full Assumptions '!E126,-2) -> 300 | O20: =ROUND('Full Assumptions '!F126,-2) -> 300 | P20: =ROUND('Full Assumptions '!G126,-2) -> 4700 | Q20: =ROUND('Full Assumptions '!D127,-2) -> 14600 | R20: =ROUND('Full Assumptions '!E127,-2) -> 300 | S20: =ROUND('Full Assumptions '!F127,-2) -> 300 | T20: =ROUND('Full Assumptions '!G127,-2) -> 4700 | U20: =ROUND('Full Assumptions '!D128,-2) -> 14600 | V20: =ROUND('Full Assumptions '!E128,-2) -> 300 | W20: =ROUND('Full Assumptions '!F128,-2) -> 300 | X20: =ROUND('Full Assumptions '!G128,-2) -> 4700 | Y20: =ROUND('Full Assumptions '!D129,-2) -> 14600 | Z20: =ROUND('Full Assumptions '!E129,-2) -> 300 | AA20: =ROUND('Full Assumptions '!F129,-2) -> 300 | AB20: =ROUND('Full Assumptions '!G129,-2) -> 4700 | AC20: =ROUND('Full Assumptions '!D130,-2) -> 14600 | AD20: =ROUND('Full Assumptions '!E130,-2) -> 300 | AE20: =ROUND('Full Assumptions '!F130,-2) -> 300 | AF20: =ROUND('Full Assumptions '!G130,-2) -> 4700 | AG20: =ROUND('Full Assumptions '!D131,-2) -> 14600 | AH20: =ROUND('Full Assumptions '!E131,-2) -> 300 | AI20: =ROUND('Full Assumptions '!F131,-2) -> 300 | AJ20: =ROUND('Full Assumptions '!G131,-2) -> 4700 | AK20: =ROUND('Full Assumptions '!D132,-2) -> 14600 | AL20: =ROUND('Full Assumptions '!E132,-2) -> 300 | AM20: =ROUND('Full Assumptions '!F132,-2) -> 300 | AN20: =ROUND('Full Assumptions '!G132,-2) -> 4700 | AO20: =ROUND('Full Assumptions '!D133,-2) -> 14600 | AP20: =ROUND('Full Assumptions '!E133,-2) -> 300 | AQ20: =ROUND('Full Assumptions '!F133,-2) -> 300 | AR20: =ROUND('Full Assumptions '!G133,-2) -> 4700 | AS20: =ROUND('Full Assumptions '!D134,-2) -> 14600 | AT20: =ROUND('Full Assumptions '!E134,-2) -> 300 | AU20: =ROUND('Full Assumptions '!F134,-2) -> 300 | AV20: =ROUND('Full Assumptions '!G134,-2) -> 4700 | AW20: =ROUND('Full Assumptions '!D135,-2) -> 14600 | AX20: =ROUND('Full Assumptions '!E135,-2) -> 300 | AY20: =ROUND('Full Assumptions '!F135,-2) -> 300 | AZ20: =ROUND('Full Assumptions '!G135,-2) -> 4700 | BA20: =ROUND('Full Assumptions '!D136,-2) -> 14600 | BB20: =ROUND('Full Assumptions '!E136,-2) -> 300 | BC20: =ROUND('Full Assumptions '!F136,-2) -> 300 | BD20: =ROUND('Full Assumptions '!G136,-2) -> 4700 | BE20: =ROUND('Full Assumptions '!D137,-2) -> 14600 | BF20: =ROUND('Full Assumptions '!E137,-2) -> 300 | BG20: =ROUND('Full Assumptions '!F137,-2) -> 300 | BH20: =ROUND('Full Assumptions '!G137,-2) -> 4700 | BI20: =ROUND('Full Assumptions '!D138,-2) -> 14600 | BJ20: =ROUND('Full Assumptions '!E138,-2) -> 300 | BK20: =ROUND('Full Assumptions '!F138,-2) -> 300 | BL20: =ROUND('Full Assumptions '!G138,-2) -> 4700 | BO20: =+C20 -> Rent/Utility Expenses | BQ20: =SUM(E20:H20) -> 20000 | BR20: =SUM(I20:L20) -> 19500 | BS20: =SUM(M20:P20) -> 19900 | BT20: =ROUND('Full Assumptions '!H127,-2) -> 19900 | BU20: =ROUND('Full Assumptions '!H128,-2) -> 19900 | BV20: =BU20 -> 19900 | BW20: =BV20 -> 19900 | BX20: =BW20 -> 19900 | BY20: =BX20 -> 19900 | BZ20: =BY20 -> 19900 | CA20: =BZ20 -> 19900 | CB20: =CA20 -> 19900 | CC20: =CB20 -> 19900 | ... CE20: =CD20 -> 19900
C21: Other Expenses | E21: =ROUND(+'Full Assumptions '!D145,-2) -> 0 | F21: =ROUND(+'Full Assumptions '!E145,-2) -> 0 | G21: =ROUND(+'Full Assumptions '!F145,-2) -> 0 | H21: =ROUND(+'Full Assumptions '!G145,-2) -> 0 | I21: =ROUND(+'Full Assumptions '!D146,-2) -> 0 | J21: =ROUND(+'Full Assumptions '!E146,-2) -> 0 | K21: =ROUND(+'Full Assumptions '!F146,-2) -> 0 | L21: =ROUND(+'Full Assumptions '!G146,-2) -> 0 | M21: =ROUND(+'Full Assumptions '!D147,-2) -> 0 | N21: =ROUND(+'Full Assumptions '!E147,-2) -> 0 | O21: =ROUND(+'Full Assumptions '!F147,-2) -> 0 | P21: =ROUND(+'Full Assumptions '!G147,-2) -> 0 | Q21: =ROUND(+'Full Assumptions '!D148,-2) -> 0 | R21: =ROUND(+'Full Assumptions '!E148,-2) -> 0 | S21: =ROUND(+'Full Assumptions '!F148,-2) -> 0 | T21: =ROUND(+'Full Assumptions '!G148,-2) -> 0 | U21: =ROUND(+'Full Assumptions '!D149,-2) -> 0 | V21: =ROUND(+'Full Assumptions '!E149,-2) -> 0 | W21: =ROUND(+'Full Assumptions '!F149,-2) -> 0 | X21: =ROUND(+'Full Assumptions '!G149,-2) -> 0 | Y21: =ROUND(+'Full Assumptions '!D150,-2) -> 0 | Z21: =ROUND(+'Full Assumptions '!E150,-2) -> 0 | AA21: =ROUND(+'Full Assumptions '!F150,-2) -> 0 | AB21: =ROUND(+'Full Assumptions '!G150,-2) -> 0 | AC21: =ROUND(+'Full Assumptions '!D151,-2) -> 0 | AD21: =ROUND(+'Full Assumptions '!E151,-2) -> 0 | AE21: =ROUND(+'Full Assumptions '!F151,-2) -> 0 | AF21: =ROUND(+'Full Assumptions '!G151,-2) -> 0 | AG21: =ROUND(+'Full Assumptions '!D152,-2) -> 0 | AH21: =ROUND(+'Full Assumptions '!E152,-2) -> 0 | AI21: =ROUND(+'Full Assumptions '!F152,-2) -> 0 | AJ21: =ROUND(+'Full Assumptions '!G152,-2) -> 0 | AK21: =ROUND('Full Assumptions '!D153,-2) -> 0 | AL21: =ROUND('Full Assumptions '!E153,-2) -> 0 | AM21: =ROUND('Full Assumptions '!F153,-2) -> 0 | AN21: =ROUND('Full Assumptions '!G153,-2) -> 0 | AO21: =ROUND(+'Full Assumptions '!D154,-2) -> 0 | AP21: =ROUND(+'Full Assumptions '!E154,-2) -> 0 | AQ21: =ROUND(+'Full Assumptions '!F154,-2) -> 0 | AR21: =ROUND(+'Full Assumptions '!G154,-2) -> 0 | AS21: =ROUND(+'Full Assumptions '!D155,-2) -> 0 | AT21: =ROUND(+'Full Assumptions '!E155,-2) -> 0 | AU21: =ROUND(+'Full Assumptions '!F155,-2) -> 0 | AV21: =ROUND(+'Full Assumptions '!G155,-2) -> 0 | AW21: =ROUND(+'Full Assumptions '!D156,-2) -> 0 | AX21: =ROUND(+'Full Assumptions '!E156,-2) -> 0 | AY21: =ROUND(+'Full Assumptions '!F156,-2) -> 0 | AZ21: =ROUND(+'Full Assumptions '!G156,-2) -> 0 | BA21: =ROUND(+'Full Assumptions '!D157,-2) -> 0 | BB21: =ROUND(+'Full Assumptions '!E157,-2) -> 0 | BC21: =ROUND(+'Full Assumptions '!F157,-2) -> 0 | BD21: =ROUND(+'Full Assumptions '!G157,-2) -> 0 | BE21: =ROUND(+'Full Assumptions '!D158,-2) -> 0 | BF21: =ROUND(+'Full Assumptions '!E158,-2) -> 0 | BG21: =ROUND(+'Full Assumptions '!F158,-2) -> 0 | BH21: =ROUND(+'Full Assumptions '!G158,-2) -> 0 | BI21: =ROUND(+'Full Assumptions '!D159,-2) -> 0 | BJ21: =ROUND(+'Full Assumptions '!E159,-2) -> 0 | BK21: =ROUND(+'Full Assumptions '!F159,-2) -> 0 | BL21: =ROUND(+'Full Assumptions '!G159,-2) -> 0 | BO21: =+C21 -> Other Expenses | BQ21: =SUM(E21:H21) -> 0 | BR21: =SUM(I21:L21) -> 0 | BS21: =SUM(M21:P21) -> 0 | BT21: =SUM(Q21:T21) -> 0 | BU21: =SUM(U21:X21) -> 0 | BV21: =SUM(Y21:AB21) -> 0 | BW21: =SUM(AC21:AF21) -> 0 | BX21: =SUM(AG21:AJ21) -> 0 | BY21: =SUM(AK21:AN21) -> 0 | BZ21: =SUM(AO21:AR21) -> 0 | CA21: =SUM(AP21:BH21) -> 0 | CB21: =SUM(AQ21:BM21) -> 0 | CC21: =SUM(AR21:BN21) -> 0 | CD21: =SUM(BH21:BO21) -> 0 | CE21: =SUM(BI21:BP21) -> 0
B22: Total Other Expenses | E22: =SUM(E18:E21) -> 223559 | F22: =SUM(F18:F21) -> 168277 | G22: =SUM(G18:G21) -> 168277 | H22: =SUM(H18:H21) -> 187847 | I22: =SUM(I18:I21) -> 231414.9 | J22: =SUM(J18:J21) -> 172584.7 | K22: =SUM(K18:K21) -> 172584.7 | L22: =SUM(L18:L21) -> 193711.7 | ... BL22: =SUM(BL18:BL21) -> 227411.88 | BN22: =+B22 -> Total Other Expenses | BQ22: =SUM(BQ18:BQ21) -> 747960 | BR22: =SUM(BR18:BR21) -> 770296 | BS22: =SUM(BS18:BS21) -> 795815.6 | BT22: =SUM(BT18:BT21) -> 823447.16 | BU22: =SUM(BU18:BU21) -> 853841.88 | BV22: =SUM(BV18:BV21) -> 387676.06 | BW22: =SUM(BW18:BW21) -> 424453.67 | BX22: =SUM(BX18:BX21) -> 464909.04 | ... CE22: =SUM(CE18:CE21) -> 633880.08
B23: EBITDA | E23: =+E14-E22 -> 902652.3 | F23: =+F14-F22 -> -160777 | G23: =+G14-G22 -> -160777 | H23: =+H14-H22 -> -180347 | I23: =+I14-I22 -> 919802.34 | J23: =+J14-J22 -> -165084.7 | K23: =+K14-K22 -> -165084.7 | L23: =+L14-L22 -> -186211.7 | ... BL23: =+BL14-BL22 -> -219911.88 | BN23: EBITDA | BQ23: =+BQ14-BQ22 -> 400751.3 | BR23: =+BR14-BR22 -> 403421.24 | BS23: =+BS14-BS22 -> 403414.5 | BT23: =+BT14-BT22 -> 401791.65 | BU23: =+BU14-BU22 -> 397940.63 | BV23: =+BV14-BV22 -> 891174.4 | BW23: =+BW14-BW22 -> 881998.52 | BX23: =+BX14-BX22 -> 869708.31 | ... CE23: =+CE14-CE22 -> 914283.87
C24: Depreciation | E24: =+'Base Capex Dep'!F48 -> 3400 | F24: =+'Base Capex Dep'!G48 -> 4700 | G24: =+'Base Capex Dep'!H48 -> 5400 | H24: =+'Base Capex Dep'!I48 -> 6100 | I24: =+'Base Capex Dep'!J48 -> 6500 | J24: =+'Base Capex Dep'!K48 -> 6900 | K24: =+'Base Capex Dep'!L48 -> 6900 | L24: =+'Base Capex Dep'!M48 -> 6900 | ... BL24: =+'Base Capex Dep'!BM48 -> 6900 | BO24: =+C24 -> Depreciation | BQ24: =SUM(H24:K24) -> 26400 | BR24: =SUM(I24:L24) -> 27200 | BS24: =SUM(M24:P24) -> 27600 | BT24: =+'Base Capex Dep'!G24 -> 27600 | BU24: =+'Base Capex Dep'!H24 -> 27600 | BV24: =BU24 -> 27600 | BW24: =BV24 -> 27600 | BX24: =BW24 -> 27600 | BY24: =BX24 -> 27600 | BZ24: =BY24 -> 27600 | CA24: =BZ24 -> 27600 | CB24: =CA24 -> 27600 | CC24: =CB24 -> 27600 | ... CE24: =CD24 -> 27600
C25: Amortization | E25: =+'Base Capex Dep'!F47 -> 0 | F25: =+'Base Capex Dep'!G47 -> 0 | G25: =+'Base Capex Dep'!H47 -> 0 | H25: =+'Base Capex Dep'!I47 -> 0 | I25: =+'Base Capex Dep'!J47 -> 0 | J25: =+'Base Capex Dep'!K47 -> 0 | K25: =+'Base Capex Dep'!L47 -> 0 | L25: =+'Base Capex Dep'!M47 -> 0 | ... BL25: =+'Base Capex Dep'!BM47 -> 0 | BO25: =+C25 -> Amortization | BQ25: =SUM(E25:H25) -> 0 | BR25: =SUM(I25:L25) -> 0 | BS25: =SUM(M25:P25) -> 0 | BT25: =+'Base Capex Dep'!G23 -> 0 | BU25: =+'Base Capex Dep'!H23 -> 0 | BV25: =+'Base Capex Dep'!I23 -> 0 | BW25: =+'Base Capex Dep'!BF47 -> 0 | BX25: =+'Base Capex Dep'!BG47 -> 0 | BY25: =+'Base Capex Dep'!BH47 -> 0 | BZ25: =+'Base Capex Dep'!BI47 -> 0 | CA25: =+'Base Capex Dep'!BJ47 -> 0 | CB25: =+'Base Capex Dep'!BK47 -> 0 | CC25: =+'Base Capex Dep'!BL47 -> 0 | CD25: =+'Base Capex Dep'!BM47 -> 0 | CE25: =+'Base Capex Dep'!BN47 -> 0
C26: Preliminary Exp Written off | E26: =MIN(ROUND(+'Full Assumptions '!$C$529/('Full Assumptions '!$C$544*4),-2),'Full Assumptions '!$C$529-SUM($D$26:D26)) -> 0 | F26: =MIN(ROUND(+'Full Assumptions '!$C$529/('Full Assumptions '!$C$544*4),-2),'Full Assumptions '!$C$529-SUM($D$26:E26)) -> 0 | G26: =MIN(ROUND(+'Full Assumptions '!$C$529/('Full Assumptions '!$C$544*4),-2),'Full Assumptions '!$C$529-SUM($D$26:F26)) -> 0 | H26: =MIN(ROUND(+'Full Assumptions '!$C$529/('Full Assumptions '!$C$544*4),-2),'Full Assumptions '!$C$529-SUM($D$26:G26)) -> 0 | I26: =MIN(ROUND(+'Full Assumptions '!$C$529/('Full Assumptions '!$C$544*4),-2),'Full Assumptions '!$C$529-SUM($D$26:H26)) -> 0 | J26: =MIN(ROUND(+'Full Assumptions '!$C$529/('Full Assumptions '!$C$544*4),-2),'Full Assumptions '!$C$529-SUM($D$26:I26)) -> 0 | K26: =MIN(ROUND(+'Full Assumptions '!$C$529/('Full Assumptions '!$C$544*4),-2),'Full Assumptions '!$C$529-SUM($D$26:J26)) -> 0 | L26: =MIN(ROUND(+'Full Assumptions '!$C$529/('Full Assumptions '!$C$544*4),-2),'Full Assumptions '!$C$529-SUM($D$26:K26)) -> 0 | ... BL26: =MIN(ROUND(+'Full Assumptions '!$C$529/('Full Assumptions '!$C$544*4),-2),'Full Assumptions '!$C$529-SUM($D$26:BK26)) -> 0 | BO26: =+C26 -> Preliminary Exp Written off | BQ26: =SUM(E26:H26) -> 0 | BR26: =SUM(I26:L26) -> 0 | BS26: =SUM(M26:P26) -> 0 | BT26: =MIN(ROUND(+'Full Assumptions '!$C$529/('Full Assumptions '!$C$544),-2),'Full Assumptions '!$C$529-SUM($BQ$26:BS26)) -> 0 | BU26: =MIN(ROUND(+'Full Assumptions '!$C$529/('Full Assumptions '!$C$544),-2),'Full Assumptions '!$C$529-SUM($BQ$26:BT26)) -> 0 | BV26: =MIN(ROUND(+'Full Assumptions '!$C$529/('Full Assumptions '!$C$544),-2),'Full Assumptions '!$C$529-SUM($BQ$26:BU26)) -> 0 | BW26: =MIN(ROUND(+'Full Assumptions '!$C$529/('Full Assumptions '!$C$544),-2),'Full Assumptions '!$C$529-SUM($BQ$26:BV26)) -> 0 | BX26: =MIN(ROUND(+'Full Assumptions '!$C$529/('Full Assumptions '!$C$544),-2),'Full Assumptions '!$C$529-SUM($BQ$26:BW26)) -> 0 | BY26: =MIN(ROUND(+'Full Assumptions '!$C$529/('Full Assumptions '!$C$544),-2),'Full Assumptions '!$C$529-SUM($BQ$26:BX26)) -> 0 | BZ26: =MIN(ROUND(+'Full Assumptions '!$C$529/('Full Assumptions '!$C$544),-2),'Full Assumptions '!$C$529-SUM($BQ$26:BY26)) -> 0 | CA26: =MIN(ROUND(+'Full Assumptions '!$C$529/('Full Assumptions '!$C$544),-2),'Full Assumptions '!$C$529-SUM($BQ$26:BZ26)) -> 0 | ... CE26: =MIN(ROUND(+'Full Assumptions '!$C$529/('Full Assumptions '!$C$544),-2),'Full Assumptions '!$C$529-SUM($BQ$26:CD26)) -> 0
B27: EBIT | E27: =+E23-SUM(E24:E26) -> 899252.3 | F27: =+F23-SUM(F24:F26) -> -165477 | G27: =+G23-SUM(G24:G26) -> -166177 | H27: =+H23-SUM(H24:H26) -> -186447 | I27: =+I23-SUM(I24:I26) -> 913302.34 | J27: =+J23-SUM(J24:J26) -> -171984.7 | K27: =+K23-SUM(K24:K26) -> -171984.7 | L27: =+L23-SUM(L24:L26) -> -193111.7 | ... BL27: =+BL23-SUM(BL24:BL26) -> -226811.88 | BN27: EBIT | BQ27: =+BQ23-SUM(BQ24:BQ26) -> 374351.3 | BR27: =+BR23-SUM(BR24:BR26) -> 376221.24 | BS27: =+BS23-SUM(BS24:BS26) -> 375814.5 | BT27: =+BT23-SUM(BT24:BT26) -> 374191.65 | BU27: =+BU23-SUM(BU24:BU26) -> 370340.63 | BV27: =+BV23-SUM(BV24:BV26) -> 863574.4 | BW27: =+BW23-SUM(BW24:BW26) -> 854398.52 | BX27: =+BX23-SUM(BX24:BX26) -> 842108.31 | ... CE27: =+CE23-SUM(CE24:CE26) -> 886683.87
C28: Interest Expense | E28: =+'Debt Repayment Schedule'!B13 -> 0 | F28: =+'Debt Repayment Schedule'!C13 -> 0 | G28: =+'Debt Repayment Schedule'!D13 -> 0 | H28: =+'Debt Repayment Schedule'!E13 -> 0 | I28: =+'Debt Repayment Schedule'!F13 -> 0 | J28: =+'Debt Repayment Schedule'!G13 -> 0 | K28: =+'Debt Repayment Schedule'!H13 -> 0 | L28: =+'Debt Repayment Schedule'!I13 -> 0 | ... BL28: =+'Debt Repayment Schedule'!BI13 -> 0 | BO28: =+C28 -> Interest Expense | BQ28: =SUM(E28:H28) -> 0 | BR28: =SUM(I28:L28) -> 0 | BS28: =SUM(M28:P28) -> 0 | BT28: =+'Debt Repayment Schedule'!N13 -> 0 | BU28: =+'Debt Repayment Schedule'!O13 -> 0 | BV28: =+'Debt Repayment Schedule'!P13 -> 0 | BW28: =+'Debt Repayment Schedule'!Q13 -> 0 | BX28: =+'Debt Repayment Schedule'!R13 -> 0 | BY28: =+'Debt Repayment Schedule'!S13 -> 0 | BZ28: =+'Debt Repayment Schedule'!T13 -> 0 | CA28: =+'Debt Repayment Schedule'!U13 -> 0 | ... CE28: =+'Debt Repayment Schedule'!Y13 -> 0
B29: PRETAX INCOME | E29: =+E27-E28 -> 899252.3 | F29: =+F27-F28 -> -165477 | G29: =+G27-G28 -> -166177 | H29: =+H27-H28 -> -186447 | I29: =+I27-I28 -> 913302.34 | J29: =+J27-J28 -> -171984.7 | K29: =+K27-K28 -> -171984.7 | L29: =+L27-L28 -> -193111.7 | ... BL29: =+BL27-BL28 -> -226811.88 | BN29: PRETAX INCOME | BQ29: =+BQ27-BQ28 -> 374351.3 | BR29: =+BR27-BR28 -> 376221.24 | BS29: =+BS27-BS28 -> 375814.5 | BT29: =+BT27-BT28 -> 374191.65 | BU29: =+BU27-BU28 -> 370340.63 | BV29: =+BV27-BV28 -> 863574.4 | BW29: =+BW27-BW28 -> 854398.52 | BX29: =+BX27-BX28 -> 842108.31 | ... CE29: =+CE27-CE28 -> 886683.87
C30: Cumulative Net Operating Loss | E30: =IF(E29<0,E29+D30,D30+D31) -> 0 | F30: =IF(F29<0,F29+E30,E30+E31) -> -165477 | G30: =IF(G29<0,G29+F30,F30+F31) -> -331654 | H30: =IF(H29<0,H29+G30,G30+G31) -> -518101 | I30: =IF(I29<0,I29+H30,H30+H31) -> -518101 | J30: =IF(J29<0,J29+I30,I30+I31) -> -690085.7 | K30: =IF(K29<0,K29+J30,J30+J31) -> -862070.4 | L30: =IF(L29<0,L29+K30,K30+K31) -> -1055182.1 | ... BL30: =IF(BL29<0,BL29+BK30,BK30+BK31) -> -6521387.1 | BO30: Net Operating Loss | BQ30: =IF(BQ29<0,BQ29+BP30,BP30+BP31) -> 0 | BR30: =IF(BR29<0,BR29+BQ30,BQ30+BQ31) -> 0 | BS30: =IF(BS29<0,BS29+BR30,BR30+BR31) -> 0 | BT30: =IF(BT29<0,BT29+BS30,BS30+BS31) -> 0 | BU30: =IF(BU29<0,BU29+BT30,BT30+BT31) -> 0 | BV30: =IF(BV29<0,BV29+BU30,BU30+BU31) -> 0 | BW30: =IF(BW29<0,BW29+BV30,BV30+BV31) -> 0 | BX30: =IF(BX29<0,BX29+BW30,BW30+BW31) -> 0 | ... CE30: =IF(CE29<0,CE29+CD30,CD30+CD31) -> 0
C31: Adjusted against Loss | E31: =IF(E29<0,0,MIN(E29,-E30)) -> 0 | F31: =IF(F29<0,0,MIN(F29,-F30)) -> 0 | G31: =IF(G29<0,0,MIN(G29,-G30)) -> 0 | H31: =IF(H29<0,0,MIN(H29,-H30)) -> 0 | I31: =IF(I29<0,0,MIN(I29,-I30)) -> 518101 | J31: =IF(J29<0,0,MIN(J29,-J30)) -> 0 | K31: =IF(K29<0,0,MIN(K29,-K30)) -> 0 | L31: =IF(L29<0,0,MIN(L29,-L30)) -> 0 | ... BL31: =IF(BL29<0,0,MIN(BL29,-BL30)) -> 0 | BO31: Use of Net Operating Loss | BQ31: =IF(BQ29<0,0,MIN(BQ29,-BQ30)) -> 0 | BR31: =IF(BR29<0,0,MIN(BR29,-BR30)) -> 0 | BS31: =IF(BS29<0,0,MIN(BS29,-BS30)) -> 0 | BT31: =IF(BT29<0,0,MIN(BT29,-BT30)) -> 0 | BU31: =IF(BU29<0,0,MIN(BU29,-BU30)) -> 0 | BV31: =IF(BV29<0,0,MIN(BV29,-BV30)) -> 0 | BW31: =IF(BW29<0,0,MIN(BW29,-BW30)) -> 0 | BX31: =IF(BX29<0,0,MIN(BX29,-BX30)) -> 0 | ... CE31: =IF(CE29<0,0,MIN(CE29,-CE30)) -> 0
C32: Taxable Income | E32: =IF((E29-E31)<0,0,E29-E31) -> 899252.3 | F32: =IF((F29-F31)<0,0,F29-F31) -> 0 | G32: =IF((G29-G31)<0,0,G29-G31) -> 0 | H32: =IF((H29-H31)<0,0,H29-H31) -> 0 | I32: =IF((I29-I31)<0,0,I29-I31) -> 395201.34 | J32: =IF((J29-J31)<0,0,J29-J31) -> 0 | K32: =IF((K29-K31)<0,0,K29-K31) -> 0 | L32: =IF((L29-L31)<0,0,L29-L31) -> 0 | ... BL32: =IF((BL29-BL31)<0,0,BL29-BL31) -> 0 | BO32: Taxable Income | BQ32: =IF((BQ29-BQ31)<0,0,BQ29-BQ31) -> 374351.3 | BR32: =IF((BR29-BR31)<0,0,BR29-BR31) -> 376221.24 | BS32: =IF((BS29-BS31)<0,0,BS29-BS31) -> 375814.5 | BT32: =IF((BT29-BT31)<0,0,BT29-BT31) -> 374191.65 | BU32: =IF((BU29-BU31)<0,0,BU29-BU31) -> 370340.63 | BV32: =IF((BV29-BV31)<0,0,BV29-BV31) -> 863574.4 | BW32: =IF((BW29-BW31)<0,0,BW29-BW31) -> 854398.52 | BX32: =IF((BX29-BX31)<0,0,BX29-BX31) -> 842108.31 | ... CE32: =IF((CE29-CE31)<0,0,CE29-CE31) -> 886683.87
C33: Income Tax Expense | E33: =+ROUND(E32*'Full Assumptions '!$C$164,-2) -> 143900 | F33: =+ROUND(F32*'Full Assumptions '!$C$164,-2) -> 0 | G33: =+ROUND(G32*'Full Assumptions '!$C$164,-2) -> 0 | H33: =+ROUND(H32*'Full Assumptions '!$C$164,-2) -> 0 | I33: =+ROUND(I32*'Full Assumptions '!$C$164,-2) -> 63200 | J33: =+ROUND(J32*'Full Assumptions '!$C$164,-2) -> 0 | K33: =+ROUND(K32*'Full Assumptions '!$C$164,-2) -> 0 | L33: =+ROUND(L32*'Full Assumptions '!$C$164,-2) -> 0 | ... BL33: =+ROUND(BL32*'Full Assumptions '!$C$164,-2) -> 0 | BO33: Income Tax Expense | BQ33: =SUM(H33:K33) -> 63200 | BR33: =SUM(I33:L33) -> 63200 | BS33: =+ROUND(BS32*'Full Assumptions '!$C$164,-2) -> 60100 | BT33: =+ROUND(BT32*'Full Assumptions '!$C$164,-2) -> 59900 | BU33: =+ROUND(BU32*'Full Assumptions '!$C$164,-2) -> 59300 | BV33: =+ROUND(BV32*'Full Assumptions '!$C$164,-2) -> 138200 | BW33: =+ROUND(BW32*'Full Assumptions '!$C$164,-2) -> 136700 | BX33: =+ROUND(BX32*'Full Assumptions '!$C$164,-2) -> 134700 | BY33: =+ROUND(BY32*'Full Assumptions '!$C$164,-2) -> 132200 | BZ33: =+ROUND(BZ32*'Full Assumptions '!$C$164,-2) -> 129100 | ... CE33: =+ROUND(CE32*'Full Assumptions '!$C$164,-2) -> 141900
B34: NET INCOME | E34: =E29-E33 -> 755352.3 | F34: =F29-F33 -> -165477 | G34: =G29-G33 -> -166177 | H34: =H29-H33 -> -186447 | I34: =I29-I33 -> 850102.34 | J34: =J29-J33 -> -171984.7 | K34: =K29-K33 -> -171984.7 | L34: =L29-L33 -> -193111.7 | ... BL34: =BL29-BL33 -> -226811.88 | BN34: NET INCOME | BQ34: =BQ29-BQ33 -> 311151.3 | BR34: =BR29-BR33 -> 313021.24 | BS34: =BS29-BS33 -> 315714.5 | BT34: =BT29-BT33 -> 314291.65 | BU34: =BU29-BU33 -> 311040.63 | BV34: =BV29-BV33 -> 725374.4 | BW34: =BW29-BW33 -> 717698.52 | BX34: =BX29-BX33 -> 707408.31 | ... CE34: =CE29-CE33 -> 744783.87
C35: Net Profit Margin (%) | E35: 0 | F35: 0 | G35: 0 | H35: 0 | I35: 0 | J35: 0 | K35: 0 | L35: 0 | M35: =M34/M8 -> 0.70996746 | N35: 0 | O35: 0 | P35: 0 | Q35: =Q34/Q8 -> 0.70804417 | R35: 0 | S35: 0 | T35: 0 | U35: =U34/U8 -> 0.70556719 | V35: 0 | W35: 0 | X35: 0 | Y35: =Y34/Y8 -> 0.79245268 | Z35: 0 | AA35: 0 | AB35: 0 | AC35: =AC34/AC8 -> 0.78699481 | AD35: 0 | AE35: 0 | AF35: 0 | AG35: =AG34/AG8 -> 0.78089899 | AH35: 0 | AI35: 0 | AJ35: 0 | AK35: =AK34/AK8 -> 0.77411589 | AL35: 0 | AM35: 0 | AN35: 0 | AO35: =AO34/AO8 -> 0.76659855 | AP35: 0 | AQ35: 0 | AR35: 0 | AS35: =AS34/AS8 -> 0.75829145 | AT35: 0 | AU35: 0 | AV35: 0 | AW35: =AW34/AW8 -> 0.74913627 | AX35: 0 | AY35: 0 | AZ35: 0 | BA35: =BA34/BA8 -> 0.73907165 | BB35: 0 | BC35: 0 | BD35: 0 | BE35: =BE34/BE8 -> 0.72802802 | BF35: 0 | BG35: 0 | BH35: 0 | BI35: =BI34/BI8 -> 0.71593539 | BJ35: 0 | BK35: 0 | BL35: 0 | BO35: Net Profit Margin (%) | BQ35: 0 | BR35: =BR34/BR8 -> 0.23943865 | BS35: =BS34/BS8 -> 0.23687604 | BT35: =BT34/BT8 -> 0.23129502 | BU35: =BU34/BU8 -> 0.22451676 | BV35: =BV34/BV8 -> 0.51355898 | BW35: =BW34/BW8 -> 0.49838518 | BX35: =BX34/BX8 -> 0.48181585 | BY35: =BY34/BY8 -> 0.46369916 | ... CE35: =CE34/CE8 -> 0.44285988

Sheet Marketing
C2: MARKETING | H2: Preparatory | I2: Phase | J2: FY1 | N2: FY2 | R2: FY3 | V2: FY4 | Z2: FY5 | AD2: FY6 | AH2: FY7 | AL2: FY8 | AP2: FY9 | AT2: FY10
C3: Remarks | D3: Item description | E3: Total Qty | F3: Unit cost € | G3: Total Cost | H3: Q3 | I3: Q4 | J3: Q1 | K3: Q2 | L3: Q3 | M3: Q4 | N3: Q1 | O3: Q2 | P3: Q3 | Q3: Q4 | R3: Q1 | S3: Q2 | T3: Q3 | U3: Q4 | V3: Q1 | W3: Q2 | X3: Q3 | Y3: Q4 | Z3: Q1 | AA3: Q2 | AB3: Q3 | AC3: Q4 | AD3: Q1 | AE3: Q2 | AF3: Q3 | AG3: Q4 | AH3: Q1 | AI3: Q2 | AJ3: Q3 | AK3: Q4 | AL3: Q1 | AM3: Q2 | AN3: Q3 | AO3: Q4 | AP3: Q1 | AQ3: Q2 | AR3: Q3 | AS3: Q4 | AT3: Q1 | AU3: Q2 | AV3: Q3 | AW3: Q4
C4: Research | D4: Research hired | E4: =SUM(J4) -> 0.25 | F4: 400 | G4: =E4*F4 -> 100 | H4: 0.25 | I4: 0.25 | J4: 0.25 | K4: 0.25 | L4: 0.25 | M4: 0.25 | N4: 0.25 | O4: 0.25 | P4: 0.25 | Q4: 0.25 | R4: 0.25 | S4: 0.25 | T4: 0.25 | U4: 0.25 | V4: 0.25 | W4: 0.25 | X4: 0.25 | Y4: 0.25 | Z4: 0.25 | AA4: 0.25 | AB4: 0.25 | AC4: 0.25
D5: Web research | E5: =SUM(J5:AV5) -> 200 | F5: 15 | G5: =E5*F5 -> 3000 | H5: 10 | I5: 10 | J5: 10 | K5: 10 | L5: 10 | M5: 10 | N5: 10 | O5: 10 | P5: 10 | Q5: 10 | R5: 10 | S5: 10 | T5: 10 | U5: 10 | V5: 10 | W5: 10 | X5: 10 | Y5: 10 | Z5: 10 | AA5: 10 | AB5: 10 | AC5: 10
D6: Research publications purchased | E6: =SUM(J6:AV6) -> 100 | F6: 30 | G6: =E6*F6 -> 3000 | H6: 5 | I6: 5 | J6: 5 | K6: 5 | L6: 5 | M6: 5 | N6: 5 | O6: 5 | P6: 5 | Q6: 5 | R6: 5 | S6: 5 | T6: 5 | U6: 5 | V6: 5 | W6: 5 | X6: 5 | Y6: 5 | Z6: 5 | AA6: 5 | AB6: 5 | AC6: 5
D7: Research Costs Total | G7: =SUM(G4:G6) -> 6100
C8: Commnication | D8: Promotional brochures | E8: =SUM(J8:AV8) -> 40000 | F8: 2 | G8: =E8*F8 -> 80000 | H8: 2000 | I8: 2000 | J8: 2000 | K8: 2000 | L8: 2000 | M8: 2000 | N8: 2000 | O8: 2000 | P8: 2000 | Q8: 2000 | R8: 2000 | S8: 2000 | T8: 2000 | U8: 2000 | V8: 2000 | W8: 2000 | X8: 2000 | Y8: 2000 | Z8: 2000 | AA8: 2000 | AB8: 2000 | AC8: 2000
D9: Radio/Television | E9: =SUM(J9:AV9) -> 60 | F9: 3000 | G9: =E9*F9 -> 180000 | H9: 3 | I9: 3 | J9: 3 | K9: 3 | L9: 3 | M9: 3 | N9: 3 | O9: 3 | P9: 3 | Q9: 3 | R9: 3 | S9: 3 | T9: 3 | U9: 3 | V9: 3 | W9: 3 | X9: 3 | Y9: 3 | Z9: 3 | AA9: 3 | AB9: 3 | AC9: 3
D10: Web design/maintenance | E10: =SUM(J10:AV10) -> 20 | F10: 300 | G10: =E10*F10 -> 6000 | H10: 1 | I10: 1 | J10: 1 | K10: 1 | L10: 1 | M10: 1 | N10: 1 | O10: 1 | P10: 1 | Q10: 1 | R10: 1 | S10: 1 | T10: 1 | U10: 1 | V10: 1 | W10: 1 | X10: 1 | Y10: 1 | Z10: 1 | AA10: 1 | AB10: 1 | AC10: 1
D11: Communications Costs Total | G11: =SUM(G8:G10) -> 266000
C12: Networking | D12: Memberships/Affiliations | E12: =SUM(J12:AV12) -> 20 | F12: 1000 | G12: =E12*F12 -> 20000 | H12: 1 | I12: 1 | J12: 1 | K12: 1 | L12: 1 | M12: 1 | N12: 1 | O12: 1 | P12: 1 | Q12: 1 | R12: 1 | S12: 1 | T12: 1 | U12: 1 | V12: 1 | W12: 1 | X12: 1 | Y12: 1 | Z12: 1 | AA12: 1 | AB12: 1 | AC12: 1
D13: Events | E13: =SUM(J13:AV13) -> 20 | F13: 10000 | G13: =E13*F13 -> 200000 | H13: 1 | I13: 1 | J13: 1 | K13: 1 | L13: 1 | M13: 1 | N13: 1 | O13: 1 | P13: 1 | Q13: 1 | R13: 1 | S13: 1 | T13: 1 | U13: 1 | V13: 1 | W13: 1 | X13: 1 | Y13: 1 | Z13: 1 | AA13: 1 | AB13: 1 | AC13: 1
D14: Subscriptions | E14: =SUM(J14:AV14) -> 20 | F14: 200 | G14: =E14*F14 -> 4000 | H14: 1 | I14: 1 | J14: 1 | K14: 1 | L14: 1 | M14: 1 | N14: 1 | O14: 1 | P14: 1 | Q14: 1 | R14: 1 | S14: 1 | T14: 1 | U14: 1 | V14: 1 | W14: 1 | X14: 1 | Y14: 1 | Z14: 1 | AA14: 1 | AB14: 1 | AC14: 1
D15: Networking Costs Total | G15: =SUM(G12:G14) -> 224000
C16: Promotions | D16: Product giveaways | E16: =SUM(J16:AV16) -> 0 | F16: 300 | G16: =E16*F16 -> 0
D17: Product discounts | E17: =SUM(J17:AV17) -> 0 | F17: 15 | G17: =E17*F17 -> 0
D18: Special offers | E18: =SUM(J18:AV18) -> 0 | F18: 15 | G18: =E18*F18 -> 0
D19: Promotions Costs Total | G19: =SUM(G16:G18) -> 0
C20: Advertising | D20: Brochures (development/production) | E20: =SUM(J20:AV20) -> 40 | F20: 1000 | G20: =E20*F20 -> 40000 | H20: 2 | I20: 2 | J20: 2 | K20: 2 | L20: 2 | M20: 2 | N20: 2 | O20: 2 | P20: 2 | Q20: 2 | R20: 2 | S20: 2 | T20: 2 | U20: 2 | V20: 2 | W20: 2 | X20: 2 | Y20: 2 | Z20: 2 | AA20: 2 | AB20: 2 | AC20: 2
D21: Aquaries& sales machine | E21: =SUM(J21:AV21) -> 0 | F21: 50000 | G21: =E21*F21 -> 0
D22: Logos/Labels | E22: =SUM(J22:AV22) -> 480 | F22: 1000 | G22: =E22*F22 -> 480000 | H22: 24 | I22: 24 | J22: 24 | K22: 24 | L22: 24 | M22: 24 | N22: 24 | O22: 24 | P22: 24 | Q22: 24 | R22: 24 | S22: 24 | T22: 24 | U22: 24 | V22: 24 | W22: 24 | X22: 24 | Y22: 24 | Z22: 24 | AA22: 24 | AB22: 24 | AC22: 24
D23: Packaging | E23: =SUM(J23:AV23) -> 0 | F23: 3 | G23: =E23*F23 -> 0
D24: Mailings/Postcards | E24: =SUM(J24:AV24) -> 20000 | F24: 1 | G24: =E24*F24 -> 20000 | H24: 1000 | I24: 1000 | J24: 1000 | K24: 1000 | L24: 1000 | M24: 1000 | N24: 1000 | O24: 1000 | P24: 1000 | Q24: 1000 | R24: 1000 | S24: 1000 | T24: 1000 | U24: 1000 | V24: 1000 | W24: 1000 | X24: 1000 | Y24: 1000 | Z24: 1000 | AA24: 1000 | AB24: 1000 | AC24: 1000
D25: Radio/Television | E25: =SUM(J25:AV25) -> 100 | F25: 500 | G25: =E25*F25 -> 50000 | H25: 5 | I25: 5 | J25: 5 | K25: 5 | L25: 5 | M25: 5 | N25: 5 | O25: 5 | P25: 5 | Q25: 5 | R25: 5 | S25: 5 | T25: 5 | U25: 5 | V25: 5 | W25: 5 | X25: 5 | Y25: 5 | Z25: 5 | AA25: 5 | AB25: 5 | AC25: 5
D26: Newspapers | E26: =SUM(J26:AV26) -> 20 | F26: 500 | G26: =E26*F26 -> 10000 | H26: 1 | I26: 1 | J26: 1 | K26: 1 | L26: 1 | M26: 1 | N26: 1 | O26: 1 | P26: 1 | Q26: 1 | R26: 1 | S26: 1 | T26: 1 | U26: 1 | V26: 1 | W26: 1 | X26: 1 | Y26: 1 | Z26: 1 | AA26: 1 | AB26: 1 | AC26: 1
D27: Advertising Costs Total | G27: =SUM(G20:G26) -> 600000 | H27: 1 | I27: 1 | J27: 1 | K27: 1 | L27: 1 | M27: 1 | N27: 1 | O27: 1 | P27: 1 | Q27: 1 | R27: 1 | S27: 1 | T27: 1 | U27: 1 | V27: 1 | W27: 1 | X27: 1 | Y27: 1 | Z27: 1 | AA27: 1 | AB27: 1 | AC27: 1
C28: Public Relations | D28: Charity events | E28: =SUM(J28:AV28) -> 20 | F28: 10000 | G28: =E28*F28 -> 200000 | H28: 1 | I28: 1 | J28: 1 | K28: 1 | L28: 1 | M28: 1 | N28: 1 | O28: 1 | P28: 1 | Q28: 1 | R28: 1 | S28: 1 | T28: 1 | U28: 1 | V28: 1 | W28: 1 | X28: 1 | Y28: 1 | Z28: 1 | AA28: 1 | AB28: 1 | AC28: 1
D29: Sponsorships | E29: =SUM(J29:AV29) -> 0 | F29: 25000 | G29: =E29*F29 -> 0
D30: Public Relations Costs Total | G30: =SUM(G28:G29) -> 200000
C31: Distribution | D31: Shipping | E31: =SUM(J31:AV31) -> 200000 | F31: 3 | G31: =E31*F31 -> 600000 | H31: 10000 | I31: 10000 | J31: 10000 | K31: 10000 | L31: 10000 | M31: 10000 | N31: 10000 | O31: 10000 | P31: 10000 | Q31: 10000 | R31: 10000 | S31: 10000 | T31: 10000 | U31: 10000 | V31: 10000 | W31: 10000 | X31: 10000 | Y31: 10000 | Z31: 10000 | AA31: 10000 | AB31: 10000 | AC31: 10000
D32: Storage | E32: =SUM(J32:AV32) -> 200000 | F32: 3 | G32: =E32*F32 -> 600000 | H32: 10000 | I32: 10000 | J32: 10000 | K32: 10000 | L32: 10000 | M32: 10000 | N32: 10000 | O32: 10000 | P32: 10000 | Q32: 10000 | R32: 10000 | S32: 10000 | T32: 10000 | U32: 10000 | V32: 10000 | W32: 10000 | X32: 10000 | Y32: 10000 | Z32: 10000 | AA32: 10000 | AB32: 10000 | AC32: 10000
D33: Distribution Costs Total | G33: =SUM(G31:G32) -> 1200000
C34: Marketing Total
D35: SUBTOTAL w/o VAT | G35: =SUM(J35:AV35) -> 2498000 | H35: =SUMPRODUCT($F4:$F34,H4:H34) -> 124900 | I35: =SUMPRODUCT($F4:$F34,I4:I34) -> 124900 | J35: =SUMPRODUCT($F4:$F34,J4:J34) -> 124900 | K35: =SUMPRODUCT($F4:$F34,K4:K34) -> 124900 | L35: =SUMPRODUCT($F4:$F34,L4:L34) -> 124900 | M35: =SUMPRODUCT($F4:$F34,M4:M34) -> 124900 | N35: =SUMPRODUCT($F4:$F34,N4:N34) -> 124900 | O35: =SUMPRODUCT($F4:$F34,O4:O34) -> 124900 | ... AW35: =SUMPRODUCT($F4:$F34,AW4:AW34) -> 0 | AX35: 0 | AY35: 0 | AZ35: 0 | BA35: 0 | BB35: 0 | BC35: 0 | BD35: 0 | BE35: 0 | BF35: 0 | BG35: 0 | BH35: 0 | BI35: 0 | BJ35: 0 | BK35: 0 | BL35: 0 | BM35: 0 | BN35: 0 | BO35: 0 | BP35: 0 | BQ35: 0

Sheet EQUITY Ammount
B2: DETAILED EQUITY
B3: Quarterly EQUITY | C3: Preparatory phase | D3: FY1 | H3: FY2 | L3: FY3 | P3: FY4 | T3: FY5 | X3: FY6 | AB3: FY7 | AF3: FY8 | AJ3: FY9 | AN3: FY10
D4: Q1 | E4: Q2 | F4: Q3 | G4: Q4 | H4: Q1 | I4: Q2 | J4: Q3 | K4: Q4 | L4: Q1 | M4: Q2 | N4: Q3 | O4: Q4 | P4: Q1 | Q4: Q2 | R4: Q3 | S4: Q4 | T4: Q1 | U4: Q2 | V4: Q3 | W4: Q4 | X4: Q1 | Y4: Q2 | Z4: Q3 | AA4: Q4 | AB4: Q1 | AC4: Q2 | AD4: Q3 | AE4: Q4 | AF4: Q1 | AG4: Q2 | AH4: Q3 | AI4: Q4 | AJ4: Q1 | AK4: Q2 | AL4: Q3 | AM4: Q4 | AN4: Q1 | AO4: Q2 | AP4: Q3 | AQ4: Q4
B5: Q Capex | C5: ='CAPEX Drivers'!F14 -> 539499.18 | D5: ='CAPEX Drivers'!G14 -> 269237.64 | E5: ='CAPEX Drivers'!H14 -> 101613.86 | F5: ='CAPEX Drivers'!I14 -> 56215.895 | G5: ='CAPEX Drivers'!J14 -> 56215.895 | H5: ='CAPEX Drivers'!K14 -> 28107.948 | I5: ='CAPEX Drivers'!L14 -> 28107.948 | J5: ='CAPEX Drivers'!M14 -> 0 | ... AQ5: ='CAPEX Drivers'!AT14 -> 0
B6: Q Opex | C6: =SUM(D6) -> 333779.92 | D6: ='OPEX Drivers'!H36 -> 333779.92 | E6: ='OPEX Drivers'!I36 -> 150407.5 | F6: ='OPEX Drivers'!J36 -> 150407.5 | G6: ='OPEX Drivers'!K36 -> 163408.29 | H6: ='OPEX Drivers'!L36 -> 333279.92 | I6: ='OPEX Drivers'!M36 -> 150407.5 | J6: ='OPEX Drivers'!N36 -> 150407.5 | K6: ='OPEX Drivers'!O36 -> 163408.29 | ... AQ6: ='OPEX Drivers'!AU36 -> 38908.293
B7: Q Sales | D7: =Sales!F4 -> 1258308.5 | E7: =Sales!G4 -> 8000 | F7: =Sales!H4 -> 8000 | G7: =Sales!I4 -> 8000 | H7: =Sales!J4 -> 1283314.7 | I7: =Sales!K4 -> 8000 | J7: =Sales!L4 -> 8000 | K7: =Sales!M4 -> 8000 | ... AQ7: =Sales!AS4 -> 8000
B8: Q Gross Profit | D8: =+D7-(D5+D6) -> 655290.96 | E8: =D8+E7-(E5+E6) -> 411269.6 | F8: =E8+F7-(F5+F6) -> 212646.21 | G8: =F8+G7-(G5+G6) -> 1022.02 | H8: =G8+H7-(H5+H6) -> 922948.84 | I8: =H8+I7-(I5+I6) -> 752433.4 | J8: =I8+J7-(J5+J6) -> 610025.9 | K8: =J8+K7-(K5+K6) -> 454617.6 | L8: =K8+L7-(L5+L6) -> 1430158.7 | ... AQ8: =AP8+AQ7-(AQ5+AQ6) -> 7990298.2
B10: Yearly Gross Profit | G10: =SUM(D8:G8) -> 1280228.8 | K10: =SUM(H8:K8) -> 2740025.7 | O10: =SUM(L8:O8) -> 4852788.9 | S10: =SUM(P8:S8) -> 7096525.7 | W10: =SUM(T8:W8) -> 9446409.4 | AA10: =SUM(X8:AA8) -> 13153563 | AE10: =SUM(AB8:AE8) -> 17720552 | AI10: =SUM(AF8:AI8) -> 22400185 | AM10: =SUM(AJ8:AM8) -> 27194715 | AQ10: =SUM(AN8:AQ8) -> 32106440
B11: Q Gross Profit | D11: =D7-(D5+D6) -> 655290.96 | E11: =E7-(E5+E6) -> -244021.36 | F11: =F7-(F5+F6) -> -198623.4 | G11: =G7-(G5+G6) -> -211624.19 | H11: =H7-(H5+H6) -> 921926.82 | I11: =I7-(I5+I6) -> -170515.45 | J11: =J7-(J5+J6) -> -142407.5 | K11: =K7-(K5+K6) -> -155408.29 | ... AQ11: =AQ7-(AQ5+AQ6) -> -30908.293
B12: Cumulative | D12: =D11 -> 655290.96 | E12: =D12+E11 -> 411269.6 | F12: =E12+F11 -> 212646.21 | G12: =F12+G11 -> 1022.02 | H12: =G12+H11 -> 922948.84 | I12: =H12+I11 -> 752433.4 | J12: =I12+J11 -> 610025.9 | K12: =J12+K11 -> 454617.6 | L12: =K12+L11 -> 1430158.7 | ... AQ12: =AP12+AQ11 -> 7990298.2
L14: move right | P14: Break-even
D15: Capex Equity | E15: =C5 -> 539499.18
D16: Opex Equity | E16: =C6 -> 333779.92
E18: =SUM(E15:E17) -> 873279.1

Sheet Cash Flow
B2: Cash Flow Projections | BP2: =+B2 -> Cash Flow Projections
C3: Quarterly | BQ3: Annual
E4: FY 1 | I4: FY 2 | M4: FY 3 | Q4: FY 4 | U4: FY 5 | Y4: FY 6 | AC4: FY 7 | AG4: FY 8 | AK4: FY 9 | AO4: FY 10 | AT4: FY 11 | AX4: FY 12 | BB4: F13 | BF4: F14 | BJ4: F15 | BS4: ='Income Statement'!BQ4 -> FY 1 | BT4: ='Income Statement'!BR4 -> FY 2 | BU4: ='Income Statement'!BS4 -> FY 3 | BV4: ='Income Statement'!BT4 -> FY 4 | BW4: ='Income Statement'!BU4 -> FY 5 | BX4: ='Income Statement'!BV4 -> FY6 | BY4: ='Income Statement'!BW4 -> FY7 | BZ4: ='Income Statement'!BX4 -> FY8 | ... CG4: ='Income Statement'!CE4 -> FY15
E5: Q1 FY1 | F5: Q2 FY1 | G5: Q3 FY1 | H5: Q4 FY1 | I5: Q1 FY2 | J5: Q2 FY2 | K5: Q3 FY2 | L5: Q4 FY2 | M5: Q1 FY3 | N5: Q2 FY3 | O5: Q3 FY3 | P5: Q4 FY3 | Q5: Q1 FY4 | R5: Q2 FY4 | S5: Q3 FY4 | T5: Q4 FY4 | U5: Q1 FY5 | V5: Q2 FY5 | W5: Q3 FY5 | X5: Q4 FY5 | Y5: Q1 FY6 | Z5: Q2 FY6 | AA5: Q3 FY6 | AB5: Q4 FY6 | AC5: Q1 FY7 | AD5: Q2 FY7 | AE5: Q3 FY7 | AF5: Q4 FY7 | AG5: Q1 FY8 | AH5: Q2 FY8 | AI5: Q3 FY8 | AJ5: Q4 FY8 | AK5: Q1 FY9 | AL5: Q2 FY9 | AM5: Q3 FY9 | AN5: Q4 FY9 | AO5: Q1 FY10 | AP5: Q2 FY10 | AQ5: Q3 FY10 | AR5: Q4 FY10 | AT5: Q1 FY11 | AU5: Q2 FY11 | AV5: Q3 FY11 | AW5: Q4 FY11 | AX5: Q1 FY12 | AY5: Q2 FY12 | AZ5: Q3 FY12 | BA5: Q4 FY12 | BB5: Q1 FY13 | BC5: Q2 FY13 | BD5: Q3 FY13 | BE5: Q4FY13 | BF5: Q1 FY14 | BG5: Q2 FY14 | BH5: Q3 FY14 | BI5: Q4 FY14 | BJ5: Q1 FY15 | BK5: Q2 FY15 | BL5: Q3 FY15 | BM5: Q4 FY15
B7: CASH FLOW FROM OPERATIONS | BP7: CASH FLOW FROM OPERATIONS
C8: Net Income (Loss) | E8: ='Income Statement'!E34 -> 755352.3 | F8: ='Income Statement'!F34 -> -165477 | G8: ='Income Statement'!G34 -> -166177 | H8: ='Income Statement'!H34 -> -186447 | I8: ='Income Statement'!I34 -> 850102.34 | J8: ='Income Statement'!J34 -> -171984.7 | K8: ='Income Statement'!K34 -> -171984.7 | L8: ='Income Statement'!L34 -> -193111.7 | ... BM8: ='Income Statement'!BM34 -> 0 | BQ8: =+C8 -> Net Income (Loss) | BS8: =SUM(E8:H8) -> 237251.3 | BT8: =SUM(I8:L8) -> 313021.24 | BU8: =SUM(M8:P8) -> 375814.5 | BV8: =SUM(Q8:T8) -> 374191.65 | BW8: =SUM(U8:X8) -> 370340.63 | BX8: =SUM(Y8:AB8) -> 863574.4 | BY8: =SUM(AC8:AF8) -> 854398.52 | BZ8: =SUM(AG8:AJ8) -> 842108.31 | CA8: =SUM(AK8:AN8) -> 826325.86 | CB8: =SUM(AO8:AR8) -> 806676.7 | CC8: =SUM(AP8:AS8) -> 816859.39 | CD8: =SUM(AQ8:AT8) -> 806702.06 | CE8: =SUM(AR8:AU8) -> 796544.73 | CF8: =SUM(AS8:AV8) -> 782716.07 | CG8: =SUM(AT8:AW8) -> 791522.6
C9: Change in Working Capital | E9: =('Balance Sheet'!D10-'Balance Sheet'!E10)+('Balance Sheet'!E26-'Balance Sheet'!D26) -> 0 | F9: =('Balance Sheet'!E10-'Balance Sheet'!F10)+('Balance Sheet'!F26-'Balance Sheet'!E26) -> 0 | G9: =('Balance Sheet'!F10-'Balance Sheet'!G10)+('Balance Sheet'!G26-'Balance Sheet'!F26) -> 0 | H9: =('Balance Sheet'!G10-'Balance Sheet'!H10)+('Balance Sheet'!H26-'Balance Sheet'!G26) -> 0 | I9: =('Balance Sheet'!H10-'Balance Sheet'!I10)+('Balance Sheet'!I26-'Balance Sheet'!H26) -> 0 | J9: =('Balance Sheet'!I10-'Balance Sheet'!J10)+('Balance Sheet'!J26-'Balance Sheet'!I26) -> 0 | K9: =('Balance Sheet'!J10-'Balance Sheet'!K10)+('Balance Sheet'!K26-'Balance Sheet'!J26) -> 0 | L9: =('Balance Sheet'!K10-'Balance Sheet'!L10)+('Balance Sheet'!L26-'Balance Sheet'!K26) -> 0 | ... BM9: =('Balance Sheet'!BL10-'Balance Sheet'!BM10)+('Balance Sheet'!BM26-'Balance Sheet'!BL26) -> 0 | BQ9: =+C9 -> Change in Working Capital | BS9: =SUM(E9:H9) -> 0 | BT9: =SUM(I9:L9) -> 0 | BU9: =SUM(M9:P9) -> 0 | BV9: =SUM(Q9:T9) -> 0 | BW9: =SUM(U9:X9) -> 0 | BX9: =SUM(Y9:AB9) -> 0 | BY9: =SUM(AC9:AF9) -> 0 | BZ9: =SUM(AG9:AJ9) -> 0 | CA9: =SUM(AK9:AN9) -> 0 | CB9: =SUM(AO9:AR9) -> 0 | CC9: =SUM(AP9:AS9) -> 0 | CD9: =SUM(AQ9:AT9) -> 0 | CE9: =SUM(AR9:AU9) -> 0 | CF9: =SUM(AS9:AV9) -> 0 | CG9: =SUM(AT9:AW9) -> 0
C10: Plus Depreciation | E10: =+'Income Statement'!E24 -> 3400 | F10: =+'Income Statement'!F24 -> 4700 | G10: =+'Income Statement'!G24 -> 5400 | H10: =+'Income Statement'!H24 -> 6100 | I10: =+'Income Statement'!I24 -> 6500 | J10: =+'Income Statement'!J24 -> 6900 | K10: =+'Income Statement'!K24 -> 6900 | L10: =+'Income Statement'!L24 -> 6900 | ... BM10: =+'Income Statement'!BM24 -> 0 | BQ10: =+C10 -> Plus Depreciation | BS10: =SUM(E10:H10) -> 19600 | BT10: =SUM(I10:L10) -> 27200 | BU10: =SUM(M10:P10) -> 27600 | BV10: =SUM(Q10:T10) -> 27600 | BW10: =SUM(U10:X10) -> 27600 | BX10: =SUM(Y10:AB10) -> 27600 | BY10: =SUM(AC10:AF10) -> 27600 | BZ10: =+'Income Statement'!BX24 -> 27600 | CA10: =+'Income Statement'!BY24 -> 27600 | CB10: =+'Income Statement'!BZ24 -> 27600 | CC10: =+'Income Statement'!CA24 -> 27600 | CD10: =+'Income Statement'!CB24 -> 27600 | CE10: =+'Income Statement'!CC24 -> 27600 | CF10: =+'Income Statement'!CD24 -> 27600 | CG10: =+'Income Statement'!CE24 -> 27600
C11: Plus Amortization | E11: =+'Income Statement'!E25 -> 0 | F11: =+'Income Statement'!F25 -> 0 | G11: =+'Income Statement'!G25 -> 0 | H11: =+'Income Statement'!H25 -> 0 | I11: =+'Income Statement'!I25 -> 0 | J11: =+'Income Statement'!J25 -> 0 | K11: =+'Income Statement'!K25 -> 0 | L11: =+'Income Statement'!L25 -> 0 | ... Q11: =+'Income Statement'!Q25 -> 0 | R11: =+'Income Statement'!BH25 -> 0 | S11: =+'Income Statement'!BM25 -> 0 | T11: =+'Income Statement'!BN25 -> 0 | U11: =+'Income Statement'!U25 -> 0 | V11: =+'Income Statement'!BP25 -> 0 | W11: =+'Income Statement'!BQ25 -> 0 | X11: =+'Income Statement'!BR25 -> 0 | Y11: =+'Income Statement'!Y25 -> 0 | Z11: =+'Income Statement'!BT25 -> 0 | AA11: =+'Income Statement'!BU25 -> 0 | AB11: =+'Income Statement'!BV25 -> 0 | AC11: =+'Income Statement'!AC25 -> 0 | AD11: =+'Income Statement'!BX25 -> 0 | AE11: =+'Income Statement'!BY25 -> 0 | AF11: =+'Income Statement'!BZ25 -> 0 | AG11: =+'Income Statement'!AG25 -> 0 | AH11: =+'Income Statement'!CB25 -> 0 | AI11: =+'Income Statement'!CC25 -> 0 | AJ11: =+'Income Statement'!CD25 -> 0 | AK11: =+'Income Statement'!AK25 -> 0 | AL11: =+'Income Statement'!CF25 -> 0 | AM11: =+'Income Statement'!CG25 -> 0 | AN11: =+'Income Statement'!CH25 -> 0 | AO11: =+'Income Statement'!AO25 -> 0 | AP11: =+'Income Statement'!CJ25 -> 0 | AQ11: =+'Income Statement'!CK25 -> 0 | AR11: =+'Income Statement'!CL25 -> 0 | AS11: =+'Income Statement'!CM25 -> 0 | AT11: =+'Income Statement'!CN25 -> 0 | AU11: =+'Income Statement'!CO25 -> 0 | AV11: =+'Income Statement'!CP25 -> 0 | AW11: =+'Income Statement'!CQ25 -> 0 | ... BM11: =+'Income Statement'!DG25 -> 0 | BQ11: =+C11 -> Plus Amortization | BS11: =SUM(E11:H11) -> 0 | BT11: =SUM(I11:L11) -> 0 | BU11: =SUM(M11:P11) -> 0 | BV11: =+'Income Statement'!BT25 -> 0 | BW11: =+'Income Statement'!BU25 -> 0 | BX11: =+'Income Statement'!BV25 -> 0 | BY11: =+'Income Statement'!BW25 -> 0 | BZ11: =+'Income Statement'!BX25 -> 0 | CA11: =+'Income Statement'!BY25 -> 0 | CB11: =+'Income Statement'!BZ25 -> 0 | CC11: =+'Income Statement'!CA25 -> 0 | ... CG11: =+'Income Statement'!CE25 -> 0
C12: Plus Preliminary exp written off | E12: =+'Income Statement'!E26 -> 0 | F12: =+'Income Statement'!F26 -> 0 | G12: =+'Income Statement'!G26 -> 0 | H12: =+'Income Statement'!H26 -> 0 | I12: =+'Income Statement'!I26 -> 0 | J12: =+'Income Statement'!J26 -> 0 | K12: =+'Income Statement'!K26 -> 0 | L12: =+'Income Statement'!L26 -> 0 | ... Q12: =+'Income Statement'!Q26 -> 0 | R12: =+'Income Statement'!BH26 -> 0 | S12: =+'Income Statement'!BM26 -> 0 | T12: =+'Income Statement'!BN26 -> 0 | U12: =+'Income Statement'!U26 -> 0 | V12: =+'Income Statement'!BP26 -> 0 | W12: =+'Income Statement'!BQ26 -> 0 | X12: =+'Income Statement'!BR26 -> 0 | Y12: =+'Income Statement'!Y26 -> 0 | Z12: =+'Income Statement'!BT26 -> 0 | AA12: =+'Income Statement'!BU26 -> 0 | AB12: =+'Income Statement'!BV26 -> 0 | AC12: =+'Income Statement'!AC26 -> 0 | AD12: =+'Income Statement'!BX26 -> 0 | AE12: =+'Income Statement'!BY26 -> 0 | AF12: =+'Income Statement'!BZ26 -> 0 | AG12: =+'Income Statement'!AG26 -> 0 | AH12: =+'Income Statement'!CB26 -> 0 | AI12: =+'Income Statement'!CC26 -> 0 | AJ12: =+'Income Statement'!CD26 -> 0 | AK12: =+'Income Statement'!AK26 -> 0 | AL12: =+'Income Statement'!CF26 -> 0 | AM12: =+'Income Statement'!CG26 -> 0 | AN12: =+'Income Statement'!CH26 -> 0 | AO12: =+'Income Statement'!AO26 -> 0 | AP12: =+'Income Statement'!CJ26 -> 0 | AQ12: =+'Income Statement'!CK26 -> 0 | AR12: =+'Income Statement'!CL26 -> 0 | AS12: =+'Income Statement'!CM26 -> 0 | AT12: =+'Income Statement'!CN26 -> 0 | AU12: =+'Income Statement'!CO26 -> 0 | AV12: =+'Income Statement'!CP26 -> 0 | AW12: =+'Income Statement'!CQ26 -> 0 | ... BM12: =+'Income Statement'!DG26 -> 0 | BQ12: =+C12 -> Plus Preliminary exp written off | BS12: =SUM(E12:H12) -> 0 | BT12: =SUM(I12:L12) -> 0 | BU12: =SUM(M12:P12) -> 0 | BV12: =+'Income Statement'!BT26 -> 0 | BW12: =+'Income Statement'!BU26 -> 0 | BX12: =+'Income Statement'!BV26 -> 0 | BY12: =+'Income Statement'!BW26 -> 0 | BZ12: =+'Income Statement'!BX26 -> 0 | CA12: =+'Income Statement'!BY26 -> 0 | CB12: =+'Income Statement'!BZ26 -> 0 | CC12: =+'Income Statement'!CA26 -> 0 | ... CG12: =+'Income Statement'!CE26 -> 0
C13: Net Cash Flow from Operations | E13: =SUM(E8:E12) -> 758752.3 | F13: =SUM(F8:F12) -> -160777 | G13: =SUM(G8:G12) -> -160777 | H13: =SUM(H8:H12) -> -180347 | I13: =SUM(I8:I12) -> 856602.34 | J13: =SUM(J8:J12) -> -165084.7 | K13: =SUM(K8:K12) -> -165084.7 | L13: =SUM(L8:L12) -> -186211.7 | ... BM13: =SUM(BM8:BM12) -> 0 | BQ13: Net Cash Flow from Operations | BS13: =SUM(BS8:BS12) -> 256851.3 | BT13: =SUM(BT8:BT12) -> 340221.24 | BU13: =SUM(BU8:BU12) -> 403414.5 | BV13: =SUM(BV8:BV12) -> 401791.65 | BW13: =SUM(BW8:BW12) -> 397940.63 | BX13: =SUM(BX8:BX12) -> 891174.4 | BY13: =SUM(BY8:BY12) -> 881998.52 | BZ13: =SUM(BZ8:BZ12) -> 869708.31 | ... CG13: =SUM(CG8:CG12) -> 819122.6
B15: CASH FLOW FROM INVESTMENTS | BP15: CASH FLOW FROM INVESTMENTS
C16: Fixed Assets | E16: =-'Base Capex Dep'!F33 -> -269237.64 | F16: =-'Base Capex Dep'!G33 -> -101613.86 | G16: =-'Base Capex Dep'!H33 -> -56215.895 | H16: =-'Base Capex Dep'!I33 -> -56215.895 | I16: =-'Base Capex Dep'!J33 -> -28107.948 | J16: =-'Base Capex Dep'!K33 -> -28107.948 | K16: =-'Base Capex Dep'!L33 -> 0 | L16: =-'Base Capex Dep'!M33 -> 0 | ... BM16: =-'Base Capex Dep'!BN33 -> 0 | BQ16: =+C16 -> Fixed Assets | BS16: =SUM(E16:H16) -> -483283.29 | BT16: =SUM(I16:L16) -> -56215.895 | BU16: =SUM(M16:P16) -> 0 | BV16: =-'Base Capex Dep'!G9 -> 0 | BW16: =-'Base Capex Dep'!H9 -> 0 | BX16: =-'Base Capex Dep'!I9 -> 0 | BY16: =-'Base Capex Dep'!J9 -> 0 | BZ16: =-'Base Capex Dep'!K9 -> 0 | CA16: =-'Base Capex Dep'!L9 -> 0 | CB16: =-'Base Capex Dep'!M8 -> 0 | CC16: =-'Base Capex Dep'!N8 -> 0 | CD16: =-'Base Capex Dep'!O8 -> 0 | CE16: =-'Base Capex Dep'!P8 -> 0 | CF16: =-'Base Capex Dep'!Q8 -> 0 | CG16: =-'Base Capex Dep'!R8 -> 0
C17: Intangible Assets | E17: =-'Base Capex Dep'!F34 -> 0 | F17: =-'Base Capex Dep'!G34 -> 0 | G17: =-'Base Capex Dep'!H34 -> 0 | H17: =-'Base Capex Dep'!I34 -> 0 | I17: =-'Base Capex Dep'!J34 -> 0 | J17: =-'Base Capex Dep'!K34 -> 0 | K17: =-'Base Capex Dep'!L34 -> 0 | L17: =-'Base Capex Dep'!M34 -> 0 | ... BM17: =-'Base Capex Dep'!BN34 -> 0 | BQ17: =+C17 -> Intangible Assets | BS17: =SUM(E17:H17) -> 0 | BT17: =SUM(I17:L17) -> 0 | BU17: =SUM(M17:P17) -> 0 | BV17: =-'Base Capex Dep'!G10 -> 0 | BW17: =-'Base Capex Dep'!H10 -> 0 | BX17: =-'Base Capex Dep'!I10 -> 0 | BY17: =-'Base Capex Dep'!BF34 -> 0 | BZ17: =-'Base Capex Dep'!BG34 -> 0 | CA17: =-'Base Capex Dep'!BH34 -> 0 | CB17: =-'Base Capex Dep'!BI34 -> 0 | CC17: =-'Base Capex Dep'!BJ34 -> 0 | CD17: =-'Base Capex Dep'!BK34 -> 0 | CE17: =-'Base Capex Dep'!BL34 -> 0 | CF17: =-'Base Capex Dep'!BM34 -> 0 | CG17: =-'Base Capex Dep'!BN34 -> 0
C18: Net Cash Flow from Investments | E18: =SUM(E16:E17) -> -269237.64 | F18: =SUM(F16:F17) -> -101613.86 | G18: =SUM(G16:G17) -> -56215.895 | H18: =SUM(H16:H17) -> -56215.895 | I18: =SUM(I16:I17) -> -28107.948 | J18: =SUM(J16:J17) -> -28107.948 | K18: =SUM(K16:K17) -> 0 | L18: =SUM(L16:L17) -> 0 | ... BM18: =SUM(BM16:BM17) -> 0 | BQ18: Net Cash Flow from Investments | BS18: =SUM(BS16:BS17) -> -483283.29 | BT18: =SUM(BT16:BT17) -> -56215.895 | BU18: =SUM(BU16:BU17) -> 0 | BV18: =SUM(BV16:BV17) -> 0 | BW18: =SUM(BW16:BW17) -> 0 | BX18: =SUM(BX16:BX17) -> 0 | BY18: =SUM(BY16:BY17) -> 0 | BZ18: =SUM(BZ16:BZ17) -> 0 | ... CG18: =SUM(CG16:CG17) -> 0
B20: CASH FLOW FROM FINANCING | BP20: CASH FLOW FROM FINANCING
